Workbook
Name leer: '[1]تفصيل المصروفات (3)'!$A$2:$A$6
Name leer: '[1]تفصيل المصروفات (3)'!$A$2:$A$6
Name المصروفات_حسب_الأبواب_والأقسام_والبنود: #REF!
Name المصروفات_حسب_الأبواب_والأقسام_والبنود: #REF!
Name المصروفات_حسب_الأبواب_والأقسام_والبنود: #REF!
Name المصروفات_حسب_الأبواب_والأقسام_والبنود: #REF!
Name المصروفات_حسب_الأبواب_والأقسام_والبنود: #REF!
Name المصروفات_حسب_الأبواب_والأقسام_والبنود: #REF!
Name المصروفات_حسب_الأبواب_والأقسام_والبنود: #REF!

Sheet Meta3
A1: 3- الإيرادات والمصروفات مصنفة حسب الوزارات والجهات الحكومية
A3: Government Agency Name | B3: Code | C3: Actual | D3: Revenue Budget | E3: % Spent | F3: Actual | G3: Recurrent Budget | H3: % Spent | I3: Actual | J3: Project Budget | K3: % Spent
A4: The Court of H.R.H The Prime Minister-11 | B4: 11 | C4: 0 | D4: 0 | E4: 0 | F4: 19222655 | G4: 19342000 | H4: 0.9938
A5: Ministry of Defence-12 | B5: 12 | F5: 521881353 | G5: 494450000 | H5: 1.0555
A6: Ministry of Interior-13 | B6: 13 | C6: 50947295 | D6: 40700000 | E6: 1.2518 | F6: 357208194 | G6: 355500000 | H6: 1.0048 | I6: 21997018 | J6: 22000000 | K6: 0.9999
A7: National Security Agency-14 | B7: 14 | F7: 34842000 | G7: 34842000 | H7: 1
A8: Legislation & Legal Opinion Com-15 | B8: 15 | C8: 3546 | D8: 5000 | E8: 0.7091 | F8: 2530528 | G8: 2530529 | H8: 1
A9: Min. of Foreign Affairs-16 | B9: 16 | C9: 1603334 | D9: 2055000 | E9: 0.7802 | F9: 30567635 | G9: 30569641 | H9: 0.9999 | I9: 5671647 | J9: 7055405 | K9: 0.8039
A10: Deputy of H.R.H The PM-17 | B10: 17 | F10: 878289 | G10: 950000 | H10: 0.9245 | I10: 60000 | J10: 60000 | K10: 1
A11: Min. of Justice & Islamic Aff & Awqaf (Justice Aff)-18 | B11: 18 | C11: 15126414 | D11: 10846000 | E11: 1.3947 | F11: 12169486 | G11: 11067765 | H11: 1.0995 | I11: 401395 | J11: 1565500 | K11: 0.2564
A12: Supreme Council for Oil
A13: Ministry of Information-20 (Old) | B13: 20
A14: Min. of Education-21 | B14: 21 | C14: 843390 | D14: 900000 | E14: 0.9371 | F14: 334558748 | G14: 327143231 | H14: 1.0227 | I14: 5271730 | J14: 10380801 | K14: 0.5078
A15: Ministry of Health-22 | B15: 22 | C15: 43249123 | D15: 33570000 | E15: 1.2883 | F15: 261116093 | G15: 262354534 | H15: 0.9953 | I15: 10487893 | J15: 10487893 | K15: 1
A16: Min. of Works, Mun Aff & Urb Plg -23 (Mun Aff&Urb Plg) | B16: 23 | C16: 3321517 | D16: 335000 | E16: 9.915 | F16: 10756348 | G16: 11974408 | H16: 0.8983 | I16: 11601891 | J16: 17678608 | K16: 0.6563
A17: Min. of Labour -24 | B17: 24 | C17: 10411 | D17: 74000 | E17: 0.1407 | F17: 6034407 | G17: 6034399 | H17: 1 | I17: 95560 | J17: 193666 | K17: 0.4934
A18: Min. of Muncipalities & Agriculture Aff. (Muncipalities Affairs)
A19: General Organization for Youth&Sport-26 | B19: 26 | C19: 51279 | D19: 17000 | E19: 3.0164 | F19: 12183012 | G19: 12369000 | H19: 0.985 | I19: 5298704 | J19: 5298704 | K19: 1
A20: Environmental Affairs ( Old )
A21: Rashed Club for Equestrian & Horse Racing-28 | B21: 28 | F21: 1831514 | G21: 1876000 | H21: 0.9763 | I21: 21478 | J21: 35408 | K21: 0.6066
A22: Min. of Social Development-29 | B22: 29 | C22: 3530 | D22: 5000 | E22: 0.706 | F22: 10691886 | G22: 11605403 | H22: 0.9213 | I22: 800656 | J22: 1348397 | K22: 0.5938
A23: Deputy of H.R.H The PM-30 | B23: 30 | F23: 1009362 | G23: 1009363 | H23: 1
A24: Advisor to H.R.H The PM for Economic Aff-31 | B24: 31 | F24: 283710 | G24: 283710 | H24: 1
A25: Min. of Follow-up Affairs-32 | B25: 32 | F25: 547707 | G25: 547707 | H25: 1
A26: Advisor to H.R.H PM-33 | B26: 33
A27: Min of Industry & Commerce-34 | B27: 34 | C27: 21332657 | D27: 20062000 | E27: 1.0633 | F27: 11611016 | G27: 12835000 | H27: 0.9046 | I27: 4603811 | J27: 4810000 | K27: 0.9571
A28: Advisor to H.R.H PM for Security Aff-35 | B28: 35
A29: Ministry of Housing-36 | B29: 36 | C29: 73874 | D29: 35000 | E29: 2.1107 | F29: 5113629 | G29: 5113630 | H29: 1 | I29: 143004455 | J29: 157738569 | K29: 0.9066
A30: Advisor to H.R.H The PM for Industrial & Oil Aff-37 | B30: 37 | F30: 39932 | G30: 142000 | H30: 0.2812
A31: Advisor to H.R.H The PM-38 | B31: 38 | F31: 170354 | G31: 176000 | H31: 0.9679
A32: Ministry of State-39 | B32: 39
A33: Min. of Energy-40 | B33: 40 | F33: 232160 | G33: 271000 | H33: 0.8567
A34: The Supreme Council for the Environment-41 | B34: 41 | C34: 280042 | D34: 273000 | E34: 1.0258 | F34: 5929430 | G34: 6542000 | H34: 0.9064 | I34: 195681 | J34: 1000000 | K34: 0.1957
A35: Bahrain Royal Flight ( Old )
A36: Mohammed bin Khalifa Al Khalifa Cardiac Center-43 | B36: 43 | F36: 15465000 | G36: 15465000 | H36: 1
A37: Deputy of H.R.H The PM-44 | B37: 44 | F37: 790747 | G37: 1060000 | H37: 0.746
A38: Min.Of Housing -Old | B38: Old
A39: Min. of Works, Mun Aff & Urb Plg -46 (Works Aff) | B39: 46 | C39: 2364940 | D39: 267000 | E39: 8.8575 | F39: 45201215 | G39: 45456010 | H39: 0.9944 | I39: 62029663 | J39: 108762065 | K39: 0.5703
A40: Elec & Water Authority-47 | B40: 47 | F40: 268971800 | G40: 315735000 | H40: 0.8519
A41: Min. of Transportation & Telecommunications-48 | B41: 48 | C41: 45525179 | D41: 38657000 | E41: 1.1777 | F41: 33020801 | G41: 33020801 | H41: 1 | I41: 3708048 | J41: 6748789 | K41: 0.5494
A42: Ministry of State ( Old )
A43: National Guard-50 | B43: 50 | F43: 40200000 | G43: 40200000 | H43: 1 | I43: 4070533 | J43: 4080115 | K43: 0.9977
A44: National Oil & Gas Authority-51 | B44: 51 | C44: 60 | D44: 0 | E44: 0 | F44: 2405895 | G44: 2405895 | H44: 1
A45: Civil Aviation Aff-52 | B45: 52
A46: Ministry of State of Telecommunication Affairs | B46: 53
A47: Min. of Shura Council & Representatives Council Aff-54 | B47: 54 | C47: 0 | D47: 0 | E47: 0 | F47: 1354086 | G47: 1404000 | H47: 0.9644
A48: Min. of Information Aff-55 | C48: 0 | D48: 0 | E48: 0 | F48: 821523 | G48: 885700 | H48: 0.9275 | I48: 491198 | J48: 3151115 | K48: 0.1559 | L48: تم الدمج في آخر الجدول
A49: Ministry of Industry
A50: Ministy of State 4
A51: Ministry of Human Rights Affairs-58 | B51: 58
A52: Tender Board-59 | B52: 59 | C52: 7255 | D52: 0 | E52: 0 | F52: 986584 | G52: 1125000 | H52: 0.877 | I52: 137365 | J52: 200000 | K52: 0.6868
A53: Transfers | B53: 60 | C53: 120154300 | D53: 147843000 | E53: 0.8127 | F53: 915025176 | G53: 967776980 | H53: 0.9455 | I53: 93671804 | J53: 141803771 | K53: 0.6606
A54: Ministry of Oil - 61 | B54: 61 | F54: 89993 | G54: 148550 | H54: 0.6058
A55: Revenue Account under MOF Control | B55: 62 | C55: 1436462053 | D55: 1757613000 | E55: 0.8173
A56: Special Projects
A57: General Services ( Special Projects )
A58: Information Affairs Authority-65 | C58: 1734883 | D58: 1628000 | E58: 1.0657 | F58: 21492355 | G58: 22660700 | H58: 0.9484 | I58: 5857139 | J58: 10003046 | K58: 0.5855 | L58: تم الدمج في آخر الجدول
A59: Bahrain Authority for Culture & Antiquities-66 | B59: 66 | C59: 499430 | D59: 0 | E59: 0 | F59: 7645639 | G59: 7645639 | H59: 1 | I59: 6609206 | J59: 8416185 | K59: 0.7853
A60: Supreme Council for Health-67 | B60: 67 | F60: 239579 | G60: 271000 | H60: 0.8841 | I60: 248534 | J60: 1600000 | K60: 0.1553
A61: Administrative Organization for Public Prosecution-68 | B61: 68 | C61: 620 | D61: 0 | E61: 0 | F61: 3528236 | G61: 3528237 | H61: 1
A62: First Deputy of H.R.H The PM Office-70 | B62: 70 | F62: 1429831 | G62: 1804000 | H62: 0.7926 | I62: 3000000 | J62: 3000000 | K62: 1
A63: General Secretariat of the Cabinet -71 | B63: 71 | F63: 1356257 | G63: 1519000 | H63: 0.8929
A64: Civil Service Bureau-72 | B64: 72 | C64: 1280 | D64: 5000 | E64: 0.256 | F64: 5916333 | G64: 6602000 | H64: 0.8961 | I64: 175796 | J64: 700000 | K64: 0.2511
A65: Central Informatics Org-73 | B65: 73 | C65: 2710840 | D65: 1688000 | E65: 1.6059 | F65: 9087656 | G65: 8441318 | H65: 1.0766 | I65: 977881 | J65: 2508644 | K65: 0.3898
A66: Deputy of H.R.H The PM-74 | B66: 74 | F66: 575930 | G66: 625000 | H66: 0.9215
A67: General Secretariat for Youth & Sports High Council-75 | B67: 75 | C67: 60 | D67: 0 | E67: 0 | F67: 11055020 | G67: 11061268 | H67: 0.9994
A68: Supreme Judicial Council (76) | B68: 76 | C68: 2264 | D68: 0 | E68: 0 | F68: 13139836 | G68: 12692000 | H68: 1.0353 | I68: 105607 | J68: 150000 | K68: 0.704
A69: Min. of Justice & Islamic Aff & Awqaf (Islamic Aff)-77 | B69: 77 | C69: 17551 | D69: 10000 | E69: 1.7551 | F69: 4270581 | G69: 4270582 | H69: 1 | I69: 1063630 | J69: 1100000 | K69: 0.9669
A70: Survey&Land Reg Bureau-78 | B70: 78 | C70: 17808928 | D70: 20886000 | E70: 0.8527 | F70: 8501068 | G70: 8546000 | H70: 0.9947 | I70: 434961 | J70: 1000000 | K70: 0.435
A71: Ministry of Youth and Sport Affairs -79 | B71: 79 | F71: 0 | G71: 0 | H71: 0
A72: Ministry of Finance-81 | B72: 81 | C72: 6024 | D72: 3000 | E72: 2.008 | F72: 7714586 | G72: 8876000 | H72: 0.8692 | I72: 1728391 | J72: 2500000 | K72: 0.6914
A73: Customs Affairs-83 | B73: 83 | C73: 132749846 | D73: 99700000 | E73: 1.3315 | F73: 18480271 | G73: 15714000 | H73: 1.176 | I73: 1138004 | J73: 1700000 | K73: 0.6694
A74: King Hamad University Hospital-88 | B74: 88 | F74: 39025934 | G74: 37430000 | H74: 1.0426 | I74: 15923320 | J74: 15923320 | K74: 1
A75: National Health Regulatory Authority (89) | B75: 89 | C75: 885527 | D75: 357000 | E75: 2.4805 | F75: 1965323 | G75: 2651000 | H75: 0.7414
A76: Advisors | B76: A | C76: =(C24+C26+C28+C30+C31) -> 0 | D76: =(D24+D26+D28+D30+D31) -> 0 | E76: =C76/D76 -> #DIV/0! | F76: =(F24+F26+F28+F30+F31) -> 493996 | G76: =(G24+G26+G28+G30+G31) -> 601710 | H76: =F76/G76 -> 0.82098685 | I76: =(I24+I26+I28+I30+I31) -> 0 | J76: =(J24+J26+J28+J30+J31) -> 0 | K76: =I76/J76 -> #DIV/0!
A77: Deputies | B77: D | C77: =C10+C23+C37+C66 -> 0 | D77: =D10+D23+D37+D66 -> 0 | E77: =C77/D77 -> #DIV/0! | F77: =F10+F23+F37+F66 -> 3254328 | G77: =G10+G23+G37+G66 -> 3644363 | H77: =F77/G77 -> 0.89297581 | I77: =I10+I23+I37+I66 -> 60000 | J77: =J10+J23+J37+J66 -> 60000 | K77: =I77/J77 -> 1
A79: Min. of Information Aff-55 | B79: 55 | C79: =SUM(C48,C58) -> 1734883 | D79: =SUM(D48,D58) -> 1628000 | E79: =C79/D79 -> 1.0656529 | F79: =SUM(F48,F58) -> 22313878 | G79: =SUM(G48,G58) -> 23546400 | H79: =F79/G79 -> 0.94765561 | I79: =SUM(I48,I58) -> 6348337 | J79: =SUM(J48,J58) -> 13154161 | K79: =I79/J79 -> 0.48261056

Sheet Meta4
A1: 4- الإيرادات مصنفة حسب الأبواب والوزارات والجهات الحكومية
A3: Ministry | B3: Code | C3: Oil and Gas | D3: Taxation, Fees | E3: Govt Goods, Services | F3: Investments, Govt Properties | G3: Grants | H3: Sale of | I3: Fines,Penalt ies , Misc | J3: Total | K3: Budget | L3: Actual-PY
A4: The Court of H.R.H The Prime Minister-1 1 | B4: 11 | C4: 0 | D4: 0 | E4: 0 | F4: 0 | G4: 0 | H4: 0 | J4: 0 | K4: 0 | L4: 88100
A5: Ministry of Interior-13 | B5: 13 | C5: 0 | D5: 43574011 | E5: 6309073 | F5: 53075 | G5: 0 | H5: 158173 | I5: 852964 | J5: 50947295 | K5: 40700000 | L5: 47605960
A6: Legislation & Legal Opinion Com-15 | B6: 15 | C6: 0 | D6: 0 | E6: 3218 | F6: 0 | G6: 0 | H6: 0 | I6: 328 | J6: 3546 | K6: 5000 | L6: 13159
A7: Min. of Foreign Affairs-16 | B7: 16 | C7: 0 | D7: 582200 | E7: 0 | F7: 0 | G7: 0 | H7: 0 | I7: 1021134 | J7: 1603334 | K7: 2055000 | L7: 1785623
A8: Min. of Justice & Islamic Aff & Awqaf (J | B8: 18 | C8: 0 | D8: 6307958 | E8: 12539 | F8: 60874 | G8: 0 | H8: 198 | I8: 8744845 | J8: 15126414 | K8: 10846000 | L8: 15836788
A9: Min. of Education-21 | B9: 21 | C9: 0 | D9: 13385 | E9: 150648 | F9: 0 | G9: 0 | H9: 79917 | I9: 599440 | J9: 843390 | K9: 900000 | L9: 1608282
A10: Ministry of Health-22 | B10: 22 | C10: 0 | D10: 8770 | E10: 42381671 | F10: 140125 | G10: 0 | H10: 10726 | I10: 707831 | J10: 43249123 | K10: 33570000 | L10: 35063505
A11: Min. of Works, Mun Aff & Urb Plg -23 ( | B11: 23 | C11: 0 | D11: 2633768 | E11: 164351 | F11: 96782 | G11: 0 | H11: 36483 | I11: 390134 | J11: 3321517 | K11: 335000 | L11: 896658
A12: Mun Aff&Urb Plg) Min. of Labour -24 | B12: 24 | C12: 0 | D12: 2595 | E12: 1595 | F12: 560 | G12: 0 | H12: 0 | I12: 5661 | J12: 10411 | K12: 74000 | L12: 30559
A13: General Organization for Youth&Sport-26 | B13: 26 | C13: 0 | D13: 7998 | E13: 0 | F13: 1500 | G13: 0 | H13: 260 | I13: 41522 | J13: 51279 | K13: 17000 | L13: 600896
A14: Min. of Social Development-29 | B14: 29 | C14: 0 | D14: 1700 | E14: 0 | F14: 0 | G14: 0 | H14: 830 | I14: 1000 | J14: 3530 | K14: 5000 | L14: 7162
A15: Min of Industry & Commerce-34 | B15: 34 | C15: 0 | D15: 10401480 | E15: 910889 | F15: 9954600 | G15: 0 | H15: 0 | I15: 65688 | J15: 21332657 | K15: 20062000 | L15: 25161275
A16: Ministry of Housing-36 | B16: 36 | C16: 0 | D16: 73874 | E16: 0 | F16: 0 | G16: 0 | H16: 0 | I16: 0 | J16: 73874 | K16: 35000 | L16: 1975685
... A21: Min. of Shura Council & Representatives Council Aff 54 | B21: 54 | C21: 0 | D21: 0 | E21: 0 | F21: 0 | G21: 0 | H21: 0 | I21: 0 | J21: 0 | K21: 0 | L21: 1350
A22: Min. of Information Aff-55 | C22: 0 | D22: 0 | E22: 0 | F22: 0 | G22: 0 | H22: 0 | J22: 0 | K22: 0 | L22: 6677
A23: Tender Board-59 | B23: 59 | C23: 0 | D23: 7255 | E23: 0 | F23: 0 | G23: 0 | H23: 0 | I23: 0 | J23: 7255 | K23: 0 | L23: 8825
A24: Transfers | B24: 60 | C24: 0 | D24: 23872905 | E24: 863307 | F24: 30632436 | G24: 28356558 | H24: 53828 | I24: 36375266 | J24: 120154300 | K24: 147843000 | L24: 127995763
A25: Revenue Account under MOF Control | B25: 62 | C25: 1436462053 | D25: 0 | E25: 0 | F25: 0 | G25: 0 | H25: 0 | I25: 0 | J25: 1436462053 | K25: 1757613000 | L25: 1594672391
A26: Information Affairs Authority-65 | C26: 0 | D26: 444991 | E26: 1252109 | F26: 600 | G26: 0 | H26: 0 | I26: 37183 | J26: 1734883 | K26: 1628000 | L26: 1718527
A27: Bahrain Authority for Culture & Antiquities 66 | B27: 66 | C27: 0 | D27: 174952 | E27: 177 | F27: 134248 | G27: 0 | H27: 1270 | I27: 188783 | J27: 499430 | K27: 0 | L27: 1796674
A28: Administrative Organization for Public Pr | B28: 68 | C28: 0 | D28: 135 | E28: 0 | F28: 0 | G28: 0 | H28: 485 | I28: 0 | J28: 620 | K28: 0 | L28: 7804
A29: Civil Service Bureau-72 | B29: 72 | C29: 0 | D29: 1280 | E29: 0 | F29: 0 | G29: 0 | H29: 0 | I29: 0 | J29: 1280 | K29: 5000 | L29: 6731
A30: Central Informatics Org-73 | B30: 73 | C30: 0 | D30: 2706185 | E30: 52 | F30: 0 | G30: 0 | H30: 253 | I30: 4350 | J30: 2710840 | K30: 1688000 | L30: 2465286
A31: General Secretariat for Youth & Sports High Council 75 | B31: 75 | C31: 0 | D31: 60 | E31: 0 | F31: 0 | G31: 0 | H31: 0 | I31: 0 | J31: 60 | K31: 0 | L31: 585
A32: Supreme Judicial Council (76) | B32: 76 | C32: 0 | D32: 0 | E32: 2264 | F32: 0 | G32: 0 | H32: 0 | I32: 0 | J32: 2264 | K32: 0 | L32: 6215
A33: Min. of Justice & Islamic Aff & Awqaf (I | B33: 77 | C33: 0 | D33: 4345 | E33: 0 | F33: 0 | G33: 0 | H33: 0 | I33: 13206 | J33: 17551 | K33: 10000 | L33: 8775
A34: Survey&Land Reg Bureau-78 | B34: 78 | C34: 0 | D34: 17617770 | E34: 155865 | F34: 0 | G34: 0 | H34: 0 | I34: 35293 | J34: 17808928 | K34: 20886000 | L34: 20970182
A35: Ministry of Finance-81 | B35: 81 | C35: 0 | D35: 2655 | E35: 0 | F35: 0 | G35: 0 | H35: 0 | I35: 3369 | J35: 6024 | K35: 3000 | L35: 17509
A36: Customs Affairs-83 | B36: 83 | C36: 0 | D36: 122579661 | E36: 60081 | F36: 0 | G36: 0 | H36: 310 | I36: 10109795 | J36: 132749846 | K36: 99700000 | L36: 116766540
A37: National Health Regulatory Authority (89) | B37: 89 | C37: 0 | D37: 836887 | E37: 250 | F37: 0 | H37: 0 | I37: 48390 | J37: 885527 | K37: 357000 | L37: 0
A38: Grand Total | C38: =SUM(C4:C37) -> 1436462053 | D38: =SUM(D4:D37) -> 237568220 | E38: =SUM(E4:E37) -> 83868836 | F38: =SUM(F4:F37) -> 50362940 | G38: =SUM(G4:G37) -> 28356558 | H38: =SUM(H4:H37) -> 613886 | I38: =SUM(I4:I37) -> 60544962 | J38: =SUM(J4:J37) -> 1897777452 | ... L38: =SUM(L4:L37) -> 2042156454
A40: Information Affairs Authority-65 | B40: 55 | C40: =SUM(C22,C26) -> 0 | D40: =SUM(D22,D26) -> 444991 | E40: =SUM(E22,E26) -> 1252109 | F40: =SUM(F22,F26) -> 600 | G40: =SUM(G22,G26) -> 0 | H40: =SUM(H22,H26) -> 0 | I40: =SUM(I22,I26) -> 37183 | J40: =SUM(J22,J26) -> 1734883 | ... L40: =SUM(L22,L26) -> 1725204

Sheet Meta5&9
A1: 5- الإيرادات مصنفة حسب الأبواب والأقسام والبنود
A4: Code | E4: Description | G4: 2016 | I4: 2015
A5: Item | B5: Chp | C5: Sec | D5: Acct | E5: Description | F5: Budget | G5: Actual | H5: Difference | I5: Actual
A6: 4 | B6: 1 | C6: 1 | D6: 40011 | E6: Oil Sales - Bahrain Field | F6: 148246000 | G6: 278643175 | H6: -130397175 | I6: 230724927
A7: 4 | B7: 1 | C7: 1 | D7: 40012 | E7: Oil Sales - Abu-Sa'afa Field | F7: 1141434000 | G7: 723670948 | H7: 417763052 | I7: 957404837
A8: 4 | B8: 1 | C8: 1 | D8: 40014 | E8: Future Generations Reserve- Abu-Sa'afa Field | F8: -20641000 | G8: -14056467 | H8: -6584533 | I8: -17105245
A9: 4 | B9: 1 | C9: 2 | D9: 40035 | E9: Gas Sales - Hidd Power Station | F9: 75374000 | H9: 75374000
A10: 4 | B10: 1 | C10: 2 | D10: 40037 | E10: Gas Sales to Electricity Power and Water Station | F10: 60354000 | G10: 31039851 | H10: 29314149 | I10: 44113743
A11: 4 | B11: 1 | C11: 2 | D11: 40051 | E11: Gas Sales - Alba | F11: 106738000 | G11: 109292545 | H11: -2554545 | I11: 90853535
A12: 4 | B12: 1 | C12: 2 | D12: 40052 | E12: Gas Sales - Bapco | F12: 42696000 | G12: 46614264 | H12: -3918264 | I12: 43778809
A13: 4 | B13: 1 | C13: 2 | D13: 40053 | E13: Gas Sales - Banagas | F13: 36936000 | G13: 14021820 | H13: 22914180 | I13: 28565322
A14: 4 | B14: 1 | C14: 2 | D14: 40054 | E14: Gas Sales - Other Companies | F14: 147867000 | G14: 242372310 | H14: -94505310 | I14: 204474412
A15: 4 | B15: 1 | C15: 3 | D15: 42011 | E15: Gas Income Tax | F15: 11974000 | G15: 272000 | H15: 11702000 | I15: 7282491
A16: 4 | B16: 1 | C16: 3 | D16: 42013 | E16: Petrol Tax | F16: 6635000 | G16: 4591606 | H16: 2043394 | I16: 4579560
A17: 4 | B17: 2 | C17: 2 | D17: 42501 | E17: Customs Duty on Essential Trade | F17: 48000000 | G17: 48701365 | H17: -701365 | I17: 52459852
A18: 4 | B18: 2 | C18: 2 | D18: 42503 | E18: Customs Duty on Vehicles | F18: 7500000 | G18: 15675280 | H18: -8175280 | I18: 18033658
A19: 4 | B19: 2 | C19: 2 | D19: 42504 | E19: Customs Duty on Manuf./Unmanuf. Tabacco | F19: 16000000 | G19: 16573529 | H19: -573529 | I19: 18300861
A20: 4 | B20: 2 | C20: 2 | D20: 42505 | E20: Customs Duty on Luxury Goods | F20: 20000000 | G20: 16370852 | H20: 3629148 | I20: 19751712
A21: 4 | B21: 2 | C21: 2 | D21: 42506 | E21: Customs Duty on Yachts | F21: 400000 | G21: 260463 | H21: 139537 | I21: 80700
... A26: 4 | B26: 2 | C26: 3 | D26: 43041 | E26: Miscellaneous Service Activities Registration Fees | F26: 1281960 | G26: 794808 | H26: 487152 | I26: 1534627
A27: 4 | B27: 2 | C27: 3 | D27: 43042 | E27: Air Transport Activities | G27: 212782 | H27: -212782
A28: 4 | B28: 2 | C28: 3 | D28: 43043 | E28: Air Licensing Activities | G28: 576230 | H28: -576230
A29: 4 | B29: 2 | C29: 3 | D29: 43044 | E29: Land Transport Licenses | G29: 776335 | H29: -776335
A30: 4 | B30: 2 | C30: 3 | D30: 43045 | E30: Post Regulatory Licenses | G30: 60639 | H30: -60639
A31: 4 | B31: 2 | C31: 3 | D31: 43051 | E31: Commercial Agencies Registration Fees | F31: 15000 | G31: 16494 | H31: -1494 | I31: 11062
A32: 4 | B32: 2 | C32: 3 | D32: 43071 | E32: Organizing Engineering Professional Practice Fees | F32: 85000 | G32: 50000 | H32: 35000 | I32: 40000
A33: 4 | B33: 2 | C33: 3 | D33: 43081 | E33: Sand Mining License Fees | G33: 550000 | H33: -550000
A34: 4 | B34: 2 | C34: 3 | D34: 44041 | E34: Pharmaceutical Products Licenses & Fees | F34: 45000 | G34: 128400 | H34: -83400 | I34: 32111
A35: 4 | B35: 2 | C35: 3 | D35: 44042 | E35: Health Facilities Licenses & Fees | F35: 150000 | G35: 251640 | H35: -101640 | I35: 113996
A36: 4 | B36: 2 | C36: 3 | D36: 44043 | E36: Health Professions Licenses & Fees | F36: 162000 | G36: 456682 | H36: -294682 | I36: 157809
A37: 4 | B37: 2 | C37: 4 | D37: 44011 | E37: Passport Fees | F37: 1800000 | G37: 979340 | H37: 820660 | I37: 676517
A38: 4 | B38: 2 | C38: 4 | D38: 44012 | E38: Residence Permit Fees | F38: 2437000 | G38: 3482428 | H38: -1045428 | I38: 2321112
A39: 4 | B39: 2 | C39: 4 | D39: 44013 | E39: Visa & NOC Fees | F39: 9708000 | G39: 18029260 | H39: -8321260 | I39: 16781608
A40: 4 | B40: 2 | C40: 4 | D40: 44015 | E40: Population Card Fees | F40: 1520000 | G40: 2449944 | H40: -929944 | I40: 2201066
A41: 4 | B41: 2 | C41: 4 | D41: 44016 | E41: CONSUITANCY SERVICES FEES | F41: 242000 | G41: 58175 | H41: 183825 | I41: 1233
A42: 4 | B42: 2 | C42: 4 | D42: 44021 | E42: Labour Market Regulatory Authority Fee | F42: 18500000 | G42: 23143294 | H42: -4643294 | I42: 19206857
A43: 4 | B43: 2 | C43: 4 | D43: 44051 | E43: Ownership Registration Fees | F43: 150000 | G43: 126333 | H43: 23667 | I43: 116381
A44: 4 | B44: 2 | C44: 4 | D44: 44052 | E44: Ownership Transfer Fees | F44: 20500000 | G44: 17491123 | H44: 3008877 | I44: 20686702
A45: 4 | B45: 2 | C45: 4 | D45: 44071 | E45: Car Registration Fees | F45: 15500000 | G45: 15524624 | H45: -24624 | I45: 15717790
... A49: 4 | B49: 2 | C49: 4 | D49: 44093 | E49: Certification of Official Documents Fees | F49: 1660000 | G49: 1399267 | H49: 260733 | I49: 1846493
A50: 4 | B50: 2 | C50: 4 | D50: 44094 | E50: Fees on Private Tobacco Goods | G50: 11770715 | H50: -11770715
A51: 4 | B51: 2 | C51: 4 | D51: 44095 | E51: Fees on Private Luxury Goods | G51: 11845225 | H51: -11845225
A52: 4 | B52: 2 | C52: 4 | D52: 44111 | E52: Tourism Services Classification Fees | F52: 445500 | H52: 445500 | I52: 547350
A53: 4 | B53: 2 | C53: 4 | D53: 44112 | E53: Hotel Service Fees | F53: 10200000 | H53: 10200000 | I53: 12651162
A54: 4 | B54: 2 | C54: 4 | D54: 44131 | E54: Gold Assaying Fees | F54: 275000 | G54: 224083 | H54: 50917 | I54: 275209
A55: 4 | B55: 2 | C55: 4 | D55: 44132 | E55: Pearl Assaying Fees | F55: 55000 | G55: 72920 | H55: -17920 | I55: 67315
A56: 4 | B56: 2 | C56: 4 | D56: 44151 | E56: Design & Measurement Fees | F56: 5500 | G56: 14811 | H56: -9311 | I56: 6981
A57: 4 | B57: 2 | C57: 4 | D57: 44152 | E57: Design & Trademark Fees | F57: 1300000 | G57: 4465008 | H57: -3165008 | I57: 1349810
A58: 4 | B58: 2 | C58: 4 | D58: 44153 | E58: Trademarks & Commercial Reg. Amend. Fees | F58: 3450000 | G58: 5390670 | H58: -1940670 | I58: 3599740
A59: 4 | B59: 2 | C59: 4 | D59: 44171 | E59: Departure Fees | F59: 1801500 | G59: 3437443 | H59: -1635943 | I59: 2202764
A60: 4 | B60: 2 | C60: 4 | D60: 44172 | E60: Entrance Permit Fees | F60: 105000 | G60: 523189 | H60: -418189 | I60: 657474
A61: 4 | B61: 2 | C61: 4 | D61: 44181 | E61: Partial Land Subdivision Fees | G61: 4500 | H61: -4500
A62: 4 | B62: 2 | C62: 4 | D62: 44182 | E62: Main Land Subdivision Fees | G62: 1350 | H62: -1350
A63: 4 | B63: 2 | C63: 4 | D63: 44183 | E63: Fees of Sand Extraction & Sale | G63: 2040224 | H63: -2040224
A64: 4 | B64: 2 | C64: 4 | D64: 44191 | E64: Tender Fees | F64: 190229 | G64: 196108 | H64: -5879 | I64: 146427
A65: 4 | B65: 2 | C65: 4 | D65: 44211 | E65: Wireless Equipment Fees | F65: 664506 | G65: 789600 | H65: -125094 | I65: 719869
A66: 4 | B66: 2 | C66: 4 | D66: 44212 | E66: Vedio Sales Distribution Rights | F66: 3000 | G66: 7459 | H66: -4459 | I66: 8214
A67: 4 | B67: 2 | C67: 4 | D67: 44904 | E67: Ship Arrival and Departure Permit Fees | F67: 570000 | G67: 284302 | H67: 285698 | I67: 384449
A68: 4 | B68: 2 | C68: 4 | D68: 44905 | E68: Lawyer & Pilgrim Contractors Permit | F68: 90500 | G68: 177132 | H68: -86632 | I68: 139701
A69: 4 | B69: 2 | C69: 4 | D69: 44908 | E69: Application Fees | F69: 487523 | G69: 440739 | H69: 46784 | I69: 352826
A70: 4 | B70: 3 | C70: 1 | D70: 40136 | E70: Airport Information Publication | G70: 6750 | H70: -6750
A71: 4 | B71: 3 | C71: 1 | D71: 41011 | E71: Hospital Private Room Charges | F71: 500000 | G71: 384630 | H71: 115371 | I71: 418152
A72: 4 | B72: 3 | C72: 1 | D72: 41012 | E72: Primary Health Care Charges | F72: 28800000 | G72: 37094231 | H72: -8294231 | I72: 28482392
A73: 4 | B73: 3 | C73: 1 | D73: 41013 | E73: Parcel & Postal Fees | F73: 1500000 | G73: 2633573 | H73: -1133573 | I73: 1498793
A74: 4 | B74: 3 | C74: 1 | D74: 41014 | E74: Special Medical Services Charges | F74: 14000 | G74: 10965 | H74: 3035 | I74: 481754
A75: 4 | B75: 3 | C75: 1 | D75: 41015 | E75: Road Accident Treatment Fees | F75: 5000 | H75: 5000
A76: 4 | B76: 3 | C76: 1 | D76: 41016 | E76: Limited Private Practice Charges | F76: 10000 | H76: 10000
A77: 4 | B77: 3 | C77: 1 | D77: 41017 | E77: Out-Patient Charges | F77: 1100000 | G77: 1059605 | H77: 40395 | I77: 1408321
A78: 4 | B78: 3 | C78: 1 | D78: 41018 | E78: Medical Commission Fees | F78: 135000 | G78: 97715 | H78: 37285 | I78: 112715
A79: 4 | B79: 3 | C79: 1 | D79: 41019 | E79: Occupational Injury Treatment Fees | F79: 270000 | H79: 270000 | I79: 290000
A80: 4 | B80: 3 | C80: 1 | D80: 41020 | E80: Pre-employment Medical Examination Fees | F80: 450000 | G80: 441680 | H80: 8320 | I80: 502674
A81: 4 | B81: 3 | C81: 1 | D81: 41023 | E81: X-Ray Fees | F81: 40000 | G81: 95161 | H81: -55161 | I81: 66425
A82: 4 | B82: 3 | C82: 1 | D82: 41024 | E82: Lab. Fees | F82: 95000 | G82: 169619 | H82: -74619 | I82: 266355
A83: 4 | B83: 3 | C83: 1 | D83: 41025 | E83: Operations Fees | F83: 150000 | G83: 213374 | H83: -63374 | I83: 209750
A84: 4 | B84: 3 | C84: 1 | D84: 41026 | E84: Maternity Services | F84: 155000 | G84: 220067 | H84: -65067 | I84: 189687
A85: 4 | B85: 3 | C85: 1 | D85: 41027 | E85: Public University Tution Fees for Non-Bahrainis | F85: 54381 | H85: 54381
A86: 4 | B86: 3 | C86: 1 | D86: 41029 | E86: Public University Fees for Bahrainis | F86: 580060 | H86: 580060
A87: 4 | B87: 3 | C87: 1 | D87: 41031 | E87: Parcel & Postal Fees | F87: 700000 | G87: 770550 | H87: -70550 | I87: 837373
A88: 4 | B88: 3 | C88: 1 | D88: 41032 | E88: Post Box Rental | F88: 400000 | G88: 529688 | H88: -129688 | I88: 525848
A89: 4 | B89: 3 | C89: 1 | D89: 41033 | E89: Transit Post Fees | F89: 300000 | G89: 491532 | H89: -191532 | I89: 499831
A90: 4 | B90: 3 | C90: 1 | D90: 41034 | E90: Stamp Sales | F90: 700000 | G90: 721754 | H90: -21754 | I90: 803426
A91: 4 | B91: 3 | C91: 1 | D91: 41035 | E91: Franking Machine Sales | F91: 2000000 | G91: 2175936 | H91: -175936 | I91: 2553570
A92: 4 | B92: 3 | C92: 1 | D92: 41051 | E92: Container Handling & Storage Charges | F92: 4600000 | G92: 5472669 | H92: -872669 | I92: 5879788
A93: 4 | B93: 3 | C93: 1 | D93: 41052 | E93: Harbor Services Charges | F93: 1027000 | G93: 939986 | H93: 87014 | I93: 1344866
A94: 4 | B94: 3 | C94: 1 | D94: 41053 | E94: Port Operation Charges | F94: 1000000 | G94: 920649 | H94: 79351 | I94: 1278081
A95: 4 | B95: 3 | C95: 1 | D95: 41054 | E95: Port Administration Service Charges | G95: 769 | H95: -769
A96: 4 | B96: 3 | C96: 1 | D96: 41055 | E96: Customs Stamp - Containers | F96: 55000 | G96: 51546 | H96: 3454 | I96: 56361
A97: 4 | B97: 3 | C97: 1 | D97: 41071 | E97: Aeroplane Landing Fees | F97: 1100000 | G97: 912622 | H97: 187378 | I97: 1413901
A98: 4 | B98: 3 | C98: 1 | D98: 41072 | E98: Aeroplane Parking Fees | H98: 0 | I98: 175
A99: 4 | B99: 3 | C99: 1 | D99: 41073 | E99: Overflying Fees | F99: 16250300 | G99: 18226665 | H99: -1976365 | I99: 16521634
A100: 4 | B100: 3 | C100: 1 | D100: 41091 | E100: Telephone Usage Charges | G100: 52101 | H100: -52101 | I100: 51973
A101: 4 | B101: 3 | C101: 1 | D101: 41111 | E101: Vehicle Parking Fees | F101: 114000 | G101: 182165 | H101: -68165 | I101: 179791
A102: 4 | B102: 3 | C102: 1 | D102: 41112 | E102: Driving Instruction Fees | F102: 1081000 | G102: 1412954 | H102: -331954 | I102: 1216415
A103: 4 | B103: 3 | C103: 1 | D103: 41151 | E103: Advertisement Sales | F103: 856761 | G103: 997655 | H103: -140894 | I103: 1155858
A104: 4 | B104: 3 | C104: 1 | D104: 41171 | E104: Security Guard Income | F104: 4000000 | G104: 4004780 | H104: -4780 | I104: 3639729
A105: 4 | B105: 3 | C105: 1 | D105: 41212 | E105: Subscriptions to Training Programmes | F105: 745000 | G105: 569224 | H105: 175777 | I105: 466645
A106: 4 | B106: 3 | C106: 1 | D106: 41231 | E106: Water Wells Drilling Income | F106: 10200 | H106: 10200 | I106: 3400
A107: 4 | B107: 3 | C107: 1 | D107: 41232 | E107: Land Survey Charges | F107: 150000 | G107: 101721 | H107: 48279 | I107: 97242
A108: 4 | B108: 3 | C108: 1 | D108: 41901 | E108: Issue of Certificate Charges | F108: 690000 | G108: 1062891 | H108: -372891 | I108: 870641
A109: 4 | B109: 3 | C109: 1 | D109: 41902 | E109: Examination Charges | F109: 30000 | G109: 41673 | H109: -11673 | I109: 29273
...

Sheet Meta8
A1: 8- المصروفات المتكررة مصنفة حسب الأبواب والوزارات والجهات الحكومية
A3: Ministry | B3: Code | C3: Manpower | D3: Services | E3: Consumables | F3: Assets | G3: Maintenance | H3: Transfers | I3: Grants | J3: Total | K3: Budget | L3: Actual-PY
A4: The Court of H.R.H The Prime Minist | B4: 11 | C4: 4448291 | D4: 4157755 | E4: 89438 | F4: 19474 | G4: 7696 | H4: 10500000 | I4: 0 | J4: 19222655 | K4: 19342000 | L4: 19317706
A5: Ministry of Defence-12 | B5: 12 | C5: 395050069 | D5: 30780129 | E5: 30375202 | F5: 18116011 | G5: 46106048 | H5: 365713 | I5: 1088181 | J5: 521881353 | K5: 494450000 | L5: 496154820
A6: Ministry of Interior-13 | B6: 13 | C6: 319848072 | D6: 20592502 | E6: 7390622 | F6: 2181284 | G6: 7195715 | H6: 0 | I6: 0 | J6: 357208194 | K6: 355500000 | L6: 372640335
A7: National Security Agency-14 | B7: 14 | C7: 0 | D7: 0 | E7: 0 | F7: 0 | G7: 0 | H7: 34842000 | I7: 0 | J7: 34842000 | K7: 34842000 | L7: 35889000
A8: Legislation & Legal Opinion Com-15 | B8: 15 | C8: 2149402 | D8: 360078 | E8: 14814 | F8: 737 | G8: 5497 | H8: 0 | I8: 0 | J8: 2530528 | K8: 2530529 | L8: 2609942
A9: Min. of Foreign Affairs-16 | B9: 16 | C9: 20086489 | D9: 9093747 | E9: 446210 | F9: 344379 | G9: 520856 | H9: 0 | I9: 75954 | J9: 30567635 | K9: 30569641 | L9: 30933748
A10: Deputy of H.R.H The PM-17 | B10: 17 | C10: 833523 | D10: 29720 | E10: 10927 | F10: 1731 | G10: 2388 | H10: 0 | I10: 0 | J10: 878289 | K10: 950000 | L10: 964152
A11: Min. of Justice & Islamic Aff & Awq | B11: 18 | C11: 8682639 | D11: 2857973 | E11: 69978 | F11: 110568 | G11: 212876 | H11: 66952 | I11: 168500 | J11: 12169486 | K11: 11067765 | L11: 12475822
A12: Min. of Education-21 | B12: 21 | C12: 287176271 | D12: 39300023 | E12: 4215261 | F12: 2125463 | G12: 1666730 | H12: 0 | I12: 75000 | J12: 334558748 | K12: 327143231 | L12: 334079328
A13: Ministry of Health-22 | B13: 22 | C13: 154125249 | D13: 31223179 | E13: 69912761 | F13: 1322012 | G13: 4519192 | H13: 0 | I13: 13700 | J13: 261116093 | K13: 262354534 | L13: 277946873
A14: Min. of Works, Mun Aff & Urb Plg - | B14: 23 | C14: 8277344 | D14: 2027011 | E14: 279602 | F14: 87142 | G14: 79254 | H14: 5995 | I14: 0 | J14: 10756348 | K14: 11974408 | L14: 11763130
A15: Min. of Labour -24 | B15: 24 | C15: 5006075 | D15: 706822 | E15: 61168 | F15: 35232 | G15: 25110 | H15: 0 | I15: 200000 | J15: 6034407 | K15: 6034399 | L15: 6050055
... A35: Min. of Shura Council & Representati | B35: 54 | C35: 1135286 | D35: 189458 | E35: 8600 | F35: 19842 | G35: 900 | H35: 0 | I35: 0 | J35: 1354086 | K35: 1404000 | L35: 1489032
A36: Min. of Information Aff-55 | C36: 314882 | D36: 428499 | E36: 1185 | F36: 76957 | G36: 0 | H36: 0 | I36: 0 | J36: 821523 | K36: 885700 | L36: 700150
A37: Tender Board-59 | B37: 59 | C37: 706027 | D37: 254761 | E37: 20012 | F37: 2738 | G37: 3046 | H37: 0 | I37: 0 | J37: 986584 | K37: 1125000 | L37: 1159177
A38: Transfers | B38: 60 | C38: 0 | D38: 2500878 | E38: 0 | F38: 0 | G38: 0 | H38: 283106986 | I38: 629417311 | J38: 915025176 | K38: 967776980 | L38: 839384766
A39: Ministry of Oil - 61 | B39: 61 | C39: 61667 | D39: 20194 | E39: 1671 | F39: 6461 | G39: 0 | H39: 0 | I39: 0 | J39: 89993 | K39: 148550 | L39: 0
A40: Information Affairs Authority-65 | C40: 13129291 | D40: 6087053 | E40: 1547181 | F40: 217367 | G40: 456463 | H40: 0 | I40: 55000 | J40: 21492355 | K40: 22660700 | L40: 22993263
A41: Bahrain Authority for Culture & Anti | B41: 66 | C41: 3841539 | D41: 2538116 | E41: 42315 | F41: 35568 | G41: 203001 | H41: 800000 | I41: 185100 | J41: 7645639 | K41: 7645639 | L41: 7672969
A42: Supreme Council for Health-67 | B42: 67 | C42: 111749 | D42: 116270 | E42: 3573 | F42: 4747 | G42: 3239 | H42: 0 | I42: 0 | J42: 239579 | K42: 271000 | L42: 279388
A43: Administrative Organization for Publi | B43: 68 | C43: 2430836 | D43: 864210 | E43: 60770 | F43: 76377 | G43: 96044 | H43: 0 | I43: 0 | J43: 3528236 | K43: 3528237 | L43: 3361118
A44: First Deputy of H.R.H The PM Office | B44: 70 | C44: 1065007 | D44: 195369 | E44: 57708 | F44: 90453 | G44: 1294 | H44: 0 | I44: 20000 | J44: 1429831 | K44: 1804000 | L44: 1316372
A45: General Secretariat of the Cabinet -71 | B45: 71 | C45: 1146535 | D45: 178781 | E45: 16481 | F45: 11302 | G45: 3159 | H45: 0 | I45: 0 | J45: 1356257 | K45: 1519000 | L45: 1429566
A46: Civil Service Bureau-72 | B46: 72 | C46: 5062822 | D46: 794381 | E46: 26037 | F46: 18966 | G46: 14126 | H46: 0 | I46: 0 | J46: 5916333 | K46: 6602000 | L46: 5916829
A47: Central Informatics Org-73 | B47: 73 | C47: 6080873 | D47: 920456 | E47: 1634136 | F47: 55039 | G47: 397152 | H47: 0 | I47: 0 | J47: 9087656 | K47: 8441318 | L47: 9016838
A48: Deputy of H.R.H The PM-74 | B48: 74 | C48: 556497 | D48: 8194 | E48: 9454 | F48: 1785 | G48: 0 | H48: 0 | I48: 0 | J48: 575930 | K48: 625000 | L48: 535328
A49: General Secretariat for Youth & Sport | B49: 75 | C49: 728094 | D49: 196097 | E49: 10607 | F49: 3863 | G49: 9603 | H49: 10106757 | I49: 0 | J49: 11055020 | K49: 11061268 | L49: 11175615
A50: Supreme Judicial Council (76) | B50: 76 | C50: 12102511 | D50: 958261 | E50: 22777 | F50: 52725 | G50: 3563 | H50: 0 | I50: 0 | J50: 13139836 | K50: 12692000 | L50: 13009294
A51: Min. of Justice & Islamic Aff & Awq | B51: 77 | C51: 1796626 | D51: 2402459 | E51: 10372 | F51: 31074 | G51: 30049 | H51: 0 | I51: 0 | J51: 4270581 | K51: 4270582 | L51: 4255942
A52: Survey&Land Reg Bureau-78 | B52: 78 | C52: 5577298 | D52: 2579260 | E52: 69240 | F52: 36337 | G52: 238932 | H52: 0 | I52: 0 | J52: 8501068 | K52: 8546000 | L52: 8656734
... A57: National Health Regulatory Authority | B57: 89 | C57: 1143818 | D57: 691049 | E57: 42726 | F57: 79788 | G57: 7941 | H57: 0 | I57: 0 | J57: 1965323 | K57: 2651000 | L57: 0
A58: Advisors | B58: A | C58: =C20+C24+C25 -> 369710 | D58: =D20+D24+D25 -> 117794 | E58: =E20+E24+E25 -> 6473 | F58: =F20+F24+F25 -> 0 | G58: =G20+G24+G25 -> 19 | H58: =H20+H24+H25 -> 0 | I58: =I20+I24+I25 -> 0 | J58: =J20+J24+J25 -> 493996 | ... L58: =L20+L24+L25 -> 552636
A59: Deputies | B59: D | C59: =C10+C19+C29+C48 -> 2662757 | D59: =D10+D19+D29+D48 -> 520635 | E59: =E10+E19+E29+E48 -> 48407 | F59: =F10+F19+F29+F48 -> 13002 | G59: =G10+G19+G29+G48 -> 9528 | H59: =H10+H19+H29+H48 -> 0 | I59: =I10+I19+I29+I48 -> 0 | J59: =J10+J19+J29+J48 -> 3254328 | ... L59: =L10+L19+L29+L48 -> 3282120
A61: Min. of Information Aff-55 | B61: 55 | C61: =SUM(C36,C40) -> 13444173 | D61: =SUM(D36,D40) -> 6515552 | E61: =SUM(E36,E40) -> 1548366 | F61: =SUM(F36,F40) -> 294324 | G61: =SUM(G36,G40) -> 456463 | H61: =SUM(H36,H40) -> 0 | I61: =SUM(I36,I40) -> 55000 | J61: =SUM(J36,J40) -> 22313878 | ... L61: =SUM(L36,L40) -> 23693413

Sheet Meta11
A1: 11- مصروفات المشاريع مصنفة حسب الوزارات والجهات الحكومية
A3: Ministry | B3: Code | C3: Budget | D3: Actual-CY | E3: Actual-PY
A4: Ministry of Interior-13 | B4: 13 | C4: 22000000 | D4: 21997018 | E4: 31276833
A5: Min. of Foreign Affairs-16 | B5: 16 | C5: 7055405 | D5: 5671647 | E5: 987912
A6: Deputy of H.R.H The PM-17 | B6: 17 | C6: 60000 | D6: 60000 | E6: 15000
A7: Min. of Justice & Islamic Aff & Awqaf (Justice Aff)-18 | B7: 18 | C7: 1565500 | D7: 401395 | E7: 200090
A8: Min. of Education-21 | B8: 21 | C8: 10380801 | D8: 5271730 | E8: 4432953
A9: Ministry of Health-22 | B9: 22 | C9: 10487893 | D9: 10487893 | E9: 8570086
A10: Min. of Works, Mun Aff & Urb Plg -23 (Mun Aff&Urb Plg) | B10: 23 | C10: 17678608 | D10: 11601891 | E10: 8548357
A11: Min. of Labour -24 | B11: 24 | C11: 193666 | D11: 95560 | E11: 181466
A12: General Organization for Youth&Sport-26 | B12: 26 | C12: 5298704 | D12: 5298704 | E12: 6911289
A13: Rashed Club for Equestrian & Horse Racing-28 | B13: 28 | C13: 35408 | D13: 21478 | E13: 261070
A14: Min. of Social Development-29 | B14: 29 | C14: 1348397 | D14: 800656 | E14: 970328
A15: Min of Industry & Commerce-34 | B15: 34 | C15: 4810000 | D15: 4603811 | E15: 4793449
... A20: National Guard-50 | B20: 50 | C20: 4080115 | D20: 4070533 | E20: 5953424
A21: Min. of Information Aff-55 | C21: 3151115 | D21: 491198 | E21: 1091600
A22: Tender Board-59 | B22: 59 | C22: 200000 | D22: 137365 | E22: 114432
A23: Transfers | B23: 60 | C23: 141803771 | D23: 93671804 | E23: 100302253
A24: Information Affairs Authority-65 | C24: 10003046 | D24: 5857139 | E24: 7511345
A25: Bahrain Authority for Culture & Antiquities-66 | B25: 66 | C25: 8416185 | D25: 6609206 | E25: 4650195
A26: Supreme Council for Health-67 | B26: 67 | C26: 1600000 | D26: 248534 | E26: 237637
A27: First Deputy of H.R.H The PM Office-70 | B27: 70 | C27: 3000000 | D27: 3000000 | E27: 3000000
A28: Civil Service Bureau-72 | B28: 72 | C28: 700000 | D28: 175796 | E28: 134694
A29: Central Informatics Org-73 | B29: 73 | C29: 2508644 | D29: 977881 | E29: 4768215
A30: Supreme Judicial Council (76) | B30: 76 | C30: 150000 | D30: 105607 | E30: 123848
A31: Min. of Justice & Islamic Aff & Awqaf (Islamic Aff)-77 | B31: 77 | C31: 1100000 | D31: 1063630 | E31: 1037004
A32: Survey&Land Reg Bureau-78 | B32: 78 | C32: 1000000 | D32: 434961 | E32: 543113
A33: Ministry of Finance-81 | B33: 81 | C33: 2500000 | D33: 1728391 | E33: 2483482
A34: Customs Affairs-83 | B34: 83 | C34: 1700000 | D34: 1138004 | E34: 1648470
A35: King Hamad University Hospital-88 | B35: 88 | C35: 15923320 | D35: 15923320 | E35: 10234270
A37: Min. of Information Aff-55 | B37: 55 | C37: =SUM(C21,C24) -> 13154161 | D37: =SUM(D21,D24) -> 6348337 | E37: =SUM(E21,E24) -> 8602945

Sheet Meta
A1: Entity Names
A2: ديوان صاحب السمو الملكي رئيس الوزراء | B2: 11 | D2: التبويــب | H2: البيــــــــان
A3: وزارة الدفاع (إيضاح رقم 13) | B3: 12 | D3: Code
A4: وزارة الداخلية | B4: 13 | D4: بند | E4: قسم | F4: باب | G4: نوع
A5: جهاز الأمن الوطني | B5: 14 | D5: Item | E5: Sect. | F5: Chpt. | G5: Type
A6: هيئة التشريع والإفتاء القانوني | B6: 15 | F6: 1 | G6: 4 | H6: النفط والغاز الطبيعي
A7: وزارة الخارجية | B7: 16 | E7: 1 | F7: 1 | G7: 4 | H7: مبيعات النفط
A8: نائب رئيس مجلس الوزراء – الشيخ خالد بن عبدالله آل خليفة | B8: 17 | D8: 40011 | E8: 1 | F8: 1 | G8: 4 | H8: حقل البحرين
A9: وزارة العدل والشئون الإسلامية والأوقاف (شئون العدل) | B9: 18 | D9: 40012 | E9: 1 | F9: 1 | G9: 4 | H9: حقل أبوسعفة
A10: وزارة التربية والتعليم | B10: 21 | D10: 40014 | E10: 1 | F10: 1 | G10: 4 | H10: احتياطي الأجيال القادمة
A11: وزارة الصحة | B11: 22 | E11: 2 | F11: 1 | G11: 4 | H11: مبيعات الغاز
A12: وزارة الأشغال وشئون البلديات والتخطيط العمراني (الإدارة العامة للتخطيط العمراني وإدارة الإستملاك والتعويض وشئون الزراعة والثروة البحرية) | B12: 23 | D12: 40031 | E12: 2 | F12: 1 | G12: 4 | H12: محطة المنامة للكهرباء
A13: وزارة العمل والتنمية الاجتماعية (العمل) | B13: 24 | D13: 40032 | E13: 2 | F13: 1 | G13: 4 | H13: محطة سترة للكهرباء
A14: وزارة شئون الشباب والرياضة | B14: 26 | D14: 40033 | E14: 2 | F14: 1 | G14: 4 | H14: محطة سترة للمياه
A15: نادي راشد للفروسية وسباق الخيل | B15: 28 | D15: 40034 | E15: 2 | F15: 1 | G15: 4 | H15: محطة الرفاع للكهرباء
A16: وزارة العمل والتنمية الاجتماعية (التنمية الاجتماعية) | B16: 29 | D16: 40035 | E16: 2 | F16: 1 | G16: 4 | H16: محطة الحد للكهرباء وتحلية المياه
A17: نائب رئيس مجلس الوزراء – جواد بن سالم العريض | B17: 30 | D17: 40036 | E17: 2 | F17: 1 | G17: 4 | H17: محطة الحد للمياه
A18: مستشار رئيس الوزراء للشئون الاقتصادية | B18: 31 | D18: 40037 | E18: 2 | F18: 1 | G18: 4 | H18: مبيعات الغاز إلى محطات انتاج الكهرباء والماء
A19: مكتب وزير شئون مجلس الوزراء | B19: 32 | D19: 40051 | E19: 2 | F19: 1 | G19: 4 | H19: شركة المنيوم البحرين (البا)
A20: مستشار رئيس مجلس الوزراء – ماجد الجشي | B20: 33 | D20: 40052 | E20: 2 | F20: 1 | G20: 4 | H20: شركة نفط البحرين (بابكو)
A21: وزارة الصناعة والتجارة والسياحة | B21: 34 | D21: 40053 | E21: 2 | F21: 1 | G21: 4 | H21: شركة غاز البحرين الوطنية (بناغاز)
A22: مستشار رئيس الوزراء للشئون الأمنية | B22: 35 | D22: 40054 | E22: 2 | F22: 1 | G22: 4 | H22: الشركات المحلية الاخرى
A23: وزارة الإسكان | B23: 36 | E23: 3 | F23: 1 | G23: 4 | H23: الضرائب والرسوم النفطية
A24: مستشار سمو رئيس الوزراء للشئون الصناعية والنفطية | B24: 37 | D24: 42011 | E24: 3 | F24: 1 | G24: 4 | H24: ضريبة دخل الغاز
A25: مكتب مستشار رئيس مجلس الوزراء | B25: 38 | D25: 42013 | E25: 3 | F25: 1 | G25: 4 | H25: ضريبة البنزين
A26: وزير شئون الكهرباء والماء | B26: 40 | F26: 2 | G26: 4 | H26: الضرائب والرسوم
A27: المجلس الأعلى للبيئة | B27: 41 | E27: 1 | F27: 2 | G27: 4 | H27: الضرائب والرسوم على استهلاك السلع والمنتجات
A28: نائب رئيس مجلس الوزراء – الشيخ محمد بن مبارك آل خليفة | B28: 44 | D28: 42013 | E28: 1 | F28: 2 | G28: 4 | H28: ضريبة البنزين
A29: وزارة الأشغال وشئون البلديات والتخطيط العمراني (الأشغال) | B29: 46 | E29: 2 | F29: 2 | G29: 4 | H29: الضرائب والرسوم على التجارة الدولية
A30: وزارة المواصلات والاتصالات | B30: 48 | D30: 42501 | E30: 2 | F30: 2 | G30: 4 | H30: ضرائب جمركية على السلع الضرورية الأساسية
A31: الحرس الوطني | B31: 50 | D31: 42502 | E31: 2 | F31: 2 | G31: 4 | H31: ضرائب جمركية على السلع الأساسية الثانوية للأستعمال
A32: الهيئة الوطنية للنفط والغاز | B32: 51 | D32: 42504 | E32: 2 | F32: 2 | G32: 4 | H32: ضرائب جمركية على التبغ المصنع وغير المصنع ومشتقاته
A33: وزارة الدولة لشئون الاتصالات | B33: 53 | D33: 42505 | E33: 2 | F33: 2 | G33: 4 | H33: ضرائب جمركية على السلع الكمالية
A34: وزارة شئون مجلسي الشورى والنواب | B34: 54 | D34: 42507 | E34: 2 | F34: 2 | G34: 4 | H34: ضريبة حماية الصناعة الوطنية
A35: وزارة شئون الاعلام | B35: 55 | D35: 42503 | E35: 2 | F35: 2 | G35: 4 | H35: ضرائب جمركية على المركبات
A36: وزارة الدولة لشئون حقوق الانسان | B36: 58 | D36: 42506 | E36: 2 | F36: 2 | G36: 4 | H36: ضرائب جمركية على اليخوت
A37: مجلـس المناقصات والمزايدات | B37: 59 | E37: 3 | F37: 2 | G37: 4 | H37: رسوم التسجيل والتراخيص
A38: الميزانية التحويلية | B38: 60 | D38: 43011 | E38: 3 | F38: 2 | G38: 4 | H38: نشاطات التجارة العامة
A39: وزارة النفط | B39: 61 | D39: 43021 | E39: 3 | F39: 2 | G39: 4 | H39: نشاطات الصناعة
A40: إيرادات النفط والغاز الطبيعي | B40: 62 | D40: 43031 | E40: 3 | F40: 2 | G40: 4 | H40: نشاطات الخدمات المالية
A41: هيئة شئون الإعلام | B41: 65 | D41: 43041 | E41: 3 | F41: 2 | G41: 4 | H41: نشاطات الخدمات المتنوعة
A42: هيئة البحرين للثقافة والآثار | B42: 66 | D42: 43042 | E42: 3 | F42: 2 | G42: 4 | H42: نشاطات النقل الجوي
A43: الجهاز الإداري للنيابة العامة | B43: 68 | D43: 43043 | E43: 3 | F43: 2 | G43: 4 | H43: نشاطات التراخيص الجوية
A44: مكتب صاحب السمو الملكي النائب الاول لرئيس مجلس الوزراء | B44: 70 | D44: 43051 | E44: 3 | F44: 2 | G44: 4 | H44: رسوم تسجيل الوكالات التجارية
A45: الأمانة العامة لمجلس الوزراء | B45: 71 | D45: 43061 | E45: 3 | F45: 2 | G45: 4 | H45: تراخيص مكاتب المحاماة
A46: ديوان الخدمة المدنية | B46: 72 | D46: 43071 | E46: 3 | F46: 2 | G46: 4 | H46: رسوم تنظيم مزاولة المهن الهندسية
A47: هيئة المعلومات والحكومة الإلكترونية | B47: 73 | D47: 43081 | E47: 3 | F47: 2 | G47: 4 | H47: رسوم استخراج رمال بحرية
A48: نائب رئيس مجلس الوزراء – الشيخ علي بن خليفة آل خليفة | B48: 74 | D48: 43091 | E48: 3 | F48: 2 | G48: 4 | H48: رسوم ترخيص مزاولة التطوير العقاري
A49: الأمانة العامة للمجلس الأعلى للشباب والرياضة | B49: 75 | D49: 44041 | E49: 3 | F49: 2 | G49: 4 | H49: تراخيص ومنتجات الصيدلة
... A53: وزارة شئون الشباب والرياضة (مكتب الوزير) | B53: 79 | D53: 43045 | E53: 3 | F53: 2 | G53: 4 | H53: رسوم تراخيص تنظيم البريد
A54: وزارة المالية | B54: 81 | E54: 4 | F54: 2 | G54: 4 | H54: الرسوم والأتعاب الإدارية
A55: شئون الجمارك | B55: 83 | D55: 44011 | E55: 4 | F55: 2 | G55: 4 | H55: رسوم الجوازات
A56: المجلس الأعلى للصحة | B56: 67 | D56: 44012 | E56: 4 | F56: 2 | G56: 4 | H56: رسوم الإقامات
A57: مركز الشيخ محمد بن خليفة آل خليفة التخصصي للقلب (إيضاح رقم 13) | B57: 43 | D57: 44013 | E57: 4 | F57: 2 | G57: 4 | H57: رسوم التأشيرات وشهادات عدم الممانعة
A58: هيئة الكهرباء والماء (إيضاح رقم 12) | B58: 47 | D58: 44014 | E58: 4 | F58: 2 | G58: 4 | H58: رسوم البطاقة الشخصية
A59: مستشفى الملك حمد الجامعي (إيضاح رقم 14،13) | B59: 88 | D59: 44015 | E59: 4 | F59: 2 | G59: 4 | H59: رسوم البطاقة السكانية
A60: الهيئة الوطنية لتنظيم المهن والخدمات الصحية | B60: 89 | D60: 44031 | E60: 4 | F60: 2 | G60: 4 | H60: رسوم رخص العمل
A61: مكاتب نواب صاحب السمو الملكي رئيس مجلس الوزراء | B61: D | D61: 44032 | E61: 4 | F61: 2 | G61: 4 | H61: رسوم تجديد رخص العمل
A62: مكاتب مستشاري صاحب السمو الملكي رئيس مجلس الوزراء | B62: A | D62: 44051 | E62: 4 | F62: 2 | G62: 4 | H62: رسوم تسجيل الملكية
D63: 44052 | E63: 4 | F63: 2 | G63: 4 | H63: رسوم نقل الملكية
D64: 44071 | E64: 4 | F64: 2 | G64: 4 | H64: رسوم تسجيل العربات
D65: 44072 | E65: 4 | F65: 2 | G65: 4 | H65: رسوم رخص السياقة
D66: 44091 | E66: 4 | F66: 2 | G66: 4 | H66: رسوم قضائية
D67: 44092 | E67: 4 | F67: 2 | G67: 4 | H67: رسوم التوثيق
D68: 44093 | E68: 4 | F68: 2 | G68: 4 | H68: رسوم تصديق المعاملات الرسمية
D69: 44094 | E69: 4 | F69: 2 | G69: 4 | H69: رسوم السلع الخاصة للتبغ
D70: 44095 | E70: 4 | F70: 2 | G70: 4 | H70: رسوم السلع الخاصة للسلع الكمالية
D71: 44111 | E71: 4 | F71: 2 | G71: 4 | H71: رسوم تصنيف الفنادق
D72: 44112 | E72: 4 | F72: 2 | G72: 4 | H72: رسوم الخدمات الفندقية
D73: 44131 | E73: 4 | F73: 2 | G73: 4 | H73: رسوم فحص الذهب
D74: 44132 | E74: 4 | F74: 2 | G74: 4 | H74: رسوم فحص اللؤلؤ
... D93: 44021 | E93: 4 | F93: 2 | G93: 4 | H93: حصة الحكومة من رسوم هيئة تنظيم سوق العمل
F94: 3 | G94: 4 | H94: المنتجات الخدمية والسلعية الحكومية
E95: 1 | F95: 3 | G95: 4 | H95: المنتجات الخدمية الحكومية
D96: 40136 | E96: 1 | F96: 3 | G96: 4 | H96: تزويد المطار بالمعلومات
D97: 41011 | E97: 1 | F97: 3 | G97: 4 | H97: الغرف الخاصة بالمستشفيات
D98: 41012 | E98: 1 | F98: 3 | G98: 4 | H98: الرعاية الصحية الأساسية
D99: 41013 | E99: 1 | F99: 3 | G99: 4 | H99: خدمات الصحة العامة
D100: 41014 | E100: 1 | F100: 3 | G100: 4 | H100: الخدمات الطبية الخاصة
D101: 41015 | E101: 1 | F101: 3 | G101: 4 | H101: رسوم علاج اصابات حوادث الطرق
D102: 41016 | E102: 1 | F102: 3 | G102: 4 | H102: الطب الخاص المحدود
D103: 41017 | E103: 1 | F103: 3 | G103: 4 | H103: المرضى الخارجيون
D104: 41018 | E104: 1 | F104: 3 | G104: 4 | H104: القومسيون الطبي
D105: 41019 | E105: 1 | F105: 3 | G105: 4 | H105: رسوم علاج اصابات العمل
D106: 41021 | E106: 1 | F106: 3 | G106: 4 | H106: رسوم التسجيل في كلية العلوم الصحية
D107: 41027 | E107: 1 | F107: 3 | G107: 4 | H107: رسوم تسجيل الطلبة غير البحرينين في الجامعات الحكومية
... D145: 41906 | E145: 1 | F145: 3 | G145: 4 | H145: رسوم الخدمات اللكترونية
E146: 2 | F146: 3 | G146: 4 | H146: المنتجات السلعية الحكومية
D147: 40071 | E147: 2 | F147: 3 | G147: 4 | H147: مبيعات الكهرباء
D148: 40072 | E148: 2 | F148: 3 | G148: 4 | H148: توصيلات الكهرباء
D149: 40091 | E149: 2 | F149: 3 | G149: 4 | H149: مبيعات المياه
D150: 40092 | E150: 2 | F150: 3 | G150: 4 | H150: توصيلات المياه
D151: 40111 | E151: 2 | F151: 3 | G151: 4 | H151: مبيعات زراعية
D152: 40112 | E152: 2 | F152: 3 | G152: 4 | H152: مبيعات المنتجات الحيوانية
D153: 40131 | E153: 2 | F153: 3 | G153: 4 | H153: مبيعات المطبعة
D154: 40132 | E154: 2 | F154: 3 | G154: 4 | H154: مبيعات المطبوعات
D155: 40133 | E155: 2 | F155: 3 | G155: 4 | H155: مبيعات الكتب
D156: 40134 | E156: 2 | F156: 3 | G156: 4 | H156: مبيعات المجلات والجرائد
D157: 40135 | E157: 2 | F157: 3 | G157: 4 | H157: مبيعات الإستمارات والأوراق الرسمية
D158: 40151 | E158: 2 | F158: 3 | G158: 4 | H158: مبيعات مكتب الهواه
...

Sheet  بيان الإيرادات والمصروفات
A1: بيان الإيرادات والمصروفات الموحد للدولة
A2: للسنة المالية المنتهية في 31 ديسمبر 2016
E3: (دينار بحريني)
A4: البيان | B4: الإيضاحات | C4: الاعتماد | D4: الفعلي 2016 | E4: الفعلي 2015
A5: الإيرادات
A6: النفط والغاز الطبيعي | B6: 5,4,2 | C6: ='تفصيل الإيرادات'!F5 -> 1757613000 | D6: ='تفصيل الإيرادات'!G5 -> 1436462053 | E6: ='تفصيل الإيرادات'!I5 -> 1594672391
A7: الضرائب والرسوم | B7: 5,4 | C7: ='تفصيل الإيرادات'!F28 -> 195321218 | D7: ='تفصيل الإيرادات'!G28 -> 237568219 | E7: ='تفصيل الإيرادات'!I28 -> 224533723
A8: المنتجات الخدمية والسلعية الحكومية | B8: 5,4 | C8: ='تفصيل الإيرادات'!F98 -> 70401212 | D8: ='تفصيل الإيرادات'!G98 -> 83868836 | E8: ='تفصيل الإيرادات'!I98 -> 74776392
A9: الاستثمارات والأملاك الحكومية | B9: 5,4 | C9: ='تفصيل الإيرادات'!F165 -> 93386210 | D9: ='تفصيل الإيرادات'!G165 -> 50362940 | E9: ='تفصيل الإيرادات'!I165 -> 83506829
A10: الإعانات | B10: 5,4 | C10: ='تفصيل الإيرادات'!F184 -> 28200000 | D10: ='تفصيل الإيرادات'!G184 -> 28356558 | E10: ='تفصيل الإيرادات'!I184 -> 28169590
A11: مبيعات الأصول الرأسمالية | B11: 5,4 | C11: ='تفصيل الإيرادات'!F187 -> 398320 | D11: ='تفصيل الإيرادات'!G187 -> 613885 | E11: ='تفصيل الإيرادات'!I187 -> 564281
A12: الغرامات والجزاءات والإيرادات المتنوعة | B12: 5,4 | C12: ='تفصيل الإيرادات'!F200 -> 32214040 | D12: ='تفصيل الإيرادات'!G200 -> 60544962 | E12: ='تفصيل الإيرادات'!I200 -> 35933248
A13: مجموع الإيرادات | B13: 5,4,3 | C13: =SUM(C6:C12) -> 2177534000 | D13: =SUM(D6:D12) -> 1897777453 | E13: =SUM(E6:E12) -> 2042156454
A14: المصروفات المتكررة
A15: القوى العاملة | B15: 9,8,6 | C15: ='تفصيل المصروفات '!$F$5 -> 1438476809 | D15: ='تفصيل المصروفات '!$G$5 -> 1429143771 | E15: ='تفصيل المصروفات '!$I$5 -> 1429500860
A16: الخدمات | B16: 9,8,6 | C16: ='تفصيل المصروفات '!$F$100 -> 198397732 | D16: ='تفصيل المصروفات '!$G$100 -> 217876956 | E16: ='تفصيل المصروفات '!$I$100 -> 238420990
A17: السلع الاستهلاكية | B17: 9,8,6 | C17: ='تفصيل المصروفات '!$F$175 -> 123847306 | D17: ='تفصيل المصروفات '!$G$175 -> 133774676 | E17: ='تفصيل المصروفات '!$I$175 -> 131180581
A18: السلع الرأسمالية | B18: 9,8,6 | C18: ='تفصيل المصروفات '!$F$233 -> 26445364 | D18: ='تفصيل المصروفات '!$G$233 -> 29406230 | E18: ='تفصيل المصروفات '!$I$233 -> 30313224
A19: الصيانة | B19: 9,8,6 | C19: ='تفصيل المصروفات '!$F$347 -> 57587636 | D19: ='تفصيل المصروفات '!$G$347 -> 66748918 | E19: ='تفصيل المصروفات '!$I$347 -> 59986238
A20: نفقات تحويلية | B20: 9,8,6 | C20: ='تفصيل المصروفات '!$F$423 -> 666394098 | D20: ='تفصيل المصروفات '!$G$423 -> 611362748 | E20: ='تفصيل المصروفات '!$I$423 -> 668488285
A21: الإعانات وتسديد فوائد القروض | B21: 9,8,6 | C21: ='تفصيل المصروفات '!$F$436 -> 677401055 | D21: ='تفصيل المصروفات '!$G$436 -> 633099754 | E21: ='تفصيل المصروفات '!$I$436 -> 557846113
A22: مجموع المصروفات المتكررة | B22: 9,8,7,6,3 | C22: =SUM(C15:C21) -> 3188550000 | D22: =SUM(D15:D21) -> 3121413053 | E22: =SUM(E15:E21) -> 3115736291
A23: مصروفات المشاريع | B23: 11,6,3 | C23: =مشاريع!C38 -> 553000000 | D23: =مشاريع!D38 -> 410882998 | E23: =مشاريع!F38 -> 443679113
A24: مجموع المصروفات | B24: 6 | C24: =SUM(C22:C23) -> 3741550000 | D24: =SUM(D22:D23) -> 3532296051 | E24: =SUM(E22:E23) -> 3559415404
A25: العجز للسنة | C25: =C13-C24 -> -1564016000 | D25: =D13-D24 -> -1634518598 | E25: =E13-E24 -> -1517258950
A27: مصروفات مشاريع التسليح والتطوير | B27: 14 | C27: 0 | D27: 0 | E27: 0
A28: العجز للسنة | C28: =C25-C27 -> -1564016000 | D28: =D25-D27 -> -1634518598 | E28: =E25-E27 -> -1517258950
A29: بيان الاعتمادات المدورة
D30: 2016 | E30: 2015
A31: اعتمادات المصروفات المتكررة | B31: 15,7,6 | D31: 0 | E31: 0
A32: اعتمادات المشاريع | B32: 16,6 | D32: 77000000 | E32: 59000000
A33: مجموع الاعتمادات المدورة | D33: =SUM(D31:D32) -> 77000000 | E33: =SUM(E31:E32) -> 59000000
A35: الإيضاحات الواردة على الصفحات من (5) إلى (35) هي جزء مكمل للحساب الختامي الموحد للدولة.

Sheet إيرادات النفط 
A1: 2- إيرادات النفط والغاز الطبيعي
C2: (دينار بحريني)
A3: البيان | B3: الفعلي 2016 | C3: الفعلي 2015
A5: إيرادات حقل البحرين النفطية والمصفاة
A6: الإيرادات
A7: إجمالي الإيرادات | B7: 1771260183 | C7: 2175842253
A8: إجمالي التكاليف | B8: -1492617008 | C8: -1945117326
A9: صافي الإيرادات | B9: =SUM(B7:B8) -> 278643175 | C9: =SUM(C7:C8) -> 230724927
A11: إيرادات حقل أبو سعفة
A12: إجمالي الإيرادات | B12: 821916124 | C12: 1066466713
A13: إجمالي التكاليف | B13: -98245176 | C13: -109061876
A14: احتياطي الأجيال القادمة | B14: -14056467 | C14: -17105245
A15: صافي الإيرادات | B15: =SUM(B12:B14) -> 709614481 | C15: =SUM(C12:C14) -> 940299592
A17: مبيعات الغاز الطبيعي
A18: إيرادات الغاز الطبيعي | B18: 443340791 | C18: 411785821
A20: ضرائب ورسوم نفطية | B20: 4863606 | C20: 11862051
A21: توزيعات أرباح مستلمة (الشركة القابضة للنفط والغاز) | B21: 0 | C21: 0
A23: صافي إيرادات النفط والغاز الطبيعي | B23: =B9+B15+B18+B20+B21 -> 1436462053 | C23: =C9+C15+C18+C20+C21 -> 1594672391

Sheet مصروفات وايرادات الوزارات
A1: 3- الإيرادات والمصروفات مصنفة حسب الوزارات والجهات الحكومية
C2: (دينار بحريني)
A3: الوزارة أو الجهة الحكومية | C3: الإيرادات | F3: المصروفات المتكررة | J3: مصروفات المشاريع
B4: Code | C4: الفعلي | D4: الاعتماد | E4: نسبة التحصيل % | F4: الفعلي | G4: الاعتماد | H4: نسبة الصرف % | J4: الفعلي | K4: الاعتماد | L4: نسبة الصرف %
A5: ديوان صاحب السمو الملكي رئيس الوزراء | B5: 11 | C5: {=IFERROR(INDEX(الايرادات!J:J,MATCH($B5,الايرادات!$B:$B,0)),0)} -> 0 | D5: {=IFERROR(INDEX(الايرادات!K:K,MATCH($B5,الايرادات!$B:$B,0)),0)} -> 0 | E5: 0 | F5: {=IFERROR(INDEX('مصروفات الوزارات'!J:J,MATCH($B5,'مصروفات الوزارات'!$B:$B,0)),0)} -> 19222654 | G5: {=IFERROR(INDEX('مصروفات الوزارات'!K:K,MATCH($B5,'مصروفات الوزارات'!$B:$B,0)),0)} -> 19342000 | H5: 99.38 | J5: {=IFERROR(INDEX(مشاريع!D:D,MATCH($B5,مشاريع!$B:$B,0)),0)} -> 0 | K5: {=IFERROR(INDEX(مشاريع!C:C,MATCH($B5,مشاريع!$B:$B,0)),0)} -> 0 | L5: 0
A6: وزارة الدفاع (إيضاح رقم 13) | B6: 12 | C6: {=IFERROR(INDEX(الايرادات!J:J,MATCH($B6,الايرادات!$B:$B,0)),0)} -> 0 | D6: {=IFERROR(INDEX(الايرادات!K:K,MATCH($B6,الايرادات!$B:$B,0)),0)} -> 0 | E6: 0 | F6: {=IFERROR(INDEX('مصروفات الوزارات'!J:J,MATCH($B6,'مصروفات الوزارات'!$B:$B,0)),0)} -> 521881353 | G6: {=IFERROR(INDEX('مصروفات الوزارات'!K:K,MATCH($B6,'مصروفات الوزارات'!$B:$B,0)),0)} -> 494450000 | H6: 105.55 | J6: {=IFERROR(INDEX(مشاريع!D:D,MATCH($B6,مشاريع!$B:$B,0)),0)} -> 0 | K6: {=IFERROR(INDEX(مشاريع!C:C,MATCH($B6,مشاريع!$B:$B,0)),0)} -> 0 | L6: 0
A7: وزارة الداخلية | B7: 13 | C7: {=IFERROR(INDEX(الايرادات!J:J,MATCH($B7,الايرادات!$B:$B,0)),0)} -> 50947296 | D7: {=IFERROR(INDEX(الايرادات!K:K,MATCH($B7,الايرادات!$B:$B,0)),0)} -> 40700000 | E7: 125.18 | F7: {=IFERROR(INDEX('مصروفات الوزارات'!J:J,MATCH($B7,'مصروفات الوزارات'!$B:$B,0)),0)} -> 357208195 | G7: {=IFERROR(INDEX('مصروفات الوزارات'!K:K,MATCH($B7,'مصروفات الوزارات'!$B:$B,0)),0)} -> 355500000 | H7: 100.48 | J7: {=IFERROR(INDEX(مشاريع!D:D,MATCH($B7,مشاريع!$B:$B,0)),0)} -> 21997018 | K7: {=IFERROR(INDEX(مشاريع!C:C,MATCH($B7,مشاريع!$B:$B,0)),0)} -> 22000000 | L7: 99.99
A8: جهاز الأمن الوطني | B8: 14 | C8: {=IFERROR(INDEX(الايرادات!J:J,MATCH($B8,الايرادات!$B:$B,0)),0)} -> 0 | D8: {=IFERROR(INDEX(الايرادات!K:K,MATCH($B8,الايرادات!$B:$B,0)),0)} -> 0 | E8: 0 | F8: {=IFERROR(INDEX('مصروفات الوزارات'!J:J,MATCH($B8,'مصروفات الوزارات'!$B:$B,0)),0)} -> 34842000 | G8: {=IFERROR(INDEX('مصروفات الوزارات'!K:K,MATCH($B8,'مصروفات الوزارات'!$B:$B,0)),0)} -> 34842000 | H8: 100 | J8: {=IFERROR(INDEX(مشاريع!D:D,MATCH($B8,مشاريع!$B:$B,0)),0)} -> 0 | K8: {=IFERROR(INDEX(مشاريع!C:C,MATCH($B8,مشاريع!$B:$B,0)),0)} -> 0 | L8: 0
A9: هيئة التشريع والإفتاء القانوني | B9: 15 | C9: {=IFERROR(INDEX(الايرادات!J:J,MATCH($B9,الايرادات!$B:$B,0)),0)} -> 3546 | D9: {=IFERROR(INDEX(الايرادات!K:K,MATCH($B9,الايرادات!$B:$B,0)),0)} -> 5000 | E9: 70.91 | F9: {=IFERROR(INDEX('مصروفات الوزارات'!J:J,MATCH($B9,'مصروفات الوزارات'!$B:$B,0)),0)} -> 2530529 | G9: {=IFERROR(INDEX('مصروفات الوزارات'!K:K,MATCH($B9,'مصروفات الوزارات'!$B:$B,0)),0)} -> 2530529 | H9: 100 | J9: {=IFERROR(INDEX(مشاريع!D:D,MATCH($B9,مشاريع!$B:$B,0)),0)} -> 0 | K9: {=IFERROR(INDEX(مشاريع!C:C,MATCH($B9,مشاريع!$B:$B,0)),0)} -> 0 | L9: 0
A10: وزارة الخارجية | B10: 16 | C10: {=IFERROR(INDEX(الايرادات!J:J,MATCH($B10,الايرادات!$B:$B,0)),0)} -> 1603334 | D10: {=IFERROR(INDEX(الايرادات!K:K,MATCH($B10,الايرادات!$B:$B,0)),0)} -> 2055000 | E10: 78.02 | F10: {=IFERROR(INDEX('مصروفات الوزارات'!J:J,MATCH($B10,'مصروفات الوزارات'!$B:$B,0)),0)} -> 30567635 | G10: {=IFERROR(INDEX('مصروفات الوزارات'!K:K,MATCH($B10,'مصروفات الوزارات'!$B:$B,0)),0)} -> 30569641 | H10: 99.99 | J10: {=IFERROR(INDEX(مشاريع!D:D,MATCH($B10,مشاريع!$B:$B,0)),0)} -> 5671647 | K10: {=IFERROR(INDEX(مشاريع!C:C,MATCH($B10,مشاريع!$B:$B,0)),0)} -> 7055405 | L10: 80.39
A11: وزارة العدل والشئون الإسلامية والأوقاف (شئون العدل) | B11: 18 | C11: {=IFERROR(INDEX(الايرادات!J:J,MATCH($B11,الايرادات!$B:$B,0)),0)} -> 15126414 | D11: {=IFERROR(INDEX(الايرادات!K:K,MATCH($B11,الايرادات!$B:$B,0)),0)} -> 10846000 | E11: 139.47 | F11: {=IFERROR(INDEX('مصروفات الوزارات'!J:J,MATCH($B11,'مصروفات الوزارات'!$B:$B,0)),0)} -> 12169486 | G11: {=IFERROR(INDEX('مصروفات الوزارات'!K:K,MATCH($B11,'مصروفات الوزارات'!$B:$B,0)),0)} -> 11067765 | H11: 109.95 | J11: {=IFERROR(INDEX(مشاريع!D:D,MATCH($B11,مشاريع!$B:$B,0)),0)} -> 401395 | K11: {=IFERROR(INDEX(مشاريع!C:C,MATCH($B11,مشاريع!$B:$B,0)),0)} -> 1565500 | L11: 25.64
A12: وزارة التربية والتعليم | B12: 21 | C12: {=IFERROR(INDEX(الايرادات!J:J,MATCH($B12,الايرادات!$B:$B,0)),0)} -> 843390 | D12: {=IFERROR(INDEX(الايرادات!K:K,MATCH($B12,الايرادات!$B:$B,0)),0)} -> 900000 | E12: 93.71 | F12: {=IFERROR(INDEX('مصروفات الوزارات'!J:J,MATCH($B12,'مصروفات الوزارات'!$B:$B,0)),0)} -> 334558748 | G12: {=IFERROR(INDEX('مصروفات الوزارات'!K:K,MATCH($B12,'مصروفات الوزارات'!$B:$B,0)),0)} -> 327143231 | H12: 102.27 | J12: {=IFERROR(INDEX(مشاريع!D:D,MATCH($B12,مشاريع!$B:$B,0)),0)} -> 5271730 | K12: {=IFERROR(INDEX(مشاريع!C:C,MATCH($B12,مشاريع!$B:$B,0)),0)} -> 10380801 | L12: 50.78
A13: وزارة الصحة | B13: 22 | C13: {=IFERROR(INDEX(الايرادات!J:J,MATCH($B13,الايرادات!$B:$B,0)),0)} -> 43249123 | D13: {=IFERROR(INDEX(الايرادات!K:K,MATCH($B13,الايرادات!$B:$B,0)),0)} -> 33570000 | E13: 128.83 | F13: {=IFERROR(INDEX('مصروفات الوزارات'!J:J,MATCH($B13,'مصروفات الوزارات'!$B:$B,0)),0)} -> 261116093 | G13: {=IFERROR(INDEX('مصروفات الوزارات'!K:K,MATCH($B13,'مصروفات الوزارات'!$B:$B,0)),0)} -> 262354534 | H13: 99.53 | J13: {=IFERROR(INDEX(مشاريع!D:D,MATCH($B13,مشاريع!$B:$B,0)),0)} -> 10487893 | K13: {=IFERROR(INDEX(مشاريع!C:C,MATCH($B13,مشاريع!$B:$B,0)),0)} -> 10487893 | L13: 100
A14: وزارة الأشغال وشئون البلديات والتخطيط العمراني (الإدارة العامة للتخطيط العمراني وإدارة الاستملاك والتعويض وشئون الزراعة والثروة البحرية) | B14: 23 | C14: {=IFERROR(INDEX(الايرادات!J:J,MATCH($B14,الايرادات!$B:$B,0)),0)} -> 3321518 | D14: {=IFERROR(INDEX(الايرادات!K:K,MATCH($B14,الايرادات!$B:$B,0)),0)} -> 335000 | E14: 991 | F14: {=IFERROR(INDEX('مصروفات الوزارات'!J:J,MATCH($B14,'مصروفات الوزارات'!$B:$B,0)),0)} -> 10756348 | G14: {=IFERROR(INDEX('مصروفات الوزارات'!K:K,MATCH($B14,'مصروفات الوزارات'!$B:$B,0)),0)} -> 11974408 | H14: 89.83 | J14: {=IFERROR(INDEX(مشاريع!D:D,MATCH($B14,مشاريع!$B:$B,0)),0)} -> 11601891 | K14: {=IFERROR(INDEX(مشاريع!C:C,MATCH($B14,مشاريع!$B:$B,0)),0)} -> 17678608 | L14: 65.63
A15: وزارة العمل والتنمية الاجتماعية (العمل) | B15: 24 | C15: {=IFERROR(INDEX(الايرادات!J:J,MATCH($B15,الايرادات!$B:$B,0)),0)} -> 10411 | D15: {=IFERROR(INDEX(الايرادات!K:K,MATCH($B15,الايرادات!$B:$B,0)),0)} -> 74000 | E15: 14.07 | F15: {=IFERROR(INDEX('مصروفات الوزارات'!J:J,MATCH($B15,'مصروفات الوزارات'!$B:$B,0)),0)} -> 6034407 | G15: {=IFERROR(INDEX('مصروفات الوزارات'!K:K,MATCH($B15,'مصروفات الوزارات'!$B:$B,0)),0)} -> 6034399 | H15: 100 | J15: {=IFERROR(INDEX(مشاريع!D:D,MATCH($B15,مشاريع!$B:$B,0)),0)} -> 95560 | K15: {=IFERROR(INDEX(مشاريع!C:C,MATCH($B15,مشاريع!$B:$B,0)),0)} -> 193666 | L15: 49.34
A16: وزارة شئون الشباب والرياضة (إيضاح رقم 17) | B16: 26 | C16: {=IFERROR(INDEX(الايرادات!J:J,MATCH($B16,الايرادات!$B:$B,0)),0)} -> 51280 | D16: {=IFERROR(INDEX(الايرادات!K:K,MATCH($B16,الايرادات!$B:$B,0)),0)} -> 17000 | E16: 301.64 | F16: {=IFERROR(INDEX('مصروفات الوزارات'!J:J,MATCH($B16,'مصروفات الوزارات'!$B:$B,0)),0)} -> 12183012 | G16: {=IFERROR(INDEX('مصروفات الوزارات'!K:K,MATCH($B16,'مصروفات الوزارات'!$B:$B,0)),0)} -> 12369000 | H16: 98 | J16: {=IFERROR(INDEX(مشاريع!D:D,MATCH($B16,مشاريع!$B:$B,0)),0)} -> 5298704 | K16: {=IFERROR(INDEX(مشاريع!C:C,MATCH($B16,مشاريع!$B:$B,0)),0)} -> 5298704 | L16: 100
... A22: مكتب صاحب السمو الملكي النائب الأول لرئيس مجلس الوزراء | B22: 70 | C22: {=IFERROR(INDEX(الايرادات!J:J,MATCH($B22,الايرادات!$B:$B,0)),0)} -> 0 | D22: {=IFERROR(INDEX(الايرادات!K:K,MATCH($B22,الايرادات!$B:$B,0)),0)} -> 0 | E22: 0 | F22: {=IFERROR(INDEX('مصروفات الوزارات'!J:J,MATCH($B22,'مصروفات الوزارات'!$B:$B,0)),0)} -> 1429831 | G22: {=IFERROR(INDEX('مصروفات الوزارات'!K:K,MATCH($B22,'مصروفات الوزارات'!$B:$B,0)),0)} -> 1804000 | H22: 79.26 | J22: {=IFERROR(INDEX(مشاريع!D:D,MATCH($B22,مشاريع!$B:$B,0)),0)} -> 3000000 | K22: {=IFERROR(INDEX(مشاريع!C:C,MATCH($B22,مشاريع!$B:$B,0)),0)} -> 3000000 | L22: 100
A23: مكاتب نواب رئيس مجلس الوزراء | B23: D | C23: {=IFERROR(INDEX(الايرادات!J:J,MATCH($B23,الايرادات!$B:$B,0)),0)} -> 0 | D23: {=IFERROR(INDEX(الايرادات!K:K,MATCH($B23,الايرادات!$B:$B,0)),0)} -> 0 | E23: 0 | F23: {=IFERROR(INDEX('مصروفات الوزارات'!J:J,MATCH($B23,'مصروفات الوزارات'!$B:$B,0)),0)} -> 3254329 | G23: {=IFERROR(INDEX('مصروفات الوزارات'!K:K,MATCH($B23,'مصروفات الوزارات'!$B:$B,0)),0)} -> 3644363 | H23: 89.297581 | J23: {=IFERROR(INDEX(مشاريع!D:D,MATCH($B23,مشاريع!$B:$B,0)),0)} -> 60000 | K23: {=IFERROR(INDEX(مشاريع!C:C,MATCH($B23,مشاريع!$B:$B,0)),0)} -> 60000 | L23: 100
A24: مكاتب مستشاري صاحب السمو الملكي رئيس مجلس الوزراء | B24: A | C24: {=IFERROR(INDEX(الايرادات!J:J,MATCH($B24,الايرادات!$B:$B,0)),0)} -> 0 | D24: {=IFERROR(INDEX(الايرادات!K:K,MATCH($B24,الايرادات!$B:$B,0)),0)} -> 0 | E24: 0 | F24: {=IFERROR(INDEX('مصروفات الوزارات'!J:J,MATCH($B24,'مصروفات الوزارات'!$B:$B,0)),0)} -> 493996 | G24: {=IFERROR(INDEX('مصروفات الوزارات'!K:K,MATCH($B24,'مصروفات الوزارات'!$B:$B,0)),0)} -> 601710 | H24: 82.098685 | J24: {=IFERROR(INDEX(مشاريع!D:D,MATCH($B24,مشاريع!$B:$B,0)),0)} -> 0 | K24: {=IFERROR(INDEX(مشاريع!C:C,MATCH($B24,مشاريع!$B:$B,0)),0)} -> 0 | L24: 0
A25: مكتب وزير شئون الكهرباء والماء | B25: 40 | C25: {=IFERROR(INDEX(الايرادات!J:J,MATCH($B25,الايرادات!$B:$B,0)),0)} -> 0 | D25: {=IFERROR(INDEX(الايرادات!K:K,MATCH($B25,الايرادات!$B:$B,0)),0)} -> 0 | E25: 0 | F25: {=IFERROR(INDEX('مصروفات الوزارات'!J:J,MATCH($B25,'مصروفات الوزارات'!$B:$B,0)),0)} -> 232161 | G25: {=IFERROR(INDEX('مصروفات الوزارات'!K:K,MATCH($B25,'مصروفات الوزارات'!$B:$B,0)),0)} -> 271000 | H25: 85.67 | J25: {=IFERROR(INDEX(مشاريع!D:D,MATCH($B25,مشاريع!$B:$B,0)),0)} -> 0 | K25: {=IFERROR(INDEX(مشاريع!C:C,MATCH($B25,مشاريع!$B:$B,0)),0)} -> 0 | L25: 0
A26: 3- الإيرادات والمصروفات مصنفة حسب الوزارات والجهات الحكومية (تتمة)
C27: (دينار بحريني)
A28: الوزارة أو الجهة الحكومية | C28: الإيرادات | F28: المصروفات المتكررة | J28: مصروفات المشاريع
C29: الفعلي | D29: الاعتماد | E29: نسبة التحصيل % | F29: الفعلي | G29: الاعتماد | H29: نسبة الصرف % | J29: الفعلي | K29: الاعتماد | L29: نسبة الصرف %
A30: المجلس الأعلى للبيئة | B30: 41 | C30: {=IFERROR(INDEX(الايرادات!J:J,MATCH($B30,الايرادات!$B:$B,0)),0)} -> 280041 | D30: {=IFERROR(INDEX(الايرادات!K:K,MATCH($B30,الايرادات!$B:$B,0)),0)} -> 273000 | E30: 102.58 | F30: {=IFERROR(INDEX('مصروفات الوزارات'!J:J,MATCH($B30,'مصروفات الوزارات'!$B:$B,0)),0)} -> 5929430 | G30: {=IFERROR(INDEX('مصروفات الوزارات'!K:K,MATCH($B30,'مصروفات الوزارات'!$B:$B,0)),0)} -> 6542000 | H30: 90.64 | J30: {=IFERROR(INDEX(مشاريع!D:D,MATCH($B30,مشاريع!$B:$B,0)),0)} -> 195681 | K30: {=IFERROR(INDEX(مشاريع!C:C,MATCH($B30,مشاريع!$B:$B,0)),0)} -> 1000000 | L30: 19.57
A31: مركز الشيخ محمد بن خليفة آل خليفة التخصصي للقلب (إيضاح رقم 13) | B31: 43 | C31: {=IFERROR(INDEX(الايرادات!J:J,MATCH($B31,الايرادات!$B:$B,0)),0)} -> 0 | D31: {=IFERROR(INDEX(الايرادات!K:K,MATCH($B31,الايرادات!$B:$B,0)),0)} -> 0 | E31: 0 | F31: {=IFERROR(INDEX('مصروفات الوزارات'!J:J,MATCH($B31,'مصروفات الوزارات'!$B:$B,0)),0)} -> 15464999 | G31: {=IFERROR(INDEX('مصروفات الوزارات'!K:K,MATCH($B31,'مصروفات الوزارات'!$B:$B,0)),0)} -> 15465000 | H31: 100 | J31: {=IFERROR(INDEX(مشاريع!D:D,MATCH($B31,مشاريع!$B:$B,0)),0)} -> 0 | K31: {=IFERROR(INDEX(مشاريع!C:C,MATCH($B31,مشاريع!$B:$B,0)),0)} -> 0 | L31: 0
A32: وزارة الأشغال وشئون البلديات والتخطيط العمراني (الأشغال) | B32: 46 | C32: {=IFERROR(INDEX(الايرادات!J:J,MATCH($B32,الايرادات!$B:$B,0)),0)} -> 2364940 | D32: {=IFERROR(INDEX(الايرادات!K:K,MATCH($B32,الايرادات!$B:$B,0)),0)} -> 267000 | E32: 885.75 | F32: {=IFERROR(INDEX('مصروفات الوزارات'!J:J,MATCH($B32,'مصروفات الوزارات'!$B:$B,0)),0)} -> 45201214 | G32: {=IFERROR(INDEX('مصروفات الوزارات'!K:K,MATCH($B32,'مصروفات الوزارات'!$B:$B,0)),0)} -> 45456010 | H32: 99.44 | J32: {=IFERROR(INDEX(مشاريع!D:D,MATCH($B32,مشاريع!$B:$B,0)),0)} -> 62029663 | K32: {=IFERROR(INDEX(مشاريع!C:C,MATCH($B32,مشاريع!$B:$B,0)),0)} -> 108762065 | L32: 57.03
A33: هيئة الكهرباء والماء (إيضاح رقم 12) | B33: 47 | C33: {=IFERROR(INDEX(الايرادات!J:J,MATCH($B33,الايرادات!$B:$B,0)),0)} -> 0 | D33: {=IFERROR(INDEX(الايرادات!K:K,MATCH($B33,الايرادات!$B:$B,0)),0)} -> 0 | E33: 0 | F33: {=IFERROR(INDEX('مصروفات الوزارات'!J:J,MATCH($B33,'مصروفات الوزارات'!$B:$B,0)),0)} -> 268971800 | G33: {=IFERROR(INDEX('مصروفات الوزارات'!K:K,MATCH($B33,'مصروفات الوزارات'!$B:$B,0)),0)} -> 315735000 | H33: 85.19 | J33: {=IFERROR(INDEX(مشاريع!D:D,MATCH($B33,مشاريع!$B:$B,0)),0)} -> 0 | K33: {=IFERROR(INDEX(مشاريع!C:C,MATCH($B33,مشاريع!$B:$B,0)),0)} -> 0 | L33: 0
A34: وزارة المواصلات والاتصالات | B34: 48 | C34: {=IFERROR(INDEX(الايرادات!J:J,MATCH($B34,الايرادات!$B:$B,0)),0)} -> 45525179 | D34: {=IFERROR(INDEX(الايرادات!K:K,MATCH($B34,الايرادات!$B:$B,0)),0)} -> 38657000 | E34: 117.77 | F34: {=IFERROR(INDEX('مصروفات الوزارات'!J:J,MATCH($B34,'مصروفات الوزارات'!$B:$B,0)),0)} -> 33020801 | G34: {=IFERROR(INDEX('مصروفات الوزارات'!K:K,MATCH($B34,'مصروفات الوزارات'!$B:$B,0)),0)} -> 33020801 | H34: 100 | J34: {=IFERROR(INDEX(مشاريع!D:D,MATCH($B34,مشاريع!$B:$B,0)),0)} -> 3708048 | K34: {=IFERROR(INDEX(مشاريع!C:C,MATCH($B34,مشاريع!$B:$B,0)),0)} -> 6748789 | L34: 54.94
A35: الحرس الوطني | B35: 50 | C35: {=IFERROR(INDEX(الايرادات!J:J,MATCH($B35,الايرادات!$B:$B,0)),0)} -> 0 | D35: {=IFERROR(INDEX(الايرادات!K:K,MATCH($B35,الايرادات!$B:$B,0)),0)} -> 0 | E35: 0 | F35: {=IFERROR(INDEX('مصروفات الوزارات'!J:J,MATCH($B35,'مصروفات الوزارات'!$B:$B,0)),0)} -> 40199999 | G35: {=IFERROR(INDEX('مصروفات الوزارات'!K:K,MATCH($B35,'مصروفات الوزارات'!$B:$B,0)),0)} -> 40200000 | H35: 100 | J35: {=IFERROR(INDEX(مشاريع!D:D,MATCH($B35,مشاريع!$B:$B,0)),0)} -> 4070533 | K35: {=IFERROR(INDEX(مشاريع!C:C,MATCH($B35,مشاريع!$B:$B,0)),0)} -> 4080115 | L35: 99.77
A36: الهيئة الوطنية للنفط والغاز | B36: 51 | C36: {=IFERROR(INDEX(الايرادات!J:J,MATCH($B36,الايرادات!$B:$B,0)),0)} -> 60 | D36: {=IFERROR(INDEX(الايرادات!K:K,MATCH($B36,الايرادات!$B:$B,0)),0)} -> 0 | E36: 0 | F36: {=IFERROR(INDEX('مصروفات الوزارات'!J:J,MATCH($B36,'مصروفات الوزارات'!$B:$B,0)),0)} -> 2405895 | G36: {=IFERROR(INDEX('مصروفات الوزارات'!K:K,MATCH($B36,'مصروفات الوزارات'!$B:$B,0)),0)} -> 2405895 | H36: 100 | J36: {=IFERROR(INDEX(مشاريع!D:D,MATCH($B36,مشاريع!$B:$B,0)),0)} -> 0 | K36: {=IFERROR(INDEX(مشاريع!C:C,MATCH($B36,مشاريع!$B:$B,0)),0)} -> 0 | L36: 0
A37: وزارة شئون مجلسي الشورى والنواب | B37: 54 | C37: {=IFERROR(INDEX(الايرادات!J:J,MATCH($B37,الايرادات!$B:$B,0)),0)} -> 0 | D37: {=IFERROR(INDEX(الايرادات!K:K,MATCH($B37,الايرادات!$B:$B,0)),0)} -> 0 | E37: 0 | F37: {=IFERROR(INDEX('مصروفات الوزارات'!J:J,MATCH($B37,'مصروفات الوزارات'!$B:$B,0)),0)} -> 1354086 | G37: {=IFERROR(INDEX('مصروفات الوزارات'!K:K,MATCH($B37,'مصروفات الوزارات'!$B:$B,0)),0)} -> 1404000 | H37: 96.44 | J37: {=IFERROR(INDEX(مشاريع!D:D,MATCH($B37,مشاريع!$B:$B,0)),0)} -> 0 | K37: {=IFERROR(INDEX(مشاريع!C:C,MATCH($B37,مشاريع!$B:$B,0)),0)} -> 0 | L37: 0
A38: وزارة شئون الإعلام (إيضاح رقم 17) | B38: 55 | C38: {=IFERROR(INDEX(الايرادات!J:J,MATCH($B38,الايرادات!$B:$B,0)),0)} -> 1734883 | D38: {=IFERROR(INDEX(الايرادات!K:K,MATCH($B38,الايرادات!$B:$B,0)),0)} -> 1628000 | E38: 106.56529 | F38: {=IFERROR(INDEX('مصروفات الوزارات'!J:J,MATCH($B38,'مصروفات الوزارات'!$B:$B,0)),0)} -> 22313878 | G38: {=IFERROR(INDEX('مصروفات الوزارات'!K:K,MATCH($B38,'مصروفات الوزارات'!$B:$B,0)),0)} -> 23546400 | H38: 94.765561 | J38: {=IFERROR(INDEX(مشاريع!D:D,MATCH($B38,مشاريع!$B:$B,0)),0)} -> 6348337 | K38: {=IFERROR(INDEX(مشاريع!C:C,MATCH($B38,مشاريع!$B:$B,0)),0)} -> 13154161 | L38: 48.261056
A39: مجلـس المناقصات والمزايدات | B39: 59 | C39: {=IFERROR(INDEX(الايرادات!J:J,MATCH($B39,الايرادات!$B:$B,0)),0)} -> 7255 | D39: {=IFERROR(INDEX(الايرادات!K:K,MATCH($B39,الايرادات!$B:$B,0)),0)} -> 0 | E39: 0 | F39: {=IFERROR(INDEX('مصروفات الوزارات'!J:J,MATCH($B39,'مصروفات الوزارات'!$B:$B,0)),0)} -> 986584 | G39: {=IFERROR(INDEX('مصروفات الوزارات'!K:K,MATCH($B39,'مصروفات الوزارات'!$B:$B,0)),0)} -> 1125000 | H39: 87.7 | J39: {=IFERROR(INDEX(مشاريع!D:D,MATCH($B39,مشاريع!$B:$B,0)),0)} -> 137365 | K39: {=IFERROR(INDEX(مشاريع!C:C,MATCH($B39,مشاريع!$B:$B,0)),0)} -> 200000 | L39: 68.68
A40: الميزانيات التحويلية (إيضاح رقم 10) | B40: 60 | C40: {=IFERROR(INDEX(الايرادات!J:J,MATCH($B40,الايرادات!$B:$B,0)),0)} -> 120154298 | D40: {=IFERROR(INDEX(الايرادات!K:K,MATCH($B40,الايرادات!$B:$B,0)),0)} -> 147843000 | E40: 81.27 | F40: {=IFERROR(INDEX('مصروفات الوزارات'!J:J,MATCH($B40,'مصروفات الوزارات'!$B:$B,0)),0)} -> 915271526 | G40: {=IFERROR(INDEX('مصروفات الوزارات'!K:K,MATCH($B40,'مصروفات الوزارات'!$B:$B,0)),0)} -> 967776980 | H40: 94.55 | J40: {=IFERROR(INDEX(مشاريع!D:D,MATCH($B40,مشاريع!$B:$B,0)),0)} -> 93671803 | K40: {=IFERROR(INDEX(مشاريع!C:C,MATCH($B40,مشاريع!$B:$B,0)),0)} -> 141803770 | L40: 66.06
A41: وزارة النفط | B41: 61 | C41: {=IFERROR(INDEX(الايرادات!J:J,MATCH($B41,الايرادات!$B:$B,0)),0)} -> 0 | D41: {=IFERROR(INDEX(الايرادات!K:K,MATCH($B41,الايرادات!$B:$B,0)),0)} -> 0 | E41: 0 | F41: {=IFERROR(INDEX('مصروفات الوزارات'!J:J,MATCH($B41,'مصروفات الوزارات'!$B:$B,0)),0)} -> 89993 | G41: {=IFERROR(INDEX('مصروفات الوزارات'!K:K,MATCH($B41,'مصروفات الوزارات'!$B:$B,0)),0)} -> 148550 | H41: 60.58 | J41: {=IFERROR(INDEX(مشاريع!D:D,MATCH($B41,مشاريع!$B:$B,0)),0)} -> 0 | K41: {=IFERROR(INDEX(مشاريع!C:C,MATCH($B41,مشاريع!$B:$B,0)),0)} -> 0 | L41: 0
... A56: الهيئة الوطنية لتنظيم المهن والخدمات الصحية | B56: 89 | C56: {=IFERROR(INDEX(الايرادات!J:J,MATCH($B56,الايرادات!$B:$B,0)),0)} -> 885527 | D56: {=IFERROR(INDEX(الايرادات!K:K,MATCH($B56,الايرادات!$B:$B,0)),0)} -> 357000 | E56: 248.05 | F56: {=IFERROR(INDEX('مصروفات الوزارات'!J:J,MATCH($B56,'مصروفات الوزارات'!$B:$B,0)),0)} -> 1965318 | G56: {=IFERROR(INDEX('مصروفات الوزارات'!K:K,MATCH($B56,'مصروفات الوزارات'!$B:$B,0)),0)} -> 2651000 | H56: 74.14 | J56: {=IFERROR(INDEX(مشاريع!D:D,MATCH($B56,مشاريع!$B:$B,0)),0)} -> 0 | K56: {=IFERROR(INDEX(مشاريع!C:C,MATCH($B56,مشاريع!$B:$B,0)),0)} -> 0 | L56: 0
A57: المجموع | C57: =SUM(C5:C56) -> 1897777453 | D57: =SUM(D5:D56) -> 2177534000 | E57: =C57/D57*100 -> 87.152598 | F57: =SUM(F5:F56) -> 3121413053 | G57: =SUM(G5:G56) -> 3188550000 | H57: =F57/G57*100 -> 97.894436 | J57: =SUM(J5:J56) -> 410882998 | K57: =SUM(K5:K56) -> 553000000 | L57: =J57/K57*100 -> 74.300723

Sheet الايرادات
A1: 4- الإيرادات مصنفة حسب الأبواب والوزارات والجهات الحكومية
C2: (دينار بحريني)
A3: الوزارة أو الجهة الحكومية | B3: Code | C3: نفط وغاز طبيعي | D3: ضــرائـب ورســوم | E3: منتجات خدمية وسلعية حكومية | F3: استثمارات وأملاك حكومية | G3: إعانات | H3: مبيعات أصول رأسمالية | I3: غرامــات وجزاءات وإيرادات متنوعة | J3: المجموع | K3: الاعتماد | L3: الفعلي 2015
A4: ديوان صاحب السمو الملكي رئيس الوزراء | B4: 11 | C4: 0 | D4: 0 | E4: 0 | F4: 0 | G4: 0 | H4: 0 | I4: 0 | J4: =SUM(C4:I4) -> 0 | K4: 0 | L4: 88100
A5: وزارة الداخلية | B5: 13 | C5: 0 | D5: 43574011 | E5: 6309073 | F5: 53075 | G5: 0 | H5: 158173 | I5: 852964 | J5: =SUM(C5:I5) -> 50947296 | K5: 40700000 | L5: 47605960
A6: هيئة التشريع والإفتاء القانوني | B6: 15 | C6: 0 | D6: 0 | E6: 3218 | F6: 0 | G6: 0 | H6: 0 | I6: 328 | J6: =SUM(C6:I6) -> 3546 | K6: 5000 | L6: 13159
A7: وزارة الخارجية | B7: 16 | C7: 0 | D7: 582200 | E7: 0 | F7: 0 | G7: 0 | H7: 0 | I7: 1021134 | J7: =SUM(C7:I7) -> 1603334 | K7: 2055000 | L7: 1785623
A8: وزارة العدل والشئون الإسلامية والأوقاف (شئون العدل) | B8: 18 | C8: 0 | D8: 6307958 | E8: 12539 | F8: 60874 | G8: 0 | H8: 198 | I8: 8744845 | J8: =SUM(C8:I8) -> 15126414 | K8: 10846000 | L8: 15836788
A9: وزارة التربية والتعليم | B9: 21 | C9: 0 | D9: 13385 | E9: 150648 | F9: 0 | G9: 0 | H9: 79917 | I9: 599440 | J9: =SUM(C9:I9) -> 843390 | K9: 900000 | L9: 1608282
A10: وزارة الصحة | B10: 22 | C10: 0 | D10: 8770 | E10: 42381671 | F10: 140125 | G10: 0 | H10: 10726 | I10: 707831 | J10: =SUM(C10:I10) -> 43249123 | K10: 33570000 | L10: 35063505
A11: وزارة الأشغال وشئون البلديات والتخطيط العمراني (الإدارة العامة للتخطيط العمراني وإدارة الاستملاك والتعويض وشئون الزراعة والثروة البحرية) | B11: 23 | C11: 0 | D11: 2633768 | E11: 164351 | F11: 96782 | G11: 0 | H11: 36483 | I11: 390134 | J11: =SUM(C11:I11) -> 3321518 | K11: 335000 | L11: 896658
A12: وزارة العمل والتنمية الاجتماعية (العمل) | B12: 24 | C12: 0 | D12: 2595 | E12: 1595 | F12: 560 | G12: 0 | H12: 0 | I12: 5661 | J12: =SUM(C12:I12) -> 10411 | K12: 74000 | L12: 30559
A13: وزارة شئون الشباب والرياضة (إيضاح رقم 17) | B13: 26 | C13: 0 | D13: 7998 | E13: 0 | F13: 1500 | G13: 0 | H13: 260 | I13: 41522 | J13: =SUM(C13:I13) -> 51280 | K13: 17000 | L13: 600896
A14: وزارة العمل والتنمية الاجتماعية (التنمية الاجتماعية) | B14: 29 | C14: 0 | D14: 1700 | E14: 0 | F14: 0 | G14: 0 | H14: 830 | I14: 1000 | J14: =SUM(C14:I14) -> 3530 | K14: 5000 | L14: 7162
A15: وزارة الصناعة والتجارة والسياحة | B15: 34 | C15: 0 | D15: 10401480 | E15: 910889 | F15: 9954600 | G15: 0 | H15: 0 | I15: 65688 | J15: =SUM(C15:I15) -> 21332657 | K15: 20062000 | L15: 25161275
... A24: الميزانيات التحويلية | B24: 60 | C24: 0 | D24: 23872904 | E24: 863307 | F24: 30632436 | G24: 28356558 | H24: 53827 | I24: 36375266 | J24: =SUM(C24:I24) -> 120154298 | K24: 147843000 | L24: 127995763
A25: وزارة شئون مجلس الوزراء | C25: 0 | J25: =SUM(C25:I25) -> 0
A26: وزارة الثقافة | J26: =SUM(C26:I26) -> 0
A28: 4- الإيرادات مصنفة حسب الأبواب والوزارات والجهات الحكومية (تتمة)
C29: (دينار بحريني)
A30: الوزارة أو الجهة الحكومية | B30: Code | C30: نفط وغاز طبيعي | D30: ضــرائـب ورســوم | E30: منتجات خدمية وسلعية حكومية | F30: استثمارات وأملاك حكومية | G30: إعانات | H30: مبيعات أصول رأسمالية | I30: غرامــات وجزاءات وإيرادات متنوعة | J30: المجموع | K30: الاعتماد | L30: الفعلي 2015
A31: إيرادات النفط والغاز الطبيعي | B31: 62 | C31: 1436462053 | D31: 0 | E31: 0 | F31: 0 | G31: 0 | H31: 0 | I31: 0 | J31: =SUM(C31:I31) -> 1436462053 | K31: 1757613000 | L31: 1594672391
A32: هيئة البحرين للثقافة والآثار | B32: 66 | C32: 0 | D32: 174952 | E32: 177 | F32: 134248 | G32: 0 | H32: 1270 | I32: 188783 | J32: =SUM(C32:I32) -> 499430 | K32: 0 | L32: 1796674
A33: الجهاز الإداري للنيابة العامة | B33: 68 | C33: 0 | D33: 135 | E33: 0 | F33: 0 | G33: 0 | H33: 485 | I33: 0 | J33: =SUM(C33:I33) -> 620 | K33: 0 | L33: 7804
A34: ديوان الخدمة المدنية | B34: 72 | C34: 0 | D34: 1280 | E34: 0 | F34: 0 | G34: 0 | H34: 0 | I34: 0 | J34: =SUM(C34:I34) -> 1280 | K34: 5000 | L34: 6731
A35: الجهاز المركزي للمعلومات (إيضاح رقم 17) | B35: 73 | C35: 0 | D35: 2706185 | E35: 52 | F35: 0 | G35: 0 | H35: 253 | I35: 4350 | J35: =SUM(C35:I35) -> 2710840 | K35: 1688000 | L35: 2465286
A36: الأمانة العامة للمجلس الأعلى للشباب والرياضة | B36: 75 | C36: 0 | D36: 60 | E36: 0 | F36: 0 | G36: 0 | H36: 0 | I36: 0 | J36: =SUM(C36:I36) -> 60 | K36: 0 | L36: 585
A37: المجلس الأعلى للقضاء | B37: 76 | C37: 0 | D37: 0 | E37: 2264 | F37: 0 | G37: 0 | H37: 0 | I37: 0 | J37: =SUM(C37:I37) -> 2264 | K37: 0 | L37: 6215
A38: وزارة العدل والشئون الإسلامية والأوقاف (الشئون الإسلامية) | B38: 77 | C38: 0 | D38: 4345 | E38: 0 | F38: 0 | G38: 0 | H38: 0 | I38: 13206 | J38: =SUM(C38:I38) -> 17551 | K38: 10000 | L38: 8775
A39: جهاز المساحة والتسجيل العقاري | B39: 78 | C39: 0 | D39: 17617770 | E39: 155865 | F39: 0 | G39: 0 | H39: 0 | I39: 35293 | J39: =SUM(C39:I39) -> 17808928 | K39: 20886000 | L39: 20970182
A40: وزارة المالية | B40: 81 | C40: 0 | D40: 2655 | E40: 0 | F40: 0 | G40: 0 | H40: 0 | I40: 3369 | J40: =SUM(C40:I40) -> 6024 | K40: 3000 | L40: 17509
A41: شئون الجمارك | B41: 83 | C41: 0 | D41: 122579661 | E41: 60081 | F41: 0 | G41: 0 | H41: 310 | I41: 10109795 | J41: =SUM(C41:I41) -> 132749847 | K41: 99700000 | L41: 116766540
A42: الهيئة الوطنية لتنظيم المهن والخدمات الصحية | B42: 89 | C42: 0 | D42: 836887 | E42: 250 | F42: 0 | G42: 0 | H42: 0 | I42: 48390 | J42: =SUM(C42:I42) -> 885527 | K42: 357000 | L42: 0
A43: المجموع | C43: =SUM(C4:C42) -> 1436462053 | D43: =SUM(D4:D42) -> 237568219 | E43: =SUM(E4:E42) -> 83868836 | F43: =SUM(F4:F42) -> 50362940 | G43: =SUM(G4:G42) -> 28356558 | H43: =SUM(H4:H42) -> 613885 | I43: =SUM(I4:I42) -> 60544962 | J43: =SUM(J4:J42) -> 1897777453 | ... L43: =SUM(L4:L42) -> 2042156454

Sheet تفصيل الإيرادات
A1: 5- الإيرادات مصنفة حسب الأبواب والأقسام والبنود
A2: (دينار بحريني)
A3: التبويــب | E3: البيـــان | F3: 2016 | I3: 2015 الفعلي
A4: بند | B4: قسم | C4: باب | D4: نوع | F4: الاعتماد | G4: الفعلي | H4: الفرق
C5: 1 | D5: 4 | E5: النفط والغاز الطبيعي | F5: =F6+F10+F22+F26 -> 1757613000 | G5: =G6+G10+G22+G26 -> 1436462053 | H5: =G5-F5 -> -321150947 | I5: =I6+I10+I22+I26 -> 1594672391
B6: 1 | C6: 1 | D6: 4 | E6: مبيعات النفط | F6: =SUM(F7:F9) -> 1269039000 | G6: =SUM(G7:G9) -> 988257656 | H6: =G6-F6 -> -280781344 | I6: =SUM(I7:I9) -> 1171024519
A7: 40011 | B7: 1 | C7: 1 | D7: 4 | E7: حقل البحرين | F7: 148246000 | G7: 278643175 | H7: =G7-F7 -> 130397175 | I7: 230724927
A8: 40012 | B8: 1 | C8: 1 | D8: 4 | E8: حقل أبوسعفة | F8: 1141434000 | G8: 723670948 | H8: =G8-F8 -> -417763052 | I8: 957404837
A9: 40014 | B9: 1 | C9: 1 | D9: 4 | E9: احتياطي الأجيال القادمة | F9: -20641000 | G9: -14056467 | H9: =G9-F9 -> 6584533 | I9: -17105245
B10: 2 | C10: 1 | D10: 4 | E10: مبيعات الغاز | F10: =SUM(F11:F21) -> 469965000 | G10: =SUM(G11:G21) -> 443340791 | H10: =G10-F10 -> -26624209 | I10: =SUM(I11:I21) -> 411785821
A11: 40031 | B11: 2 | C11: 1 | D11: 4 | E11: محطة المنامة للكهرباء | F11: {=IFERROR(INDEX(Meta!#REF!,MATCH($D11&$C11&$B11&$A11,Meta!#REF!&Meta!#REF!&Meta!#REF!&Meta!#REF!,0)),0)} -> 0 | G11: {=IFERROR(INDEX(Meta!#REF!,MATCH($D11&$C11&$B11&$A11,Meta!#REF!&Meta!#REF!&Meta!#REF!&Meta!#REF!,0)),0)} -> 0 | H11: =G11-F11 -> 0 | I11: {=IFERROR(INDEX(#REF!,MATCH($D11&$C11&$B11&$A11,#REF!&#REF!&#REF!&#REF!,0)),0)} -> 0
A12: 40032 | B12: 2 | C12: 1 | D12: 4 | E12: محطة سترة للكهرباء | F12: {=IFERROR(INDEX('Meta5&9'!F:F,MATCH($D12&$C12&$B12&$A12,'Meta5&9'!$A:$A&'Meta5&9'!$B:$B&'Meta5&9'!$C:$C&'Meta5&9'!$D:$D,0)),0)} -> 0 | G12: {=IFERROR(INDEX('Meta5&9'!G:G,MATCH($D12&$C12&$B12&$A12,'Meta5&9'!$A:$A&'Meta5&9'!$B:$B&'Meta5&9'!$C:$C&'Meta5&9'!$D:$D,0)),0)} -> 0 | H12: =G12-F12 -> 0 | I12: 0
A13: 40033 | B13: 2 | C13: 1 | D13: 4 | E13: محطة سترة للمياه | F13: {=IFERROR(INDEX('Meta5&9'!F:F,MATCH($D13&$C13&$B13&$A13,'Meta5&9'!$A:$A&'Meta5&9'!$B:$B&'Meta5&9'!$C:$C&'Meta5&9'!$D:$D,0)),0)} -> 0 | G13: {=IFERROR(INDEX('Meta5&9'!G:G,MATCH($D13&$C13&$B13&$A13,'Meta5&9'!$A:$A&'Meta5&9'!$B:$B&'Meta5&9'!$C:$C&'Meta5&9'!$D:$D,0)),0)} -> 0 | H13: =G13-F13 -> 0 | I13: 0
A14: 40034 | B14: 2 | C14: 1 | D14: 4 | E14: محطة الرفاع للكهرباء | F14: {=IFERROR(INDEX('Meta5&9'!F:F,MATCH($D14&$C14&$B14&$A14,'Meta5&9'!$A:$A&'Meta5&9'!$B:$B&'Meta5&9'!$C:$C&'Meta5&9'!$D:$D,0)),0)} -> 0 | G14: {=IFERROR(INDEX('Meta5&9'!G:G,MATCH($D14&$C14&$B14&$A14,'Meta5&9'!$A:$A&'Meta5&9'!$B:$B&'Meta5&9'!$C:$C&'Meta5&9'!$D:$D,0)),0)} -> 0 | H14: =G14-F14 -> 0 | I14: 0
A15: 40035 | B15: 2 | C15: 1 | D15: 4 | E15: محطة الحد للكهرباء وتحلية المياه | F15: 75374000 | G15: 0 | H15: =G15-F15 -> -75374000 | I15: 0
A16: 40036 | B16: 2 | C16: 1 | D16: 4 | E16: محطة الحد للمياه | F16: 0 | G16: 0 | H16: =G16-F16 -> 0 | I16: 0
A17: 40037 | B17: 2 | C17: 1 | D17: 4 | E17: مبيعات الغاز إلى محطات إنتاج الكهرباء والماء | F17: 60354000 | G17: 31039852 | H17: =G17-F17 -> -29314148 | I17: 44113743
A18: 40051 | B18: 2 | C18: 1 | D18: 4 | E18: شركة ألمنيوم البحرين (ألبا) | F18: 106738000 | G18: 109292545 | H18: =G18-F18 -> 2554545 | I18: 90853535
A19: 40052 | B19: 2 | C19: 1 | D19: 4 | E19: شركة نفط البحرين (بابكو) | F19: 42696000 | G19: 46614264 | H19: =G19-F19 -> 3918264 | I19: 43778809
A20: 40053 | B20: 2 | C20: 1 | D20: 4 | E20: شركة غاز البحرين الوطنية (بناغاز) | F20: 36936000 | G20: 14021820 | H20: =G20-F20 -> -22914180 | I20: 28565322
A21: 40054 | B21: 2 | C21: 1 | D21: 4 | E21: الشركات المحلية الأخرى | F21: 147867000 | G21: 242372310 | H21: =G21-F21 -> 94505310 | I21: 204474412
B22: 3 | C22: 1 | D22: 4 | E22: الضرائب والرسوم النفطية | F22: =SUM(F23:F27) -> 18609000 | G22: =SUM(G23:G27) -> 4863606 | H22: =SUM(H23:H25) -> -13745394 | I22: =SUM(I23:I27) -> 11862051
A23: 42011 | B23: 3 | C23: 1 | D23: 4 | E23: ضريبة دخل الغاز | F23: 11974000 | G23: 272001 | H23: =G23-F23 -> -11701999 | I23: 7282491
A24: 42012 | B24: 3 | C24: 1 | D24: 4 | E24: رسوم تفتيش المنتجات النفطية | F24: 0 | G24: 0 | H24: =G24-F24 -> 0
A25: 42013 | B25: 3 | C25: 1 | D25: 4 | E25: ضريبة البنزين | F25: 6635000 | G25: 4591605 | H25: =G25-F25 -> -2043395 | I25: 4579560
B26: 4 | C26: 1 | D26: 4 | E26: عوائد الاستثمارات في النفط | F26: =F27 -> 0 | G26: =G27 -> 0 | H26: =H27 -> 0 | I26: =I27 -> 0
A27: 45014 | B27: 4 | C27: 1 | D27: 4 | E27: عوائد الاستثمارات في النفط | F27: 0 | G27: 0 | H27: =G27-F27 -> 0 | I27: 0
C28: 2 | D28: 4 | E28: الضرائب والرسوم | F28: =SUM(F29,F31,F38,F54) -> 195321218 | G28: =SUM(G29,G31,G38,G54) -> 237568219 | H28: =G28-F28 -> 42247001 | I28: =SUM(I29,I31,I38,I54) -> 224533723
B29: 1 | C29: 2 | D29: 4 | E29: الضرائب والرسوم على استهلاك السلع والمنتجات | F29: =SUM(F30) -> 0 | G29: =SUM(G30) -> 0 | H29: =G29-F29 -> 0 | I29: =SUM(I30) -> 0
A30: 42013 | B30: 1 | C30: 2 | D30: 4 | E30: ضريبة البنزين | F30: 0 | G30: 0 | H30: =G30-F30 -> 0 | I30: 0
B31: 2 | C31: 2 | D31: 4 | E31: الضرائب والرسوم على التجارة الدولية | F31: =SUM(F32:F37) -> 92470000 | G31: =SUM(G32:G37) -> 98146653 | H31: =G31-F31 -> 5676653 | I31: =SUM(I32:I37) -> 109205214
A32: 42501 | B32: 2 | C32: 2 | D32: 4 | E32: ضرائب جمركية على السلع الضرورية الأساسية | F32: 48000000 | G32: 48701365 | H32: =G32-F32 -> 701365 | I32: 52459852
A33: 42503 | B33: 2 | C33: 2 | D33: 4 | E33: ضرائب جمركية على العربات | F33: 7500000 | G33: 15675280 | H33: =G33-F33 -> 8175280 | I33: 18033658
A34: 42504 | B34: 2 | C34: 2 | D34: 4 | E34: ضرائب جمركية على التبغ المصنع وغير المصنع ومشتقاته | F34: 16000000 | G34: 16573529 | H34: =G34-F34 -> 573529 | I34: 18300861
A35: 42505 | B35: 2 | C35: 2 | D35: 4 | E35: ضرائب جمركية على السلع الكمالية | F35: 20000000 | G35: 16370852 | H35: =G35-F35 -> -3629148 | I35: 19751712
A36: 42506 | B36: 2 | C36: 2 | D36: 4 | E36: ضرائب جمركية على اليخوت والزوارق والقوارب | F36: 400000 | G36: 260463 | H36: =G36-F36 -> -139537 | I36: 80700
A37: 42507 | B37: 2 | C37: 2 | D37: 4 | E37: ضريبة حماية الصناعة الوطنية | F37: 570000 | G37: 565164 | H37: =G37-F37 -> -4836 | I37: 578431
B38: 3 | C38: 2 | D38: 4 | E38: رسوم التسجيل والتراخيص | F38: =SUM(F39:F53) -> 1779960 | G38: =SUM(G39:G53) -> 4123765 | H38: =G38-F38 -> 2343805 | I38: =SUM(I39:I53) -> 2015906
A39: 43011 | B39: 3 | C39: 2 | D39: 4 | E39: نشاطات التجارة العامة | F39: 29000 | G39: 150828 | H39: =G39-F39 -> 121828 | I39: 78334
A40: 43021 | B40: 3 | C40: 2 | D40: 4 | E40: نشاطات الصناعة | F40: 3000 | G40: 95377 | H40: =G40-F40 -> 92377 | I40: 2541
A41: 43031 | B41: 3 | C41: 2 | D41: 4 | E41: نشاطات الخدمات المالية | F41: 9000 | G41: 3550 | H41: =G41-F41 -> -5450 | I41: 45427
A42: 43041 | B42: 3 | C42: 2 | D42: 4 | E42: نشاطات الخدمات المتنوعة | F42: 1281960 | G42: 794808 | H42: =G42-F42 -> -487152 | I42: 1534627
A43: 43042 | B43: 3 | C43: 2 | D43: 4 | E43: نشاطات النقل الجوي | F43: 0 | G43: 212782 | H43: =G43-F43 -> 212782 | I43: 0
A44: 43043 | B44: 3 | C44: 2 | D44: 4 | E44: نشاطات التراخيص الجوية | F44: 0 | G44: 576230 | H44: =G44-F44 -> 576230 | I44: 0
A45: 43044 | B45: 3 | C45: 2 | D45: 4 | E45: رسوم تراخيص النقل البري | F45: 0 | G45: 776335 | H45: =G45-F45 -> 776335 | I45: 0
A46: 43045 | B46: 3 | C46: 2 | D46: 4 | E46: رسوم تراخيص تنظيم البريد | F46: 0 | G46: 60639 | H46: =G46-F46 -> 60639 | I46: 0
A47: 43051 | B47: 3 | C47: 2 | D47: 4 | E47: رسوم تسجيل الوكالات التجارية | F47: 15000 | G47: 16494 | H47: =G47-F47 -> 1494 | I47: 11062
A48: 43061 | B48: 3 | C48: 2 | D48: 4 | E48: تراخيص مكاتب المحاماة | F48: 0 | G48: 0 | H48: =G48-F48 -> 0 | I48: 0
A49: 43071 | B49: 3 | C49: 2 | D49: 4 | E49: رسوم تنظيم مزاولة المهن الهندسية | F49: 85000 | G49: 50000 | H49: =G49-F49 -> -35000 | I49: 40000
A50: 43081 | B50: 3 | C50: 2 | D50: 4 | E50: رسوم تراخيص استخراج رمال بحرية | F50: 0 | G50: 550000 | H50: =G50-F50 -> 550000 | I50: 0
... A53: 44043 | B53: 3 | C53: 2 | D53: 4 | E53: تراخيص ورسوم الصحة المهنية | F53: 162000 | G53: 456682 | H53: =G53-F53 -> 294682 | I53: 157808
B54: 4 | C54: 2 | D54: 4 | E54: الرسوم والأتعاب الإدارية | F54: =SUM(F56:F75,F80:F97) -> 101071258 | G54: =SUM(G56:G75,G80:G97) -> 135297801 | H54: =SUM(H56:H83,H84:H97) -> 34226543 | I54: =SUM(I56:I75,I80:I97) -> 113312603
A55: 42012 | B55: 4 | C55: 2 | D55: 4 | E55: رسوم تفتيش المنتجات النفطية | F55: 0 | G55: 0 | H55: 0 | I55: 0
A56: 44011 | B56: 4 | C56: 2 | D56: 4 | E56: رسوم الجوازات | F56: 1800000 | G56: 979340 | H56: =G56-F56 -> -820660 | I56: 676517
A57: 44012 | B57: 4 | C57: 2 | D57: 4 | E57: رسوم الإقامات | F57: 2437000 | G57: 3482428 | H57: =G57-F57 -> 1045428 | I57: 2321112
A58: 44013 | B58: 4 | C58: 2 | D58: 4 | E58: رسوم التأشيرات وشهادات عدم الممانعة | F58: 9708000 | G58: 18029260 | H58: =G58-F58 -> 8321260 | I58: 16781608
A59: 44014 | B59: 4 | C59: 2 | D59: 4 | E59: رسوم البطاقة الشخصية | F59: 0 | G59: 0 | H59: =G59-F59 -> 0 | I59: 0
A60: 44015 | B60: 4 | C60: 2 | D60: 4 | E60: رسوم البطاقة السكانية | F60: 1520000 | G60: 2449944 | H60: =G60-F60 -> 929944 | I60: 2201066
A61: 44016 | B61: 4 | C61: 2 | D61: 4 | E61: رسوم تقديم الخدمات الاستشارية | F61: 242000 | G61: 58175 | H61: =G61-F61 -> -183825 | I61: 1233
A62: 44021 | B62: 4 | C62: 2 | D62: 4 | E62: رسوم هيئة تنظيم سوق العمل | F62: 18500000 | G62: 23143294 | H62: =G62-F62 -> 4643294 | I62: 19206856
A63: 44031 | B63: 4 | C63: 2 | D63: 4 | E63: رسوم رخص العمل | F63: 0 | G63: 0 | H63: =G63-F63 -> 0 | I63: 0
A64: 44032 | B64: 4 | C64: 2 | D64: 4 | E64: رسوم تجديد رخص العمل | F64: 0 | G64: 0 | H64: =G64-F64 -> 0 | I64: 0
A65: 44051 | B65: 4 | C65: 2 | D65: 4 | E65: رسوم تسجيل الملكية | F65: 150000 | G65: 126333 | H65: =G65-F65 -> -23667 | I65: 116381
A66: 44052 | B66: 4 | C66: 2 | D66: 4 | E66: رسوم نقل الملكية | F66: 20500000 | G66: 17491123 | H66: =G66-F66 -> -3008877 | I66: 20686702
A67: 44071 | B67: 4 | C67: 2 | D67: 4 | E67: رسوم تسجيل العربات | F67: 15500000 | G67: 15524624 | H67: =G67-F67 -> 24624 | I67: 15717790
... A75: 44112 | B75: 4 | C75: 2 | D75: 4 | E75: رسوم الخدمات الفندقية | F75: 10200000 | G75: 0 | H75: =G75-F75 -> -10200000 | I75: 12651162
A76: 5- الإيرادات مصنفة حسب الأبواب والأقسام والبنود (تتمة)
A77: (دينار بحريني)
A78: التبويــب | E78: البيـــان | F78: 2016 | I78: 2015 الفعلي
A79: بند | B79: قسم | C79: باب | D79: نوع | F79: الاعتماد | G79: الفعلي | H79: الفرق
A80: 44131 | B80: 4 | C80: 2 | D80: 4 | E80: رسوم فحص الذهب | F80: 275000 | G80: 224083 | H80: =G80-F80 -> -50917 | I80: 275209
A81: 44132 | B81: 4 | C81: 2 | D81: 4 | E81: رسوم فحص اللؤلؤ | F81: 55000 | G81: 72920 | H81: =G81-F81 -> 17920 | I81: 67315
A82: 44151 | B82: 4 | C82: 2 | D82: 4 | E82: رسوم المواصفات والمقاييس | F82: 5500 | G82: 14811 | H82: =G82-F82 -> 9311 | I82: 6981
A83: 44152 | B83: 4 | C83: 2 | D83: 4 | E83: رسوم التصميمات والعلامات التجارية | F83: 1300000 | G83: 4465008 | H83: =G83-F83 -> 3165008 | I83: 1349810
A84: 44153 | B84: 4 | C84: 2 | D84: 4 | E84: رسوم تأشير السجل والعلامات التجارية | F84: 3450000 | G84: 5390670 | H84: =G84-F84 -> 1940670 | I84: 3599740
A85: 44171 | B85: 4 | C85: 2 | D85: 4 | E85: رسوم المغادرة | F85: 1801500 | G85: 3437443 | H85: =G85-F85 -> 1635943 | I85: 2202764
A86: 44172 | B86: 4 | C86: 2 | D86: 4 | E86: رسوم التصاريح | F86: 105000 | G86: 523189 | H86: =G86-F86 -> 418189 | I86: 657474
A87: 44181 | B87: 4 | C87: 2 | D87: 4 | E87: رسوم تقسيم أرضي | F87: 0 | G87: 4500 | H87: =G87-F87 -> 4500 | I87: 0
A88: 44182 | B88: 4 | C88: 2 | D88: 4 | E88: رسوم تقسيم أرضي رئيسية | F88: 0 | G88: 1350 | H88: =G88-F88 -> 1350 | I88: 0
A89: 44183 | B89: 4 | C89: 2 | D89: 4 | E89: رسوم استخراج وبيع الرمال البحرية | F89: 0 | G89: 2040224 | H89: =G89-F89 -> 2040224 | I89: 0
A90: 44191 | B90: 4 | C90: 2 | D90: 4 | E90: رسوم المناقصات | F90: 190229 | G90: 196108 | H90: =G90-F90 -> 5879 | I90: 146427
A91: 44211 | B91: 4 | C91: 2 | D91: 4 | E91: رسوم الأجهزة اللاسلكية | F91: 664506 | G91: 789600 | H91: =G91-F91 -> 125094 | I91: 719869
... A97: 44908 | B97: 4 | C97: 2 | D97: 4 | E97: رسوم تقديم الطلبات | F97: 487523 | G97: 440739 | H97: =G97-F97 -> -46784 | I97: 352826
C98: 3 | D98: 4 | E98: المنتجات الخدمية والسلعية الحكومية | F98: =F99+F149 -> 70401212 | G98: =G99+G149 -> 83868836 | H98: =G98-F98 -> 13467624 | I98: =I99+I149 -> 74776392
B99: 1 | C99: 3 | D99: 4 | E99: المنتجات الخدمية الحكومية | F99: =SUM(F100:F148) -> 69805702 | G99: =SUM(G100:G148) -> 82801489 | H99: =G99-F99 -> 12995787 | I99: =SUM(I100:I148) -> 74041839
A100: 40132 | B100: 1 | C100: 3 | D100: 4 | E100: مبيعات المطبوعات | F100: 0 | H100: =G100-F100 -> 0
A101: 40135 | B101: 1 | C101: 3 | D101: 4 | E101: مبيعات الإستمارات والأوراق الرسمية | F101: 0 | G101: 0 | H101: =G101-F101 -> 0 | I101: 0
A102: 40136 | B102: 1 | C102: 3 | D102: 4 | E102: تزويد المطار بالمعلومات | F102: 0 | G102: 6750 | H102: =G102-F102 -> 6750 | I102: 0
A103: 41011 | B103: 1 | C103: 3 | D103: 4 | E103: الغرف الخاصة بالمستشفيات | F103: 500000 | G103: 384630 | H103: =G103-F103 -> -115370 | I103: 418152
A104: 41012 | B104: 1 | C104: 3 | D104: 4 | E104: الرعاية الصحية الأساسية | F104: 28800000 | G104: 37094231 | H104: =G104-F104 -> 8294231 | I104: 28482392
A105: 41013 | B105: 1 | C105: 3 | D105: 4 | E105: خدمات الصحة العامة | F105: 1500000 | G105: 2633573 | H105: =G105-F105 -> 1133573 | I105: 1498793
A106: 41014 | B106: 1 | C106: 3 | D106: 4 | E106: الخدمات الطبية الخاصة | F106: 14000 | G106: 10965 | H106: =G106-F106 -> -3035 | I106: 481754
A107: 41015 | B107: 1 | C107: 3 | D107: 4 | E107: رسوم علاج إصابات حوادث الطرق | F107: 5000 | G107: 0 | H107: =G107-F107 -> -5000 | I107: 0
A108: 41016 | B108: 1 | C108: 3 | D108: 4 | E108: الطب الخاص المحدود | F108: 10000 | G108: 0 | H108: =G108-F108 -> -10000 | I108: 0
A109: 41017 | B109: 1 | C109: 3 | D109: 4 | E109: المرضى الخارجيون | F109: 1100000 | G109: 1059605 | H109: =G109-F109 -> -40395 | I109: 1408321
A110: 41018 | B110: 1 | C110: 3 | D110: 4 | E110: القومسيون الطبي | F110: 135000 | G110: 97715 | H110: =G110-F110 -> -37285 | I110: 112715
A111: 41019 | B111: 1 | C111: 3 | D111: 4 | E111: رسوم علاج إصابات العمل | F111: 270000 | G111: 0 | H111: =G111-F111 -> -270000 | I111: 290000
A112: 41020 | B112: 1 | C112: 3 | D112: 4 | E112: رسوم الفحص الطبي للعمالة الجديدة | F112: 450000 | G112: 441680 | H112: =G112-F112 -> -8320 | I112: 502674
... A129: 41055 | B129: 1 | C129: 3 | D129: 4 | E129: قيمة الأختام الجمركية للحاويات | F129: 55000 | G129: 51546 | H129: =G129-F129 -> -3454 | I129: 56361
A130: 41056 | B130: 1 | C130: 3 | D130: 4 | E130: الفحص بالشاشات التلفزيونية | F130: 0 | G130: 0 | I130: 0
...

Sheet الميزانية المعتمدة
A1: 6- ميزانية المصروفات المتكررة والمشاريع
I2: (دينار بحريني)
A3: البيـان | B3: الاعتمادات الأصلية | C3: الاعتماد الإضافي | D3: التعديل | E3: الاعتمادات بعد التعديل | F3: الاعتمادات المدورة من سنوات سابقة | G3: الاعتمادات المتوفرة | H3: المصروفات الفعلية | I3: الوفر (التجاوز)
A4: المصروفات المتكررة
A5: القوى العاملة | B5: 1419217702 | C5: - | D5: 19259107 | E5: =SUM(B5:D5) -> 1438476809 | F5: 0 | G5: =F5+E5 -> 1438476809 | H5: =' بيان الإيرادات والمصروفات'!$D$15 -> 1429143771 | I5: =G5-H5 -> 9333038
A6: الخدمات | B6: 162599997 | C6: - | D6: 35797735 | E6: =SUM(B6:D6) -> 198397732 | F6: 0 | G6: =F6+E6 -> 198397732 | H6: =' بيان الإيرادات والمصروفات'!$D$16 -> 217876956 | I6: =G6-H6 -> -19479224
A7: السلع الاستهلاكية | B7: 119717499 | C7: - | D7: 4129807 | E7: =SUM(B7:D7) -> 123847306 | F7: 0 | G7: =F7+E7 -> 123847306 | H7: =' بيان الإيرادات والمصروفات'!$D$17 -> 133774676 | I7: =G7-H7 -> -9927370
A8: السلع الرأسمالية | B8: 29466915 | C8: - | D8: -3021551 | E8: =SUM(B8:D8) -> 26445364 | F8: 0 | G8: =F8+E8 -> 26445364 | H8: =' بيان الإيرادات والمصروفات'!$D$18 -> 29406230 | I8: =G8-H8 -> -2960866
A9: الصيانة | B9: 56106530 | C9: - | D9: 1481106 | E9: =SUM(B9:D9) -> 57587636 | F9: 0 | G9: =F9+E9 -> 57587636 | H9: =' بيان الإيرادات والمصروفات'!$D$19 -> 66748918 | I9: =G9-H9 -> -9161282
A10: نفقات تحويلية | B10: 824698033 | C10: - | D10: -158303935 | E10: =SUM(B10:D10) -> 666394098 | F10: 0 | G10: =F10+E10 -> 666394098 | H10: =' بيان الإيرادات والمصروفات'!$D$20 -> 611362748 | I10: =G10-H10 -> 55031350
A11: الإعانات وتسديد فوائد القروض | B11: 605743324 | C11: - | D11: 71657731 | E11: =SUM(B11:D11) -> 677401055 | F11: 0 | G11: =F11+E11 -> 677401055 | H11: =' بيان الإيرادات والمصروفات'!$D$21 -> 633099754 | I11: =G11-H11 -> 44301301
A12: مجموع المصروفات المتكررة | B12: =SUM(B5:B11) -> 3217550000 | C12: - | D12: =SUM(D5:D11) -> -29000000 | E12: =SUM(E5:E11) -> 3188550000 | F12: =SUM(F5:F11) -> 0 | G12: =SUM(G5:G11) -> 3188550000 | H12: =SUM(H5:H11) -> 3121413053 | I12: =SUM(I5:I11) -> 67136947
A13: مصروفات المشاريع | B13: 465000000 | C13: - | D13: 29000000 | E13: =SUM(B13:D13) -> 494000000 | F13: 59000000 | G13: =F13+E13 -> 553000000 | H13: =' بيان الإيرادات والمصروفات'!$D$23 -> 410882998 | I13: =G13-H13 -> 142117002
A14: المجموع | B14: =B13+B12 -> 3682550000 | C14: - | D14: =D13+D12 -> 0 | E14: =E13+E12 -> 3682550000 | F14: =F13+F12 -> 59000000 | G14: =G13+G12 -> 3741550000 | H14: =H13+H12 -> 3532296051 | I14: =I13+I12 -> 209253949

Sheet مناقلات الميزانية
A1: 7- الميزانية الأصلية والتعديل والمناقلات للمصروفات المتكررة
G2: (دينار بحريني)
A3: البيـان | B3: الاعتمادات الأصلية | C3: الاعتماد الإضافي | D3: التعديل | E3: الاعتمادات بعد التعديل | F3: الاعتمادات المدورة من سنوات سابقة | G3: الاعتمادات المتوفرة
A5: قطاع الإدارة العامة | B5: =SUM(B6:B26) -> 1087418000 | C5: =SUM(C6:C26) -> 0 | D5: =SUM(D6:D26) -> 6424852 | E5: =SUM(E6:E26) -> 1093842852 | F5: =SUM(F6:F26) -> 0 | G5: =SUM(G6:G26) -> 1093842852
A6: ديوان صاحب السمو الملكي رئيس الوزراء | B6: 19342000 | C6: 0 | D6: 0 | E6: =SUM(B6:D6) -> 19342000 | F6: 0 | G6: =SUM(E6:F6) -> 19342000
A7: مكتب صاحب السمو الملكي النائب الأول لرئيس مجلس الوزراء | B7: 1804000 | C7: 0 | D7: 0 | E7: =SUM(B7:D7) -> 1804000 | F7: 0 | G7: =SUM(E7:F7) -> 1804000
A8: مكاتب نواب رئيس مجلس الوزراء | B8: =950000+685000+1060000+564000 -> 3259000 | C8: 0 | D8: =324363+61000 -> 385363 | E8: =SUM(B8:D8) -> 3644363 | F8: 0 | G8: =SUM(E8:F8) -> 3644363
A9: مكاتب مستشاري صاحب السمو الملكي رئيس مجلس الوزراء | B9: =176000+249000+142000 -> 567000 | C9: 0 | D9: 34710 | E9: =SUM(B9:D9) -> 601710 | F9: 0 | G9: =SUM(E9:F9) -> 601710
A10: مكتب وزير شئون مجلس الوزراء | B10: 324000 | C10: 0 | D10: 223707 | E10: =SUM(B10:D10) -> 547707 | F10: 0 | G10: =SUM(E10:F10) -> 547707
A11: وزارة الدفاع (إيضاح رقم 13) | B11: 494450000 | C11: 0 | D11: 0 | E11: =SUM(B11:D11) -> 494450000 | F11: 0 | G11: =SUM(E11:F11) -> 494450000
A12: وزارة الداخلية | B12: 355000000 | C12: 0 | D12: 500000 | E12: =SUM(B12:D12) -> 355500000 | F12: 0 | G12: =SUM(E12:F12) -> 355500000
A13: شئون الجمارك | B13: 15214000 | C13: 0 | D13: 500000 | E13: =SUM(B13:D13) -> 15714000 | F13: 0 | G13: =SUM(E13:F13) -> 15714000
A14: جهاز الأمن الوطني | B14: 34812000 | C14: 0 | D14: 30000 | E14: =SUM(B14:D14) -> 34842000 | F14: 0 | G14: =SUM(E14:F14) -> 34842000
A15: الحرس الوطني | B15: 40200000 | C15: 0 | D15: 0 | E15: =SUM(B15:D15) -> 40200000 | F15: 0 | G15: =SUM(E15:F15) -> 40200000
A16: هيئة التشريع والإفتاء القانوني | B16: 2468000 | C16: 0 | D16: 62529 | E16: =SUM(B16:D16) -> 2530529 | F16: 0 | G16: =SUM(E16:F16) -> 2530529
A17: وزارة الخارجية | B17: 30047000 | C17: 0 | D17: 522641 | E17: =SUM(B17:D17) -> 30569641 | F17: 0 | G17: =SUM(E17:F17) -> 30569641
A18: وزارة العدل والشئون الإسلامية والأوقاف (شئون العدل) | B18: 10500000 | C18: 0 | D18: 567765 | E18: =SUM(B18:D18) -> 11067765 | F18: 0 | G18: =SUM(E18:F18) -> 11067765
A19: الأمانة العامة لمجلس الوزراء | B19: 1519000 | C19: 0 | D19: 0 | E19: =SUM(B19:D19) -> 1519000 | F19: 0 | G19: =SUM(E19:F19) -> 1519000
A20: ديوان الخدمة المدنية | B20: 5930000 | C20: 0 | D20: 672000 | E20: =SUM(B20:D20) -> 6602000 | F20: 0 | G20: =SUM(E20:F20) -> 6602000
A21: الجهاز المركزي للمعلومات (إيضاح رقم 17) | B21: 8078000 | C21: 0 | D21: 363318 | E21: =SUM(B21:D21) -> 8441318 | F21: 0 | G21: =SUM(E21:F21) -> 8441318
... A23: جهاز المساحة والتسجيل العقاري | B23: 7530000 | C23: 0 | D23: 1016000 | E23: =SUM(B23:D23) -> 8546000 | F23: 0 | G23: =SUM(E23:F23) -> 8546000
A24: الجهاز الإداري للنيابة العامة | B24: 3000000 | C24: 0 | D24: 528237 | E24: =SUM(B24:D24) -> 3528237 | G24: =SUM(E24:F24) -> 3528237
A25: المجلس الأعلى للقضاء | B25: 12192000 | C25: 0 | D25: 500000 | E25: =SUM(B25:D25) -> 12692000 | F25: 0 | G25: =SUM(E25:F25) -> 12692000
A26: مستشفى الملك حمد الجامعي (إيضاحي رقم 13 و14) | B26: 37430000 | C26: 0 | D26: 0 | E26: =SUM(B26:D26) -> 37430000 | F26: 0 | G26: =SUM(E26:F26) -> 37430000
A28: قطاع الخدمات الاجتماعية | B28: =SUM(B29:B40) -> 626554000 | C28: =SUM(C29:C40) -> 0 | D28: =SUM(D29:D40) -> 38127874 | E28: =SUM(E29:E40) -> 664681874 | F28: =SUM(F29:F40) -> 0 | G28: =SUM(G29:G40) -> 664681874
A29: هيئة البحرين للثقافة والآثار | B29: 7483000 | C29: 0 | D29: 162639 | E29: =SUM(B29:D29) -> 7645639 | F29: 0 | G29: =SUM(E29:F29) -> 7645639
A30: وزارة شئون الإعلام (إيضاح رقم 17) | B30: 21579000 | C30: 0 | D30: 1967400 | E30: =SUM(B30:D30) -> 23546400 | F30: 0 | G30: =SUM(E30:F30) -> 23546400
A31: وزارة التربية والتعليم | B31: 318710000 | C31: 0 | D31: 8433231 | E31: =SUM(B31:D31) -> 327143231 | F31: 0 | G31: =SUM(E31:F31) -> 327143231
A32: وزارة الصحة | B32: 238912000 | C32: 0 | D32: 23442534 | E32: =SUM(B32:D32) -> 262354534 | F32: 0 | G32: =SUM(E32:F32) -> 262354534
A33: المجلس الأعلى للصحة | B33: 271000 | C33: 0 | D33: 0 | E33: =SUM(B33:D33) -> 271000 | F33: 0 | G33: =SUM(E33:F33) -> 271000
A34: الهيئة الوطنية لتنظيم المهن والخدمات الصحية | B34: 0 | C34: 0 | D34: 2651000 | E34: =SUM(B34:D34) -> 2651000 | F34: 0 | G34: =SUM(E34:F34) -> 2651000
A35: وزارة العمل والتنمية الاجتماعية (العمل) | B35: 5793000 | C35: 0 | D35: 241399 | E35: =SUM(B35:D35) -> 6034399 | F35: 0 | G35: =SUM(E35:F35) -> 6034399
A36: وزارة العمل والتنمية الاجتماعية (التنمية الاجتماعية) | B36: 10905000 | C36: 0 | D36: 700403 | E36: =SUM(B36:D36) -> 11605403 | F36: 0 | G36: =SUM(E36:F36) -> 11605403
A37: وزارة شئون الشباب والرياضة (إيضاح رقم 17) | B37: 12231000 | C37: 0 | D37: 138000 | E37: =SUM(B37:D37) -> 12369000 | F37: 0 | G37: =SUM(E37:F37) -> 12369000
A38: الأمانة العامة للمجلس الأعلى للشباب والرياضة | B38: 10670000 | C38: 0 | D38: 391268 | E38: =SUM(B38:D38) -> 11061268 | F38: 0 | G38: =SUM(E38:F38) -> 11061268
A39: وزارة شئون الشباب والرياضة (مكتب الوزير) | C39: 0 | E39: =SUM(B39:D39) -> 0 | G39: =SUM(E39:F39) -> 0
A40: وزارة شئون حقوق الإنسان | E40: =B40+C40+D40 -> 0 | F40: 0 | G40: =+E40+F40 -> 0
A42: قطاع الخدمات الاقتصادية | B42: =SUM(B43:B50) -> 21248000 | C42: 0 | D42: =SUM(D43:D50) -> 3017445 | E42: =SUM(E43:E50) -> 24265445 | F42: 0 | G42: =SUM(G43:G50) -> 24265445
A43: وزارة الصناعة والتجارة والسياحة | B43: 11335000 | C43: 0 | D43: 1500000 | E43: =SUM(B43:D43) -> 12835000 | F43: 0 | G43: =SUM(E43:F43) -> 12835000
A44: الهيئة الوطنية للنفط والغاز | B44: 2392000 | C44: 0 | D44: 13895 | E44: =SUM(B44:D44) -> 2405895 | F44: 0 | G44: =SUM(E44:F44) -> 2405895
A46: 7- الميزانية الأصلية والتعديل والمناقلات للمصروفات المتكررة (تتمة)
G47: (دينار بحريني)
A48: البيـان | B48: الاعتمادات الأصلية | C48: الاعتماد الإضافي | D48: التعديل | E48: الاعتمادات بعد التعديل | F48: الاعتمادات المدورة من سنوات سابقة | G48: الاعتمادات المتوفرة
A49: وزارة النفط | B49: 0 | C49: 0 | D49: 148550 | E49: =SUM(B49:D49) -> 148550 | F49: 0 | G49: =SUM(E49:F49) -> 148550
A50: وزارة المالية | B50: 7521000 | C50: 0 | D50: 1355000 | E50: =SUM(B50:D50) -> 8876000 | F50: 0 | G50: =SUM(E50:F50) -> 8876000
A52: قطاع البنية الأساسية | B52: =SUM(B53:B57) -> 392244000 | C52: =SUM(C53:C57) -> 0 | D52: =SUM(D53:D57) -> 7352441 | E52: =SUM(E53:E57) -> 399596441 | F52: =SUM(F53:F57) -> 0 | G52: =SUM(G53:G57) -> 399596441
A53: وزارة الإسكان | B53: 5000000 | C53: 0 | D53: 113630 | E53: =SUM(B53:D53) -> 5113630 | F53: 0 | G53: =SUM(E53:F53) -> 5113630
A54: وزارة الأشغال وشئون البلديات والتخطيط العمراني (الأشغال) | B54: 39007000 | C54: 0 | D54: 6449010 | E54: =SUM(B54:D54) -> 45456010 | F54: 0 | G54: =SUM(E54:F54) -> 45456010
A55: مكتب وزير شئون الكهرباء والماء | B55: 271000 | C55: 0 | D55: 0 | E55: =SUM(B55:D55) -> 271000 | F55: 0 | G55: =SUM(E55:F55) -> 271000
A56: هيئة الكهرباء والماء (إيضاح رقم 12) | B56: 315735000 | C56: 0 | D56: 0 | E56: =SUM(B56:D56) -> 315735000 | F56: 0 | G56: =SUM(E56:F56) -> 315735000
A57: وزارة المواصلات والاتصالات | B57: 32231000 | C57: 0 | D57: 789801 | E57: =SUM(B57:D57) -> 33020801 | F57: 0 | G57: =SUM(E57:F57) -> 33020801
A59: الميزانيات المتنوعة | B59: =SUM(B60:B65) -> 37671000 | C59: =SUM(C60:C65) -> 0 | D59: =SUM(D60:D65) -> 715408 | E59: =SUM(E60:E65) -> 38386408 | F59: =SUM(F60:F65) -> 0 | G59: =SUM(G60:G65) -> 38386408
A60: وزارة الأشغال وشئون البلديات والتخطيط العمراني (الإدارة العامة للتخطيط العمراني وإدارة الاستملاك والتعويض وشئون الزراعة والثروة البحرية) | B60: 11319000 | C60: 0 | D60: 655408 | E60: =SUM(B60:D60) -> 11974408 | F60: 0 | G60: =SUM(E60:F60) -> 11974408
A61: نادي راشد للفروسية وسباق الخيل | B61: 1876000 | C61: 0 | D61: 0 | E61: =SUM(B61:D61) -> 1876000 | F61: 0 | G61: =SUM(E61:F61) -> 1876000
A62: المجلس الأعلى للبيئة | B62: 6542000 | C62: 0 | D62: 0 | E62: =SUM(B62:D62) -> 6542000 | F62: 0 | G62: =SUM(E62:F62) -> 6542000
A63: مركز الشيخ محمد بن خليفة آل خليفة التخصصي للقلب (إيضاح رقم 13) | B63: 15465000 | C63: 0 | D63: 0 | E63: =SUM(B63:D63) -> 15465000 | F63: 0 | G63: =SUM(E63:F63) -> 15465000
A64: وزارة شئون مجلسي الشورى والنواب | B64: 1344000 | C64: 0 | D64: 60000 | E64: =SUM(B64:D64) -> 1404000 | F64: 0 | G64: =SUM(E64:F64) -> 1404000
A65: مجلس المناقصات والمزايدات | B65: 1125000 | C65: 0 | D65: 0 | E65: =SUM(B65:D65) -> 1125000 | F65: 0 | G65: =SUM(E65:F65) -> 1125000
A67: الميزانيات التحويلية وحسابات تحت إشراف وزارة المالية (إيضاح رقم 10) | B67: =B68+B110 -> 1052415000 | C67: =C68+C110 -> 0 | D67: =D68+D110 -> -84638020 | E67: =E68+E110 -> 967776980 | F67: =F68+F110 -> 0 | G67: =G68+G110 -> 967776980
A68: الميزانيات التحويلية | B68: =SUM(B69:B108) -> 226464000 | C68: =SUM(C69:C108) -> 0 | D68: =SUM(D69:D108) -> 5227814 | E68: =SUM(E69:E108) -> 231691814 | F68: =SUM(F69:F108) -> 0 | G68: =SUM(G69:G108) -> 231691814
A69: المجالس البلدية | B69: 612000 | C69: 0 | D69: 0 | E69: =SUM(B69:D69) -> 612000 | F69: 0 | G69: =SUM(E69:F69) -> 612000
A70: المحكمة الدستورية | B70: 2291000 | C70: 0 | D70: 0 | E70: =SUM(B70:D70) -> 2291000 | F70: 0 | G70: =SUM(E70:F70) -> 2291000
A71: صندوق النفقة | B71: 250000 | C71: 0 | D71: 0 | E71: =SUM(B71:D71) -> 250000 | F71: 0 | G71: =SUM(E71:F71) -> 250000
A72: غرفة البحرين لتسوية المنازعات | B72: 1353000 | C72: 0 | D72: 0 | E72: =SUM(B72:D72) -> 1353000 | F72: 0 | G72: =SUM(E72:F72) -> 1353000
A73: هيئة الحكومة الإلكترونية (إيضاح رقم 17) | B73: 3673000 | C73: 0 | D73: 900000 | E73: =SUM(B73:D73) -> 4573000 | F73: 0 | G73: =SUM(E73:F73) -> 4573000
A74: الهيئه الوطنية لتنظيم المهن والخدمات الصحية | B74: 1976000 | C74: 0 | D74: -1976000 | E74: =SUM(B74:D74) -> 0 | F74: 0 | G74: =SUM(E74:F74) -> 0
A75: الأوقاف السنية | B75: 2700000 | C75: 0 | D75: 192000 | E75: =SUM(B75:D75) -> 2892000 | F75: 0 | G75: =SUM(E75:F75) -> 2892000
A76: الأوقاف الجعفرية | B76: 2700000 | C76: 0 | D76: 176000 | E76: =SUM(B76:D76) -> 2876000 | F76: 0 | G76: =SUM(E76:F76) -> 2876000
A77: بورصة البحرين | B77: 500000 | C77: 0 | D77: 0 | E77: =SUM(B77:D77) -> 500000 | F77: 0 | G77: =SUM(E77:F77) -> 500000
A78: جامعة البحرين | B78: 43823000 | C78: 0 | D78: 0 | E78: =SUM(B78:D78) -> 43823000 | F78: 0 | G78: =SUM(E78:F78) -> 43823000
A79: كلية المعلمين (جامعة البحرين) | B79: 5413000 | C79: 0 | D79: 0 | E79: =SUM(B79:D79) -> 5413000 | F79: 0 | G79: =SUM(E79:F79) -> 5413000
A80: بوليتكنك البحرين | B80: 11818000 | C80: 0 | D80: 0 | E80: =SUM(B80:D80) -> 11818000 | F80: 0 | G80: =SUM(E80:F80) -> 11818000
... A96: معهد البحرين للتنمية السياسية | B96: 1353000 | C96: 0 | D96: 0 | E96: =SUM(B96:D96) -> 1353000 | F96: 0 | G96: =SUM(E96:F96) -> 1353000
A97: دعم برنامج الاسكان (علاوة الإيجار) | C97: 0 | E97: =SUM(B97:D97) -> 0 | G97: =SUM(E97:F97) -> 0
A98: دعم برنامج الاسكان (تخفيض الأقساط الاسكانية) | C98: 0 | E98: =SUM(B98:D98) -> 0 | G98: =SUM(E98:F98) -> 0
A99: معهد الإدارة العامة | B99: 1804000 | C99: 0 | D99: 423678 | E99: =SUM(B99:D99) -> 2227678 | F99: 0 | G99: =SUM(E99:F99) -> 2227678
A100: هيئة تنظيم سوق العمل | B100: 6585000 | C100: 0 | D100: 733325 | E100: =SUM(B100:D100) -> 7318325 | F100: 0 | G100: =SUM(E100:F100) -> 7318325
A101: معرض البحرين الدولي للطيران | B101: 2500000 | C101: 0 | D101: 0 | E101: =SUM(B101:D101) -> 2500000 | F101: 0 | G101: =SUM(E101:F101) -> 2500000
A102: مركز البحرين للدراسات الاستراتيجية والدولية والطاقة | B102: 1353000 | C102: 0 | D102: 0 | E102: =SUM(B102:D102) -> 1353000 | F102: 0 | G102: =SUM(E102:F102) -> 1353000
A103: صندوق الضمان الاجتماعي | B103: 24910000 | C103: 0 | D103: 0 | E103: =SUM(B103:D103) -> 24910000 | F103: 0 | G103: =SUM(E103:F103) -> 24910000
A104: الصندوق الاجتماعي الوطني | B104: 14700000 | C104: 0 | D104: 3978811 | E104: =SUM(B104:D104) -> 18678811 | F104: 0 | G104: =SUM(E104:F104) -> 18678811
A105: الهيئة العليا للإعلام والاتصال | B105: 271000 | C105: 0 | D105: 0 | E105: =SUM(B105:D105) -> 271000 | F105: 0 | G105: =SUM(E105:F105) -> 271000
A106: بدالة إنترنت البحرين | B106: 1804000 | C106: 0 | D106: 0 | E106: =SUM(B106:D106) -> 1804000 | F106: 0 | G106: =SUM(E106:F106) -> 1804000
A107: قصر القضيبية | B107: 0 | C107: 0 | D107: 800000 | E107: =SUM(B107:D107) -> 800000 | F107: 0 | G107: =SUM(E107:F107) -> 800000
A108: الهيئة الوطنية لعلوم الفضاء | B108: 271000 | C108: 0 | D108: 0 | E108: =SUM(B108:D108) -> 271000 | F108: 0 | G108: =SUM(E108:F108) -> 271000
A110: حسابات تحت إشراف وزارة المالية | B110: =SUM(B111:B132) -> 825951000 | C110: =SUM(C111:C132) -> 0 | D110: =SUM(D111:D132) -> -89865834 | E110: =SUM(E111:E132) -> 736085166 | F110: =SUM(F111:F132) -> 0 | G110: =SUM(G111:G132) -> 736085166
A111: فوائد الدين الحكومي | B111: 390000000 | C111: 0 | D111: 0 | E111: =SUM(B111:D111) -> 390000000 | F111: 0 | G111: =SUM(E111:F111) -> 390000000
A112: نصيب البحرين في مجلس التعاون | B112: 8500000 | C112: 0 | D112: 1275139 | E112: =SUM(B112:D112) -> 9775139 | F112: 0 | G112: =SUM(E112:F112) -> 9775139
A113: مساعدات حكومية | B113: 2706000 | C113: 0 | D113: 0 | E113: =SUM(B113:D113) -> 2706000 | F113: 0 | G113: =SUM(E113:F113) -> 2706000
A114: حصة ومساهمة الحكومة في أنظمة التقاعد | B114: 800000 | C114: 0 | D114: 294169 | E114: =SUM(B114:D114) -> 1094169 | F114: 0 | G114: =SUM(E114:F114) -> 1094169
A115: اشتراكات ومساهمات في منظمات الأمم المتحدة | B115: 2650000 | C115: 0 | D115: 0 | E115: =SUM(B115:D115) -> 2650000 | F115: 0 | G115: =SUM(E115:F115) -> 2650000
A116: اشتراكات ومساهمات في المنظمات العربية | B116: 0 | C116: 0 | D116: 1195891 | E116: =SUM(B116:D116) -> 1195891 | F116: 0 | G116: =SUM(E116:F116) -> 1195891
A117: برنامج الأمم المتحدة الإنمائي | B117: 0 | C117: 0 | D117: 370667 | E117: =SUM(B117:D117) -> 370667 | F117: 0 | G117: =SUM(E117:F117) -> 370667
A118: التزامات متنوعة | B118: 4100000 | C118: 0 | D118: 500000 | E118: =SUM(B118:D118) -> 4600000 | F118: 0 | G118: =SUM(E118:F118) -> 4600000
A119: علاوة تحسين مستوى المعيشة للمتقاعدين | B119: 73500000 | C119: 0 | D119: 32806937 | E119: =SUM(B119:D119) -> 106306937 | F119: 0 | G119: =SUM(E119:F119) -> 106306937
A120: تقديرات أخرى للوزارات والجهات الحكومية | B120: 97572000 | C120: 0 | D120: -97572000 | E120: =SUM(B120:D120) -> 0 | F120: 0 | G120: =SUM(E120:F120) -> 0
A121: تمويل الأخطار | B121: 541000 | C121: 0 | D121: 0 | E121: =SUM(B121:D121) -> 541000 | F121: 0 | G121: =SUM(E121:F121) -> 541000
A122: الهيئة العامة للتأمين الاجتماعي- تكلفة احتساب العلاوة الاجتماعية ضمن المعاش التقاعدي | B122: 4000000 | C122: 0 | D122: 0 | E122: =SUM(B122:D122) -> 4000000 | F122: 0 | G122: =SUM(E122:F122) -> 4000000
... A132: دعم برنامج الإسكان (تخفيض الأقساط الإسكانية) | B132: 4000000 | C132: 0 | D132: 4000000 | E132: =SUM(B132:D132) -> 8000000 | F132: 0 | G132: =SUM(E132:F132) -> 8000000
A133: الإجمالي | B133: =B5+B28+B42+B52+B59+B67 -> 3217550000 | C133: =C5+C28+C42+C52+C59+C67 -> 0 | D133: =D5+D28+D42+D52+D59+D67 -> -29000000 | E133: =E5+E28+E42+E52+E59+E67 -> 3188550000 | F133: =F5+F28+F42+F52+F59+F67 -> 0 | G133: =G5+G28+G42+G52+G59+G67 -> 3188550000

Sheet مصروفات الوزارات
A1: 8- المصروفات المتكررة مصنفة حسب الأبواب والوزارات والجهات الحكومية
L2: (دينار بحريني)
A3: الوزارة أو الجهة الحكومية | B3: Code | C3: قوى عاملة | D3: خدمات | E3: سلع استهلاكية | F3: سلع رأسمالية | G3: صيانة | H3: نفقات تحويلية | I3: إعانات وتسديد فوائد القروض | J3: المجموع | K3: الاعتماد | L3: الفعلي 2015
A4: ديوان صاحب السمو الملكي رئيس الوزراء | B4: 11 | C4: 4448291 | D4: 4157755 | E4: 89438 | F4: 19474 | G4: 7696 | H4: 10500000 | I4: 0 | J4: =SUM(C4:I4) -> 19222654 | K4: 19342000 | L4: 19317706
A5: وزارة الدفاع (إيضاح رقم 13) | B5: 12 | C5: 395050069 | D5: 30780129 | E5: 30375202 | F5: 18116011 | G5: 46106048 | H5: 365713 | I5: 1088181 | J5: =SUM(C5:I5) -> 521881353 | K5: 494450000 | L5: 496154820
A6: وزارة الداخلية | B6: 13 | C6: 319848072 | D6: 20592502 | E6: 7390622 | F6: 2181284 | G6: 7195715 | H6: 0 | I6: 0 | J6: =SUM(C6:I6) -> 357208195 | K6: 355500000 | L6: 372640334
A7: جهاز الأمن الوطني | B7: 14 | C7: 0 | D7: 0 | E7: 0 | F7: 0 | G7: 0 | H7: 34842000 | I7: 0 | J7: =SUM(C7:I7) -> 34842000 | K7: 34842000 | L7: 35889000
A8: هيئة التشريع والإفتاء القانوني | B8: 15 | C8: 2149402 | D8: 360078 | E8: 14814 | F8: 737 | G8: 5498 | H8: 0 | I8: 0 | J8: =SUM(C8:I8) -> 2530529 | K8: 2530529 | L8: 2609942
A9: وزارة الخارجية | B9: 16 | C9: 20086489 | D9: 9093747 | E9: 446210 | F9: 344379 | G9: 520856 | H9: 0 | I9: 75954 | J9: =SUM(C9:I9) -> 30567635 | K9: 30569641 | L9: 30933748
A10: وزارة العدل والشئون الإسلامية والأوقاف (شئون العدل) | B10: 18 | C10: 8682639 | D10: 2857973 | E10: 69978 | F10: 110568 | G10: 212876 | H10: 66952 | I10: 168500 | J10: =SUM(C10:I10) -> 12169486 | K10: 11067765 | L10: 12475822
A11: وزارة التربية والتعليم | B11: 21 | C11: 287176271 | D11: 39300023 | E11: 4215261 | F11: 2125463 | G11: 1666730 | H11: 0 | I11: 75000 | J11: =SUM(C11:I11) -> 334558748 | K11: 327143231 | L11: 334079327
A12: وزارة الصحة | B12: 22 | C12: 154125249 | D12: 31223179 | E12: 69912761 | F12: 1322012 | G12: 4519192 | H12: 0 | I12: 13700 | J12: =SUM(C12:I12) -> 261116093 | K12: 262354534 | L12: 277946873
A13: وزارة الأشغال وشئون البلديات والتخطيط العمراني (الإدارة العامة للتخطيط العمراني وإدارة الاستملاك والتعويض وشئون الزراعة والثروة البحرية) | B13: 23 | C13: 8277344 | D13: 2027011 | E13: 279602 | F13: 87142 | G13: 79254 | H13: 5995 | I13: 0 | J13: =SUM(C13:I13) -> 10756348 | K13: 11974408 | L13: 11763129
A14: وزارة العمل والتنمية الاجتماعية (العمل) | B14: 24 | C14: 5006075 | D14: 706822 | E14: 61168 | F14: 35232 | G14: 25110 | H14: 0 | I14: 200000 | J14: =SUM(C14:I14) -> 6034407 | K14: 6034399 | L14: 6050055
A15: وزارة شئون الشباب والرياضة (إيضاح رقم 17) | B15: 26 | C15: 3590308 | D15: 3736917 | E15: 202683 | F15: 128112 | G15: 598594 | H15: 2350195 | I15: 1576203 | J15: =SUM(C15:I15) -> 12183012 | K15: 12369000 | L15: =12228420+235180 -> 12463600
A16: نادي راشد للفروسية وسباق الخيل | B16: 28 | C16: 1007597 | D16: 387221 | E16: 70828 | F16: 150222 | G16: 215646 | H16: 0 | I16: 0 | J16: =SUM(C16:I16) -> 1831514 | K16: 1876000 | L16: 1663693
A17: وزارة العمل والتنمية الاجتماعية (التنمية الاجتماعية) | B17: 29 | C17: 7868950 | D17: 2326432 | E17: 162590 | F17: 48021 | G17: 171874 | H17: 0 | I17: 114020 | J17: =SUM(C17:I17) -> 10691887 | K17: 11605403 | L17: 12079638
A18: مكتب صاحب السمو الملكي النائب الأول لرئيس مجلس الوزراء | B18: 70 | C18: 1065007 | D18: 195369 | E18: 57708 | F18: 90453 | G18: 1294 | H18: 0 | I18: 20000 | J18: =SUM(C18:I18) -> 1429831 | K18: 1804000 | L18: 1316372
A19: مكاتب نواب رئيس مجلس الوزراء | B19: D | C19: 2662757 | D19: 520635 | E19: 48407 | F19: 13002 | G19: 9528 | H19: 0 | I19: 0 | J19: =SUM(C19:I19) -> 3254329 | K19: 3644363 | L19: 3282119
A20: مكاتب مستشاري صاحب السمو الملكي رئيس مجلس الوزراء | B20: A | C20: 369710 | D20: 117794 | E20: 6473 | F20: 0 | G20: 19 | H20: 0 | I20: 0 | J20: =SUM(C20:I20) -> 493996 | K20: 601710 | L20: 552634
A21: مكتب وزير شئون مجلس الوزراء | B21: 32 | C21: 356452 | D21: 183009 | E21: 8246 | F21: 0 | G21: 0 | H21: 0 | I21: 0 | J21: =SUM(C21:I21) -> 547707 | K21: 547707 | L21: 556013
A22: وزارة الصناعة والتجارة والسياحة | B22: 34 | C22: 7382398 | D22: 3740313 | E22: 125396 | F22: 180063 | G22: 182845 | H22: 0 | I22: 0 | J22: =SUM(C22:I22) -> 11611015 | K22: 12835000 | L22: 12626368
A23: وزارة الإسكان | B23: 36 | C23: 4244157 | D23: 654299 | E23: 62434 | F23: 49668 | G23: 103072 | H23: 0 | I23: 0 | J23: =SUM(C23:I23) -> 5113630 | K23: 5113630 | L23: 5316719
A24: وزارة الثقافة | J24: =SUM(C24:I24) -> 0 | K24: 0 | L24: 0
A25: 8- المصروفات المتكررة مصنفة حسب الأبواب والوزارات والجهات الحكومية (تتمة)
L26: (دينار بحريني)
A27: الوزارة أو الجهة الحكومية | C27: قوى عاملة | D27: خدمات | E27: سلع استهلاكية | F27: سلع رأسمالية | G27: صيانة | H27: نفقات تحويلية | I27: إعانات وتسديد فوائد القروض | J27: المجموع | K27: الاعتماد | L27: الفعلي 2015
A28: مكتب وزير شئون الكهرباء والماء | B28: 40 | C28: 129194 | D28: 82876 | E28: 11710 | F28: 7999 | G28: 382 | H28: 0 | I28: 0 | J28: =SUM(C28:I28) -> 232161 | K28: 271000 | L28: 206439
A29: المجلس الأعلى للبيئة | B29: 41 | C29: 4434452 | D29: 1015242 | E29: 154259 | F29: 100520 | G29: 224957 | H29: 0 | I29: 0 | J29: =SUM(C29:I29) -> 5929430 | K29: 6542000 | L29: 6894165
A30: مركز الشيخ محمد بن خليفة آل خليفة التخصصي للقلب (إيضاح رقم 13) | B30: 43 | C30: 7574179 | D30: 229921 | E30: 6074739 | F30: 1238181 | G30: 347979 | H30: 0 | I30: 0 | J30: =SUM(C30:I30) -> 15464999 | K30: 15465000 | L30: 15463923
A31: وزارة الأشغال وشئون البلديات والتخطيط العمراني (الأشغال) | B31: 46 | C31: 24764674 | D31: 20140007 | E31: 152578 | F31: 25041 | G31: 118914 | H31: 0 | I31: 0 | J31: =SUM(C31:I31) -> 45201214 | K31: 45456010 | L31: 45258498
A32: هيئة الكهرباء والماء (إيضاح رقم 12) | B32: 47 | C32: 0 | D32: 0 | E32: 0 | F32: 0 | G32: 0 | H32: 268971800 | I32: 0 | J32: =SUM(C32:I32) -> 268971800 | K32: 315735000 | L32: 325500000
A33: وزارة المواصلات والاتصالات | B33: 48 | C33: 15777883 | D33: 15859581 | E33: 147655 | F33: 276285 | G33: 959397 | H33: 0 | I33: 0 | J33: =SUM(C33:I33) -> 33020801 | K33: 33020801 | L33: 32609660
A34: الحرس الوطني | B34: 50 | C34: 39113112 | D34: 606380 | E34: 335975 | F34: 0 | G34: 33748 | H34: 0 | I34: 110784 | J34: =SUM(C34:I34) -> 40199999 | K34: 40200000 | L34: 40050000
A35: الهيئة الوطنية للنفط والغاز | B35: 51 | C35: 1488739 | D35: 880632 | E35: 12529 | F35: 12330 | G35: 11665 | H35: 0 | I35: 0 | J35: =SUM(C35:I35) -> 2405895 | K35: 2405895 | L35: 2515446
A36: وزارة شئون مجلسي الشورى والنواب | B36: 54 | C36: 1135286 | D36: 189458 | E36: 8600 | F36: 19842 | G36: 900 | H36: 0 | I36: 0 | J36: =SUM(C36:I36) -> 1354086 | K36: 1404000 | L36: 1489032
A37: وزارة شئون الإعلام (إيضاح رقم 17) | B37: 55 | C37: 13444173 | D37: 6515552 | E37: 1548366 | F37: 294324 | G37: 456463 | H37: 0 | I37: 55000 | J37: =SUM(C37:I37) -> 22313878 | K37: 23546400 | L37: =22993262+700150 -> 23693412
A38: مجلـس المناقصات والمزايدات | B38: 59 | C38: 706027 | D38: 254761 | E38: 20012 | F38: 2738 | G38: 3046 | H38: 0 | I38: 0 | J38: =SUM(C38:I38) -> 986584 | K38: 1125000 | L38: 1159176
A39: الميزانيات التحويلية (إيضاح رقم 10) | B39: 60 | C39: 0 | D39: 2500878 | E39: 0 | F39: 0 | G39: 0 | H39: 283353336 | I39: 629417312 | J39: =SUM(C39:I39) -> 915271526 | K39: 967776980 | L39: 839384766
A40: وزارة النفط | B40: 61 | C40: 61667 | D40: 20194 | E40: 1671 | F40: 6461 | G40: 0 | H40: 0 | I40: 0 | J40: =SUM(C40:I40) -> 89993 | K40: 148550 | L40: 0
A41: هيئة البحرين للثقافة والآثار | B41: 66 | C41: 3841539 | D41: 2538116 | E41: 42315 | F41: 35568 | G41: 203001 | H41: 800000 | I41: 185100 | J41: =SUM(C41:I41) -> 7645639 | K41: 7645639 | L41: 7672968
A42: المجلس الأعلى للصحة | B42: 67 | C42: 111749 | D42: 116270 | E42: 3573 | F42: 4747 | G42: 3239 | H42: 0 | I42: 0 | J42: =SUM(C42:I42) -> 239578 | K42: 271000 | L42: 279387
A43: الجهاز الإداري للنيابة العامة | B43: 68 | C43: 2430836 | D43: 864210 | E43: 60770 | F43: 76377 | G43: 96044 | H43: 0 | I43: 0 | J43: =SUM(C43:I43) -> 3528237 | K43: 3528237 | L43: 3361118
A44: الأمانة العامة لمجلس الوزراء | B44: 71 | C44: 1146535 | D44: 178781 | E44: 16481 | F44: 11302 | G44: 3159 | H44: 0 | I44: 0 | J44: =SUM(C44:I44) -> 1356258 | K44: 1519000 | L44: 1429566
A45: ديوان الخدمة المدنية | B45: 72 | C45: 5062822 | D45: 794381 | E45: 26037 | F45: 18966 | G45: 14126 | H45: 0 | I45: 0 | J45: =SUM(C45:I45) -> 5916332 | K45: 6602000 | L45: 5916829
A46: الجهاز المركزي للمعلومات (إيضاح رقم 17) | B46: 73 | C46: 6080873 | D46: 920456 | E46: 1634136 | F46: 55039 | G46: 397152 | H46: 0 | I46: 0 | J46: =SUM(C46:I46) -> 9087656 | K46: 8441318 | L46: 9016838
A47: الأمانة العامة للمجلس الأعلى للشباب والرياضة | B47: 75 | C47: 728094 | D47: 196097 | E47: 10607 | F47: 3863 | G47: 9603 | H47: 10106757 | I47: 0 | J47: =SUM(C47:I47) -> 11055021 | K47: 11061268 | L47: 11175614
A48: المجلس الأعلى للقضاء | B48: 76 | C48: 12102511 | D48: 958261 | E48: 22777 | F48: 52725 | G48: 3563 | H48: 0 | I48: 0 | J48: =SUM(C48:I48) -> 13139837 | K48: 12692000 | L48: 13009295
A49: وزارة العدل والشئون الإسلامية والأوقاف (الشئون الإسلامية) | B49: 77 | C49: 1796626 | D49: 2402459 | E49: 10372 | F49: 31074 | G49: 30049 | H49: 0 | I49: 0 | J49: =SUM(C49:I49) -> 4270580 | K49: 4270582 | L49: 4255942
... A54: الهيئة الوطنية لتنظيم المهن والخدمات الصحية | B54: 89 | C54: 1143817 | D54: 691049 | E54: 42725 | F54: 79787 | G54: 7940 | H54: 0 | I54: 0 | J54: =SUM(C54:I54) -> 1965318 | K54: 2651000 | L54: 0
A55: المجموع | C55: =SUM(C4:C54) -> 1429143771 | D55: =SUM(D4:D54) -> 217876956 | E55: =SUM(E4:E54) -> 133774676 | F55: =SUM(F4:F54) -> 29406230 | G55: =SUM(G4:G54) -> 66748918 | H55: =SUM(H4:H54) -> 611362748 | I55: =SUM(I4:I54) -> 633099754 | J55: =SUM(J4:J54) -> 3121413053 | ... L55: =SUM(L4:L54) -> 3115736291

Sheet تفصيل المصروفات 
A1: 9- المصروفات المتكررة مصنفة حسب الأبواب والأقسام والبنود
F2: (دينار بحريني)
A3: التبويــب | E3: البيـــان | F3: 2016 | I3: 2015 الفعلي
A4: بند | B4: قسم | C4: باب | D4: نوع | F4: الاعتماد | G4: الفعلي | H4: الفرق
C5: 1 | D5: 6 | E5: نفقات القوى العاملة | F5: =F6+F27+F43+F56+F63+F73+F87+F97 -> 1438476809 | G5: =G6+G27+G43+G56+G63+G73+G87+G97 -> 1429143771 | H5: =F5-G5 -> 9333038 | I5: =I6+I27+I43+I56+I63+I73+I87+I97 -> 1429500860
B6: 1 | C6: 1 | D6: 6 | E6: وظائف البحرينيين | F6: =SUM(F7:F26) -> 1005961500 | G6: =SUM(G7:G26) -> 1009639540 | H6: =F6-G6 -> -3678040 | I6: =SUM(I7:I26) -> 1071191771
A7: 60011 | B7: 1 | C7: 1 | D7: 6 | E7: الرواتب الأساسية | F7: 791704209 | G7: 797039073 | H7: =F7-G7 -> -5334864 | I7: 838627490
A8: 60021 | B8: 1 | C8: 1 | D8: 6 | E8: العمل الإضافي | F8: 17362374 | G8: 14560877 | H8: =F8-G8 -> 2801497 | I8: 20475248
A9: 61011 | B9: 1 | C9: 1 | D9: 6 | E9: العلاوة الاجتماعية | F9: 45551917 | G9: 46889357 | H9: =F9-G9 -> -1337440 | I9: 49175974
A10: 61012 | B10: 1 | C10: 1 | D10: 6 | E10: علاوة تحسين المعيشة | F10: 58288223 | G10: 59111893 | H10: =F10-G10 -> -823670 | I10: 58803859
A11: 61013 | B11: 1 | C11: 1 | D11: 6 | E11: علاوة السيارة | F11: 240 | G11: 457 | H11: =F11-G11 -> -217 | I11: 0
A12: 61014 | B12: 1 | C12: 1 | D12: 6 | E12: مكافأة موظف السنة | F12: 0 | G12: 2000 | H12: =F12-G12 -> -2000 | I12: 0
A13: 61016 | B13: 1 | C13: 1 | D13: 6 | E13: بدل ندب | F13: 0 | G13: 402 | H13: =F13-G13 -> -402 | I13: 0
A14: 61021 | B14: 1 | C14: 1 | D14: 6 | E14: علاوة المواصلات | F14: 25124707 | G14: 25014423 | H14: =F14-G14 -> 110284 | I14: 26725731
A15: 61022 | B15: 1 | C15: 1 | D15: 6 | E15: علاوة الاتصالات | F15: 3755342 | G15: 3661962 | H15: =F15-G15 -> 93380 | I15: 4032911
A16: 61031 | B16: 1 | C16: 1 | D16: 6 | E16: علاوات شخصية أخرى | F16: 40246938 | G16: 39346406 | H16: =F16-G16 -> 900532 | I16: 47060073
A17: 61032 | B17: 1 | C17: 1 | D17: 6 | E17: مكافأة العمل الخاص | F17: 92816 | G17: 13126 | H17: =F17-G17 -> 79690 | I17: 1810
A18: 61033 | B18: 1 | C18: 1 | D18: 6 | E18: مكافأة الإنجازات الاستثنائية | F18: 5400 | G18: 3000 | H18: =F18-G18 -> 2400 | I18: 2500
... A26: 61991 | B26: 1 | C26: 1 | D26: 6 | E26: علاوات وتكاليف أخرى | F26: 11009434 | G26: 11661036 | H26: =F26-G26 -> -651602 | I26: 14108484
B27: 2 | C27: 1 | D27: 6 | E27: وظائف غير البحرينيين | F27: =SUM(F28:F42) -> 219466319 | G27: =SUM(G28:G42) -> 202093520 | H27: =F27-G27 -> 17372799 | I27: =SUM(I28:I42) -> 133877222
A28: 60011 | B28: 2 | C28: 1 | D28: 6 | E28: الرواتب الأساسية | F28: 146467754 | G28: 130665414 | H28: =F28-G28 -> 15802340 | I28: 77858448
A29: 60021 | B29: 2 | C29: 1 | D29: 6 | E29: العمل الإضافي | F29: 3192111 | G29: 2799034 | H29: =F29-G29 -> 393077 | I29: 3315661
A30: 61011 | B30: 2 | C30: 1 | D30: 6 | E30: العلاوة الاجتماعية | F30: 7316099 | G30: 7133790 | H30: =F30-G30 -> 182309 | I30: 4089127
A31: 61012 | B31: 2 | C31: 1 | D31: 6 | E31: علاوة تحسين المعيشة | F31: 411715 | G31: 60118 | H31: =F31-G31 -> 351597 | I31: 59205
A32: 61021 | B32: 2 | C32: 1 | D32: 6 | E32: علاوة المواصلات | F32: 3271548 | G32: 3624350 | H32: =F32-G32 -> -352802 | I32: 1601990
A33: 61022 | B33: 2 | C33: 1 | D33: 6 | E33: علاوة الهاتف | F33: 193588 | G33: 179735 | H33: =F33-G33 -> 13853 | I33: 245348
A34: 61031 | B34: 2 | C34: 1 | D34: 6 | E34: علاوات شخصية أخرى | F34: 11567622 | G34: 12387475 | H34: =F34-G34 -> -819853 | I34: 4934774
A35: 61034 | B35: 2 | C35: 1 | D35: 6 | E35: مكافأة انضباط | F35: 2200 | G35: 16800 | H35: =F35-G35 -> -14600 | I35: 21800
A36: 61035 | B36: 2 | C36: 1 | D36: 6 | E36: بدل علاوة الأطباء المستشارين | F36: 38906 | G36: 13804 | H36: =F36-G36 -> 25102 | I36: 34336
A37: 61036 | B37: 2 | C37: 1 | D37: 6 | E37: بدل تفرغ للأطباء الاستشاريين | F37: 0 | G37: 0 | H37: =F37-G37 -> 0 | I37: 0
A38: 61041 | B38: 2 | C38: 1 | D38: 6 | E38: بدل اغتراب | F38: 326849 | G38: 345136 | H38: =F38-G38 -> -18287 | I38: 378266
A39: 61042 | B39: 2 | C39: 1 | D39: 6 | E39: توظيف وإجازة وإنهاء عقود الموظفين | F39: 23669584 | G39: 15868543 | H39: =F39-G39 -> 7801041 | I39: 14775083
... A42: 64021 | B42: 2 | C42: 1 | D42: 6 | E42: أجور السفر | F42: 2140 | G42: 17622 | H42: =F42-G42 -> -15482 | I42: 18875
B43: 3 | C43: 1 | D43: 6 | E43: الوظائف المؤقتة للبحرينيين | F43: =SUM(F44:F51) -> 2570412 | G43: =SUM(G44:G51) -> 3083981 | H43: =F43-G43 -> -513569 | I43: =SUM(I44:I51) -> 2969914
A44: 60011 | B44: 3 | C44: 1 | D44: 6 | E44: الرواتب الأساسية | F44: 2537717 | G44: 3060212 | H44: =F44-G44 -> -522495 | I44: 2935311
A45: 60021 | B45: 3 | C45: 1 | D45: 6 | E45: العمل الإضافي | F45: 5176 | G45: 3001 | H45: =F45-G45 -> 2175 | I45: 6574
A46: 61011 | B46: 3 | C46: 1 | D46: 6 | E46: العلاوة الاجتماعية | F46: 18213 | G46: 11563 | H46: =F46-G46 -> 6650 | I46: 17856
A47: 61013 | B47: 3 | C47: 1 | D47: 6 | E47: علاوة السيارة | F47: 0 | G47: 165 | H47: =F47-G47 -> -165 | I47: 0
A48: 61021 | B48: 3 | C48: 1 | D48: 6 | E48: علاوة المواصلات | F48: 7796 | G48: 4496 | H48: =F48-G48 -> 3300 | I48: 6124
A49: 61022 | B49: 3 | C49: 1 | D49: 6 | E49: علاوة الهاتف | F49: 300 | G49: 575 | H49: =F49-G49 -> -275 | I49: 300
A50: 61031 | B50: 3 | C50: 1 | D50: 6 | E50: علاوات شخصية أخرى | F50: 1210 | G50: 459 | H50: =F50-G50 -> 751 | I50: 349
A51: 61991 | B51: 3 | C51: 1 | D51: 6 | E51: علاوات وتكاليف أخرى | F51: 0 | G51: 3510 | H51: =F51-G51 -> -3510 | I51: 3400
A52: 9- المصروفات المتكررة مصنفة حسب الأبواب والأقسام والبنود (تتمة)
F53: (دينار بحريني)
A54: التبويــب | E54: البيـــان | F54: 2016 | I54: 2015 الفعلي
A55: بند | B55: قسم | C55: باب | D55: نوع | F55: الاعتماد | G55: الفعلي | H55: الفرق
B56: 4 | C56: 1 | D56: 6 | E56: الوظائف المؤقتة لغير البحرينيين | F56: =SUM(F57:F62) -> 46638 | G56: =SUM(G57:G62) -> 8229 | H56: =F56-G56 -> 38409 | I56: =SUM(I57:I62) -> 22887
A57: 60011 | B57: 4 | C57: 1 | D57: 6 | E57: الرواتب الأساسية | F57: 39196 | G57: 8229 | H57: =F57-G57 -> 30967 | I57: 19594
A58: 60021 | B58: 4 | C58: 1 | D58: 6 | E58: العمل الإضافي | F58: 2067 | G58: 0 | H58: =F58-G58 -> 2067 | I58: 693
A59: 61011 | B59: 4 | C59: 1 | D59: 6 | E59: العلاوة الاجتماعية | F59: 3993 | G59: 0 | H59: =F59-G59 -> 3993 | I59: 1907
A60: 61021 | B60: 4 | C60: 1 | D60: 6 | E60: علاوة المواصلات | F60: 1382 | G60: 0 | H60: =F60-G60 -> 1382 | I60: 693
A61: 61031 | B61: 4 | C61: 1 | D61: 6 | E61: علاوات شخصية أخرى | H61: =F61-G61 -> 0
A62: 61991 | B62: 4 | C62: 1 | D62: 6 | E62: علاوات وتكاليف أخرى | F62: 0 | G62: 0 | H62: =F62-G62 -> 0 | I62: 0
B63: 5 | C63: 1 | D63: 6 | E63: تدريب الموظفين داخل البحرين | F63: =F64+SUM(F65:F72) -> 7207672 | G63: =G64+SUM(G65:G72) -> 7666046 | H63: =F63-G63 -> -458374 | I63: =I64+SUM(I65:I72) -> 9487483
A64: 61051 | B64: 5 | C64: 1 | D64: 6 | E64: مخصصات التدريب | F64: 103491 | G64: 66547 | H64: =F64-G64 -> 36944 | I64: 126184
A65: 61052 | B65: 5 | C65: 1 | D65: 6 | E65: مخصصات التدريب لتقنية المعلومات | F65: 2950 | G65: 0 | H65: =F65-G65 -> 2950 | I65: 0
A66: 62011 | B66: 5 | C66: 1 | D66: 6 | E66: تكاليف المقررات والرسوم الدراسية | F66: 6938613 | G66: 7464386 | H66: =F66-G66 -> -525773 | I66: 9262210
A67: 62012 | B67: 5 | C67: 1 | D67: 6 | E67: تكاليف المقررات الدراسية للحاسب الآلي | F67: 20550 | G67: 580 | H67: =F67-G67 -> 19970 | I67: 36
A68: 62014 | B68: 5 | C68: 1 | D68: 6 | E68: تكاليف المقررات والرسوم الدراسية لتقنية المعلومات | F68: 14242 | G68: 4095 | H68: =F68-G68 -> 10147 | I68: 4180
A69: 62021 | B69: 5 | C69: 1 | D69: 6 | E69: مؤتمرات داخلية | F69: 0 | G69: 0 | H69: =F69-G69 -> 0 | I69: 0
A70: 62024 | B70: 5 | C70: 1 | D70: 6 | E70: تكاليف الدراسة الأكاديمية والمهنية | F70: 115726 | G70: 118293 | H70: =F70-G70 -> -2567 | I70: 68241
A71: 74021 | B71: 5 | C71: 1 | D71: 6 | E71: تكاليف الكتب وأدوات القرطاسية | F71: 12100 | G71: 12145 | H71: =F71-G71 -> -45 | I71: 12117
A72: 74022 | B72: 5 | C72: 1 | D72: 6 | E72: تكاليف المواد الدراسية لتقنية المعلومات | F72: 0 | G72: 0 | H72: =F72-G72 -> 0 | I72: 14515
B73: 6 | C73: 1 | D73: 6 | E73: تدريب الموظفين خارج البحرين | F73: =SUM(F74:F86) -> 22592095 | G73: =SUM(G74:G86) -> 23580870 | H73: =F73-G73 -> -988775 | I73: =SUM(I74:I86) -> 25616180
A74: 61051 | B74: 6 | C74: 1 | D74: 6 | E74: مخصصات التدريب | F74: 10072910 | G74: 10878161 | H74: =F74-G74 -> -805251 | I74: 12161086
A75: 61052 | B75: 6 | C75: 1 | D75: 6 | E75: مخصصات التدريب لتقنية المعلومات | F75: 0 | G75: 0 | H75: =F75-G75 -> 0 | I75: 1200
A76: 61059 | B76: 6 | C76: 1 | D76: 6 | E76: علاوات التدريب | F76: 185032 | G76: 192142 | H76: =F76-G76 -> -7110 | I76: 215622
A77: 61992 | B77: 6 | C77: 1 | D77: 6 | E77: علاوات التدريب لتقنية المعلومات | F77: 0 | G77: 0 | H77: =F77-G77 -> 0 | I77: 0
A78: 62011 | B78: 6 | C78: 1 | D78: 6 | E78: تكاليف المقررات والرسوم الدراسية | F78: 8040117 | G78: 7838801 | H78: =F78-G78 -> 201316 | I78: 8145482
A79: 62012 | B79: 6 | C79: 1 | D79: 6 | E79: تكاليف المقررات الدراسية للحاسب الآلي | F79: 914 | G79: 0 | H79: =F79-G79 -> 914 | I79: 0
A80: 62014 | B80: 6 | C80: 1 | D80: 6 | E80: تكاليف المقررات والرسوم الدراسية لتقنية المعلومات | F80: 893 | G80: 150 | H80: =F80-G80 -> 743 | I80: 0
A81: 62024 | B81: 6 | C81: 1 | D81: 6 | E81: تكاليف الدراسة الأكاديمية والمهنية | F81: 38917 | G81: 35368 | H81: =F81-G81 -> 3549 | I81: 34658
A82: 64021 | B82: 6 | C82: 1 | D82: 6 | E82: أجور السفر | F82: 4247654 | G82: 4634602 | H82: =F82-G82 -> -386948 | I82: 5047424
A83: 64022 | B83: 6 | C83: 1 | D83: 6 | E83: أجور السفر لدورات تقنية المعلومات | F83: 180 | G83: 0 | H83: =F83-G83 -> 180 | I83: 190
A84: 74021 | B84: 6 | C84: 1 | D84: 6 | E84: تكاليف الكتب وأدوات القرطاسية | F84: 5478 | G84: 1646 | H84: =F84-G84 -> 3832 | I84: 10518
A85: 74022 | B85: 6 | C85: 1 | D85: 6 | E85: تكاليف المواد الدراسية لتقنية المعلومات | F85: {=IFERROR(INDEX('Meta5&9'!F:F,MATCH($D85&$C85&$B85&$A85,'Meta5&9'!$A:$A&'Meta5&9'!$B:$B&'Meta5&9'!$C:$C&'Meta5&9'!$D:$D,0)),0)} -> 0 | G85: {=IFERROR(INDEX('Meta5&9'!G:G,MATCH($D85&$C85&$B85&$A85,'Meta5&9'!$A:$A&'Meta5&9'!$B:$B&'Meta5&9'!$C:$C&'Meta5&9'!$D:$D,0)),0)} -> 0 | H85: =F85-G85 -> 0 | I85: 0
A86: 75999 | B86: 6 | C86: 1 | D86: 6 | E86: أدوات ومعدات أخرى | H86: =F86-G86 -> 0
B87: 7 | C87: 1 | D87: 6 | E87: الفوائد النقدية والعينية للموظفين | F87: =SUM(F88:F96) -> 175970533 | G87: =SUM(G88:G96) -> 178414532 | H87: =F87-G87 -> -2443999 | I87: =SUM(I88:I96) -> 181639829
A88: 61018 | B88: 7 | C88: 1 | D88: 6 | E88: مكافأة الخدمة الحكومية | F88: 0 | G88: 5200 | H88: =F88-G88 -> -5200 | I88: 0
A89: 63011 | B89: 7 | C89: 1 | D89: 6 | E89: حصة الحكومة في نظام التقاعد المدني | F89: 78036585 | G89: 79443813 | H89: =F89-G89 -> -1407228 | I89: 79271352
A90: 63012 | B90: 7 | C90: 1 | D90: 6 | E90: نظام التقاعد للعسكريين البحرينيين | F90: 58745000 | G90: 57706487 | H90: =F90-G90 -> 1038513 | I90: 56700811
A91: 63013 | B91: 7 | C91: 1 | D91: 6 | E91: نظام المكافآت للعسكريين غير البحرينيين | F91: 7200000 | G91: 7181405 | H91: =F91-G91 -> 18595 | I91: 6738839
A92: 63014 | B92: 7 | C92: 1 | D92: 6 | E92: حصة الحكومة في نظام التأمين ضد التعطل | F92: 8327199 | G92: 8549067 | H92: =F92-G92 -> -221868 | I92: 8706551
A93: 63015 | B93: 7 | C93: 1 | D93: 6 | E93: مكافأة شراء مدة الخدمة الافتراضية | F93: 6049611 | G93: 3863466 | H93: =F93-G93 -> 2186145 | I93: 3524493
A94: 70031 | B94: 7 | C94: 1 | D94: 6 | E94: إيجار المركبات والشاحنات | F94: 0 | G94: 0 | H94: =F94-G94 -> 0 | I94: 0
A95: 75031 | B95: 7 | C95: 1 | D95: 6 | E95: ملابس للموظفين | F95: 6954864 | G95: 6147728 | H95: =F95-G95 -> 807136 | I95: 7177923
A96: 75033 | B96: 7 | C96: 1 | D96: 6 | E96: أغذية للموظفين | F96: 10657274 | G96: 15517366 | H96: =F96-G96 -> -4860092 | I96: 19519860
B97: 8 | C97: 1 | D97: 6 | E97: توريد الأيدي العاملة والعمل الجزئي | F97: =SUM(F98:F99) -> 4661640 | G97: =SUM(G98:G99) -> 4657053 | H97: =F97-G97 -> 4587 | I97: =SUM(I98:I99) -> 4695574
A98: 65041 | B98: 8 | C98: 1 | D98: 6 | E98: توريد الأيدي العاملة | F98: 1007557 | G98: 934761 | H98: =F98-G98 -> 72796 | I98: 803731
A99: 65042 | B99: 8 | C99: 1 | D99: 6 | E99: العمل الجزئي | F99: 3654083 | G99: 3722292 | H99: =F99-G99 -> -68209 | I99: 3891843
C100: 2 | D100: 6 | E100: نفقات الخدمات | F100: =F101+F109+F126+F131+F143+F152+F161+F173 -> 198397732 | G100: =G101+G109+G126+G131+G143+G152+G161+G173 -> 217876956 | H100: =F100-G100 -> -19479224 | I100: =I101+I109+I126+I131+I143+I152+I161+I173 -> 238420990
B101: 1 | C101: 2 | D101: 6 | E101: نفقات إقامة المؤتمرات والمهمات الرسمية والمعارض والدورات | F101: =SUM(F102:F108) -> 16855842 | G101: =SUM(G102:G108) -> 16549729 | H101: =F101-G101 -> 306113 | I101: =SUM(I102:I108) -> 19408825
A102: 62021 | B102: 1 | C102: 2 | D102: 6 | E102: مؤتمرات داخل البحرين | F102: 840679 | G102: 972925 | H102: =F102-G102 -> -132246 | I102: 934821
A103: 62022 | B103: 1 | C103: 2 | D103: 6 | E103: مؤتمرات ومهمات رسمية خارج البحرين | F103: 8768527 | G103: 10042496 | H103: =F103-G103 -> -1273969 | I103: 11672476
A104: 62023 | B104: 1 | C104: 2 | D104: 6 | E104: نفقات المهام الرسمية | F104: 96800 | G104: 69260 | H104: =F104-G104 -> 27540 | I104: 146314
A105: 62031 | B105: 1 | C105: 2 | D105: 6 | E105: نفقات إقامة المعارض داخل وخارج البحرين | F105: 1969453 | G105: 2051811 | H105: =F105-G105 -> -82358 | I105: 1995027
A106: 62041 | B106: 1 | C106: 2 | D106: 6 | E106: نفقات إقامة الدورات الرياضية داخل البحرين | F106: 23000 | G106: 80083 | H106: =F106-G106 -> -57083 | I106: 20524
A107: 62042 | B107: 1 | C107: 2 | D107: 6 | E107: نفقات إقامة الدورات الرياضية خارج البحرين | F107: 1010180 | G107: 496788 | H107: =F107-G107 -> 513392 | I107: 907532
A108: 68021 | B108: 1 | C108: 2 | D108: 6 | E108: نفقات الضيافة داخل البحرين | F108: 4147203 | G108: 2836366 | H108: =F108-G108 -> 1310837 | I108: 3732131
B109: 2 | C109: 2 | D109: 6 | E109: الاتصالات والتراخيص | F109: =SUM(F110:F125) -> 11888581 | G109: =SUM(G110:G125) -> 12075584 | H109: =F109-G109 -> -187003 | I109: =SUM(I110:I125) -> 12001421
...

Sheet مصروفات الميزانية التحويلية
A1: 10- مصروفات الميزانيات التحويلية
E2: (دينار بحريني)
A3: البيان | B3: 2016 | E3: الفعلي 2015
B4: الاعتماد | C4: الفعلي | D4: نسبة الصرف %
A5: الجهات ذات الميزانيات الملحقة والمستقلة | B5: 160287705 | C5: 151846064 | D5: =(C5/B5)*100 -> 94.733444 | E5: 158082703
A6: المساهمات في المنظمات الإقليمية والدولية | B6: 12795806 | C6: 12148484 | D6: =(C6/B6)*100 -> 94.941139 | E6: 14225736
A7: دعم الأسر محدودة الدخل | B7: 115000000 | C7: 110965180 | D7: =(C7/B7)*100 -> 96.491461 | E7: 110392130
A8: دعم السلع الغذائية (اللحوم-الدواجن-الطحين) | B8: 43290000 | C8: 33237427 | D8: =(C8/B8)*100 -> 76.778533 | E8: 47335499
A9: الهيئة العامة للتأمين الاجتماعي | B9: 17890396 | C9: 21106758 | D9: =(C9/B9)*100 -> 117.97815 | E9: 18913639
A10: حصة ومساهمة الحكومة في أنظمة التقاعد | B10: 1094169 | C10: 1094169 | D10: =(C10/B10)*100 -> 100 | E10: 16835
A11: برنامج التقاعد المبكر | B11: 2706000 | C11: 0 | D11: =(C11/B11)*100 -> 0 | E11: 0
A12: حصة الحكومة في التأمين ضد التعطل | B12: 18612313 | C12: 18612313 | D12: =(C12/B12)*100 -> 100 | E12: 17840821
A13: صندوق الضمان الاجتماعي | B13: 24910000 | C13: 18000000 | D13: =(C13/B13)*100 -> 72.260136 | E13: 17800000
A14: علاوة تحسين مستوى المعيشة للمتقاعدين | B14: 106306937 | C14: 106306937 | D14: =(C14/B14)*100 -> 100 | E14: 110438860
A15: دعم برامج الإسكان (علاوة الإيجار- تخفيض الأقساط) | B15: 57795400 | C15: 57795400 | D15: =(C15/B15)*100 -> 100 | E15: 47952400
A16: مساعدات حكومية | B16: 7106000 | C16: 5350579 | D16: =(C16/B16)*100 -> 75.296637 | E16: 5216165
... A18: التزامات متنوعة ومبالغ محجوزة أو مدورة | B18: 9982254 | C18: 16849824 | D18: =(C18/B18)*100 -> 168.79779 | E18: 21712096
A19: المجموع | B19: =SUM(B5:B18) -> 967776980 | C19: =SUM(C5:C18) -> 915271526 | D19: 95 | E19: =SUM(E5:E18) -> 839384766

Sheet مشاريع
A1: 11- مصروفات المشاريع مصنفة حسب الوزارات والجهات الحكومية
F2: (دينار بحريني)
A3: الوزارة أو الجهة الحكومية | C3: 2016 | F3: الفعلي 2015
B4: Code | C4: الاعتماد | D4: الفعلي | E4: نسبة الصرف %
A5: وزارة الداخلية | B5: 13 | C5: 22000000 | D5: 21997018 | E5: =D5/C5*100 -> 99.986445 | F5: 31276833
A6: جهاز الأمن الوطني | B6: 14 | C6: 0 | D6: 0 | E6: =IFERROR(D6/C6*100,0) -> 0 | F6: 0
A7: هيئة التشريع والإفتاء القانوني | B7: 15 | C7: 0 | D7: 0 | E7: =IFERROR(D7/C7*100,0) -> 0 | F7: 0
A8: وزارة الخارجية | B8: 16 | C8: 7055405 | D8: 5671647 | E8: =D8/C8*100 -> 80.387263 | F8: 987912
A9: مكاتب نواب رئيس مجلس الوزراء | B9: D | C9: 60000 | D9: 60000 | E9: =D9/C9*100 -> 100 | F9: 15000
A10: وزارة العدل والشئون الإسلامية والأوقاف (شئون العدل) | B10: 18 | C10: 1565500 | D10: 401395 | E10: =D10/C10*100 -> 25.640051 | F10: 200090
A11: وزارة التربية والتعليم | B11: 21 | C11: 10380801 | D11: 5271730 | E11: =D11/C11*100 -> 50.783461 | F11: 4432953
A12: وزارة الصحة | B12: 22 | C12: 10487893 | D12: 10487893 | E12: =D12/C12*100 -> 100 | F12: 8570086
A13: وزارة الأشغال وشئون البلديات والتخطيط العمراني (الإدارة العامة للتخطيط العمراني وإدارة الاستملاك والتعويض وشئون الزراعة والثروة البحرية) | B13: 23 | C13: 17678608 | D13: 11601891 | E13: =D13/C13*100 -> 65.626722 | F13: 8548357
A14: وزارة العمل والتنمية الاجتماعية (العمل) | B14: 24 | C14: 193666 | D14: 95560 | E14: =D14/C14*100 -> 49.342683 | F14: 181466
A15: وزارة شئون الشباب والرياضة (إيضاح رقم 17) | B15: 26 | C15: 5298704 | D15: 5298704 | E15: =D15/C15*100 -> 100 | F15: 6911289
A16: نادي راشد للفروسية وسباق الخيل | B16: 28 | C16: 35408 | D16: 21478 | E16: =D16/C16*100 -> 60.658608 | F16: 261070
A17: وزارة العمل والتنمية الاجتماعية (التنمية الاجتماعية) | B17: 29 | C17: 1348397 | D17: 800656 | E17: =D17/C17*100 -> 59.378358 | F17: 970328
A18: وزارة الصناعة والتجارة والسياحة | B18: 34 | C18: 4810000 | D18: 4603811 | E18: =D18/C18*100 -> 95.713326 | F18: 4793449
A19: وزارة الإسكان | B19: 36 | C19: 157738569 | D19: 143004455 | E19: =D19/C19*100 -> 90.659156 | F19: 141827915
A20: المجلس الأعلى للبيئة | B20: 41 | C20: 1000000 | D20: 195681 | E20: =D20/C20*100 -> 19.5681 | F20: 211391
A21: وزارة الأشغال وشئون البلديات والتخطيط العمراني (الأشغال) | B21: 46 | C21: 108762065 | D21: 62029663 | E21: =D21/C21*100 -> 57.032443 | F21: 86617663
... A23: الحرس الوطني | B23: 50 | C23: 4080115 | D23: 4070533 | E23: =D23/C23*100 -> 99.765154 | F23: 5953424
A24: وزارة شئون الإعلام (إيضاح رقم 17) | B24: 55 | C24: 13154161 | D24: 6348337 | E24: =D24/C24*100 -> 48.261056 | F24: =1091600+7511345 -> 8602945
A25: مجلـس المناقصات والمزايدات | B25: 59 | C25: 200000 | D25: 137365 | E25: =D25/C25*100 -> 68.6825 | F25: 114432
A26: الميزانيات التحويلية | B26: 60 | C26: 141803770 | D26: 93671803 | E26: =D26/C26*100 -> 66.057343 | F26: 100302253
A27: هيئة البحرين للثقافة والآثار | B27: 66 | C27: 8416185 | D27: 6609206 | E27: =D27/C27*100 -> 78.529714 | F27: 4650195
A28: المجلس الأعلى للصحة | B28: 67 | C28: 1600000 | D28: 248534 | E28: =D28/C28*100 -> 15.533375 | F28: 237637
A29: مكتب صاحب السمو الملكي النائب الأول لرئيس مجلس الوزراء | B29: 70 | C29: 3000000 | D29: 3000000 | E29: =D29/C29*100 -> 100 | F29: 3000000
A30: ديوان الخدمة المدنية | B30: 72 | C30: 700000 | D30: 175796 | E30: =D30/C30*100 -> 25.113714 | F30: 134694
A31: هيئة الحكومة الإلكترونية (إيضاح رقم 17) | B31: 73 | C31: 2508644 | D31: 977881 | E31: =D31/C31*100 -> 38.980461 | F31: 4768215
A32: المجلس الأعلى للقضاء | B32: 76 | C32: 150000 | D32: 105607 | E32: =D32/C32*100 -> 70.404667 | F32: 123848
A33: وزارة العدل والشئون الإسلامية والأوقاف (الشئون الإسلامية) | B33: 77 | C33: 1100000 | D33: 1063630 | E33: =D33/C33*100 -> 96.693636 | F33: 1037004
A34: جهاز المساحة والتسجيل العقاري | B34: 78 | C34: 1000000 | D34: 434961 | E34: =D34/C34*100 -> 43.4961 | F34: 543113
A35: وزارة المالية | B35: 81 | C35: 2500000 | D35: 1728391 | E35: =D35/C35*100 -> 69.13564 | F35: 2483482
A36: شئون الجمارك | B36: 83 | C36: 1700000 | D36: 1138004 | E36: =D36/C36*100 -> 66.941412 | F36: 1648470
A37: مستشفى الملك حمد الجامعي (إيضاحي رقم 13 و14) | B37: 88 | C37: 15923320 | D37: 15923320 | E37: =D37/C37*100 -> 100 | F37: 10234270
A38: المجموع | C38: =SUM(C5:C37) -> 553000000 | D38: =SUM(D5:D37) -> 410882998 | E38: =D38/C38*100 -> 74.300723 | F38: =SUM(F5:F37) -> 443679113

Sheet الإعتمادات المدورة

Sheet المقبوضات والمدفوعات
A1: 1- كشف المقبوضات والمدفوعات
D2: (دينار بحرينى)
C3: دينار بحريني
A4: البيان | C4: 2016 | D4: 2015
A5: التدفقات النقدية من الأنشطة التشغيلية
A6: المقبوضات
A7: النفط والغاز الطبيعي | C7: 1371254693 | D7: 1594647700
A8: الضرائب والرسوم | C8: 237048710 | D8: 225242429
A9: المنتجات الخدمية والسلعية الحكومية | C9: 79893153 | D9: 72825570
A10: الإعانات | C10: 28356558 | D10: 28169590
A11: الغرامات والجزاءات والإيرادات المتنوعة | C11: 60531504 | D11: 32728661
A12: مبالغ مستلمة لصالح الغير | C12: 112641881 | D12: 127506183
A13: إجمالي المقبوضات التشغيلية | C13: =SUM(C7:C12) -> 1889726499 | D13: =SUM(D7:D12) -> 2081120133
A14: المدفوعات
A15: القوى العاملة | C15: -1396162455 | D15: -1405109874
A16: الخدمات | C16: -228630910 | D16: -207446158
A17: السلع الاستهلاكية | C17: -66187854 | D17: -61021900
A18: الصيانة | C18: -64471161 | D18: -58507370
A19: نفقات تحويلية | C19: -579617014 | D19: -597765145
A20: الإعانات وتسديد فوائد القروض | C20: -585120832 | D20: -549126532
A21: مدفوعات مقدمة وتسديد ذمم دائنة | C21: -249356725 | D21: -102001080
A22: مشتريات المخزون | C22: -72338376 | D22: -62091438
A23: مدفوعات اخرى | C23: 0 | D23: 0
A24: إجمالي المدفوعات التشغيلية | C24: =SUM(C15:C23) -> -3241885327 | D24: =SUM(D15:D23) -> -3043069497
A25: صافي التدفقات النقدية من الأنشطة التشغيلية | C25: =C13+C24 -> -1352158828 | D25: =D13+D24 -> -961949364
A26: التدفقات النقدية من الأنشطة الاستثمارية
A27: مدفوعات المشاريع | C27: -401228531 | D27: -364949179
A28: مدفوعات السلع الرأسمالية | C28: -28126348 | D28: -30220067
A29: عوائد الاستثمارات والأملاك الحكومية | C29: 50735222 | D29: 83417958
A30: إيرادات بيع الأصول الرأسمالية | C30: 601135 | D30: 564281
A31: صافي التدفقات النقدية من الأنشطة الاستثمارية | C31: =SUM(C27:C30) -> -378018522 | D31: =SUM(D27:D30) -> -311187007
A32: التدفقات النقدية من الأنشطة التمويلية
A33: القروض المستلمة | C33: 6860289631 | D33: 6138000000
A34: تسديد القروض | C34: -5224553860 | D34: -4472629354
A35: صافي التدفقات النقدية من الأنشطة التمويلية | C35: =SUM(C33:C34) -> 1635735771 | D35: =SUM(D33:D34) -> 1665370646
A36: صافي (النقص)/الزيادة في النقد | C36: =C25+C31+C35 -> -94441579 | D36: =D25+D31+D35 -> 392234275

Sheet المطلوبات المستحقة
A1: 2- المطلوبات المستحقة (الذمم الدائنة)
E2: (دينار بحريني)
A3: الباب | B3: البيــان | D3: فعلي 2016 | E3: فعلي 2015
A4: 1 | B4: القوى العاملة | D4: 6098248 | E4: 2422896
A5: 2 | B5: الخدمات | D5: 12311680 | E5: 14852823
A6: 3 | B6: السلع الاستهلاكية | D6: 679142 | E6: 508447
A7: 4 | B7: السلع الرأسمالية | D7: 585789 | E7: 534579
A8: 5 | B8: الصيانة | D8: 798538 | E8: 657903
A9: 6 | B9: نفقات تحويلية | D9: 6711377 | E9: 17127489
A10: 7 | B10: الإعانات وتسديد فوائد القروض | D10: 21051864 | E10: 745890
A11: 8 | B11: المشاريع | D11: 67759843 | E11: 71884962
A12: - | B12: أخرى | D12: 8795971 | E12: =92268137+1095+276-14123-25652 -> 92229733
B13: المجموع | D13: =SUM(D4:D12) -> 124792452 | E13: =SUM(E4:E12) -> 200964722
A15: المطلوبات المستحقة:
A16: هي المطلوبات المستحقة على الوزارات والجهات الحكومية، وذلك للمعاملات المالية التي تمت معالجتها كمصروفات ولم يتم سدادها حتى نهاية السنة المالية.

Sheet المصروفات المستحقة
A1: 3- المصروفات المستحقة
E2: (دينار بحريني)
A3: الباب | B3: البيــان | D3: فعلي 2016 | E3: فعلي 2015
A4: 1 | B4: القوى العاملة | D4: 9711835 | E4: 9455966
A5: 2 | B5: الخدمات | D5: 35507128 | E5: 48242282
A6: 3 | B6: السلع الاستهلاكية | D6: 3502621 | E6: 21912993
A7: 4 | B7: السلع الرأسمالية | D7: 1859805 | E7: 1864044
A8: 5 | B8: الصيانة | D8: 4006656 | E8: 3918842
A9: 6 | B9: نفقات تحويلية | D9: 32667566 | E9: 4139644
A10: 7 | B10: الإعانات وتسديد فوائد القروض | D10: 4941736 | E10: 10814276
A11: 8 | B11: المشاريع | D11: 100085365 | E11: 103015131
A12: - | B12: أخرى | D12: 3800480 | E12: 3695904
B13: المجموع | D13: =SUM(D4:D12) -> 196083192 | E13: =SUM(E4:E12) -> 207059082
A15: المصروفات المستحقة
A16: هي السلع والخدمات التي تم استلامها من قبل الوزارات والجهات الحكومية وتم تسجيلها كمصروفات على حسابات السنة المالية 2016، ولم يتم تسجيلها ضمن حسابات المطلوبات (الذمم الدائنة).

Sheet الارتباطات
A1: 4- الارتباطات حسب الأبواب
E2: (دينار بحريني)
A3: الباب | B3: البيــان | D3: فعلي 2016 | E3: فعلي 2015
A4: 1 | B4: القوى العاملة | D4: 3842232 | E4: 289430
A5: 2 | B5: الخدمات | D5: 1663897 | E5: 1646315
A6: 3 | B6: السلع الاستهلاكية | D6: 1039192 | E6: 553075
A7: 4 | B7: السلع الرأسمالية | D7: 465397 | E7: 362684
A8: 5 | B8: الصيانة | D8: 424353 | E8: 464065
A9: 6 | B9: نفقات تحويلية | D9: 9520 | E9: 72153
A10: 7 | B10: الإعانات و تسديد فوائد القروض | D10: 96613 | E10: 287956
A11: 8 | B11: المشاريع | D11: 67745290 | E11: 84459265
B12: المجموع | D12: =SUM(D4:D11) -> 75286494 | E12: =SUM(E4:E11) -> 88134943
A14: الارتباطات المالية:
A15: يقصد بها الارتباطات المالية الخاصة بمشتريات المصروفات المتكررة والمشاريع التي صدرت لها أوامر شراء أو أوامر تنفيذ عقود، ولكن لم يتم استلام أو تنفيذ المشتريات المطلوبة من قبل المجهز أو المتعاقد معه حتى نهاية السنة المالية.

Sheet التمويـل
A1: 5- القروض
E2: (آلاف الدنانير البحرينية)
A3: بيان القرض | B3: الرصيد في 2016/1/1 | C3: المبلغ المستلم | D3: المبلغ المدفوع | E3: الفرق بين المبلغ المستلم والمدفوع | F3: الرصيد في 2016/12/31
A4: أذونات الخزينة | B4: 1710000 | C4: 4095000 | D4: -4020000 | E4: =SUM(C4:D4) -> 75000 | F4: =SUM(E4+B4) -> 1785000
A5: صكوك السلم الإسلامية | B5: 129000 | C5: 516000 | D5: -516000 | E5: =SUM(C5:D5) -> 0 | F5: =SUM(E5+B5) -> 129000
A6: صكوك التأجير الإسلامية | B6: 1066000 | C6: 312000 | D6: -512000 | E6: =SUM(C6:D6) -> -200000 | F6: =SUM(E6+B6) -> 866000
A7: قروض داخلية أخرى | B7: 3128 | C7: 0 | D7: -3128 | E7: =SUM(C7:D7) -> -3128 | F7: =SUM(E7+B7) -> 0
A8: سندات التنمية الحكومية المحلية | B8: 1235000 | C8: 785000 | D8: -150000 | E8: =SUM(C8:D8) -> 635000 | F8: =SUM(E8+B8) -> 1870000
A9: مجموع القروض الداخلية | B9: =SUM(B4:B8) -> 4143128 | C9: =SUM(C4:C8) -> 5708000 | D9: =SUM(D4:D8) -> -5201128 | E9: =SUM(E4:E8) -> 506872 | F9: =SUM(F4:F8) -> 4650000
A11: صكوك التأجير الإسلامية الدولية | B11: 282000 | C11: 539560 | D11: 0 | E11: =SUM(C11:D11) -> 539560 | F11: =SUM(B11:D11) -> 821560
A12: سندات التنمية الحكومية الدولية | B12: 2632000 | C12: 601600 | D12: 0 | E12: =SUM(C12:D12) -> 601600 | F12: =SUM(B12:D12) -> 3233600
A13: قروض صناديق التنمية | B13: 172287 | C13: 14328 | D13: -25415 | E13: =SUM(C13:D13) -> -11087 | F13: =SUM(B13:D13) -> 161200
A14: مجموع القروض الخارجية | B14: =SUM(B11:B13) -> 3086287 | C14: =SUM(C11:C13) -> 1155488 | D14: =SUM(D11:D13) -> -25415 | E14: =SUM(E11:E13) -> 1130073 | F14: =SUM(F11:F13) -> 4216360
A15: المجموع/ الرصيد | B15: =B14+B9 -> 7229415 | C15: =C14+C9 -> 6863488 | D15: =D14+D9 -> -5226543 | E15: =E14+E9 -> 1636945 | F15: =F14+F9 -> 8866360

Sheet التسهيلات الإئتمانية 
A1: 6- التسهيلات الإئتمانية
A2: (آلاف الدنانير البحرينية)
A3: البيـــان | C3: 2016 | D3: 2015
A4: تسهيلات غير مستخدمة في بداية السنة | C4: 0 | D4: 0
A5: تسهيلات اضافية | C5: 0 | D5: 0
A6: التسهيلات المتوفرة | C6: 125000 | D6: 125000
A7: المبلغ المستخدم | C7: -107919 | D7: -52803
A8: التسهيلات الملغية
A9: التسهيلات غير المستخدمة في نهاية السنة | C9: =SUM(C4:C7) -> 17081 | D9: =SUM(D4:D7) -> 72197
A11: جميع التسهيلات الإئتمانية المذكورة أعلاه عبارة عن عملية تسوية توفيقية لضمان سرعة انسياب التحويلات النقدية بين الحسابات المصرفية الحكومية.
